Workbook

Sheet Calculator
A1: Liquidation Preference (Exit Waterfall) Calculator
A2: How to use: change the blue cells (light yellow). Every other number is a live formula.
A4: Exit and common
A5: Exit value (sale price to equity) | B5: 30000000
A6: Founder and other common shares | B6: 7000000
A7: Option pool shares (counted as common) | B7: 1000000
A8: Seniority between preferred series | B8: Standard: newest round paid first
A10: Preferred series, oldest first (up to 4; leave unused rows blank)
A11: Series | B11: Invested | C11: Shares | D11: Type | E11: Multiple (x) | F11: Cap (x total, capped only) | G11: Payout | H11: Share of exit | I11: Per share | J11: Treatment
A12: Seed | B12: 2000000 | C12: 2000000 | D12: Non-participating | E12: 1 | F12: 3 | G12: =IF(OR(N(B12)>0,N(C12)>0),INDEX(Engine!$EL$14:$EL$29,Engine!$B$52+1),"") | H12: =IF(OR(N(B12)>0,N(C12)>0),IF($B$5>0,G12/$B$5,0),"") | I12: =IF(OR(N(B12)>0,N(C12)>0),IF(N(C12)>0,G12/C12,0),"") | J12: =IF(NOT(OR(N(B12)>0,N(C12)>0)),"",IF(AND(Engine!$B$9=1,MOD(INT(Engine!$B$52/1),2)=1),"Converts to common",IF(OR(D12="Non-participating",INDEX(Engine!$EP$14:$EP$29,Engine!$B$52+1)<=0.5),IF(INDEX(Engine!$U$14:$U$29,Engine!$B$52+1)<N(E12)*N(B12)-1,"Part of its preference","Preference"),IF(AND(D12="Participating, capped",G12>=N(F12)*N(B12)-1,INDEX(Engine!$EP$14:$EP$29,Engine!$B$52+1)>0),"Preference + participation (capped at "&N(F12)&"x)","Preference + participation"))))
A13: Series A | B13: 9000000 | C13: 3000000 | D13: Non-participating | E13: 1 | F13: 3 | G13: =IF(OR(N(B13)>0,N(C13)>0),INDEX(Engine!$EM$14:$EM$29,Engine!$B$52+1),"") | H13: =IF(OR(N(B13)>0,N(C13)>0),IF($B$5>0,G13/$B$5,0),"") | I13: =IF(OR(N(B13)>0,N(C13)>0),IF(N(C13)>0,G13/C13,0),"") | J13: =IF(NOT(OR(N(B13)>0,N(C13)>0)),"",IF(AND(Engine!$C$9=1,MOD(INT(Engine!$B$52/2),2)=1),"Converts to common",IF(OR(D13="Non-participating",INDEX(Engine!$EQ$14:$EQ$29,Engine!$B$52+1)<=0.5),IF(INDEX(Engine!$V$14:$V$29,Engine!$B$52+1)<N(E13)*N(B13)-1,"Part of its preference","Preference"),IF(AND(D13="Participating, capped",G13>=N(F13)*N(B13)-1,INDEX(Engine!$EQ$14:$EQ$29,Engine!$B$52+1)>0),"Preference + participation (capped at "&N(F13)&"x)","Preference + participation"))))
D14: Non-participating | G14: =IF(OR(N(B14)>0,N(C14)>0),INDEX(Engine!$EN$14:$EN$29,Engine!$B$52+1),"") | H14: =IF(OR(N(B14)>0,N(C14)>0),IF($B$5>0,G14/$B$5,0),"") | I14: =IF(OR(N(B14)>0,N(C14)>0),IF(N(C14)>0,G14/C14,0),"") | J14: =IF(NOT(OR(N(B14)>0,N(C14)>0)),"",IF(AND(Engine!$D$9=1,MOD(INT(Engine!$B$52/4),2)=1),"Converts to common",IF(OR(D14="Non-participating",INDEX(Engine!$ER$14:$ER$29,Engine!$B$52+1)<=0.5),IF(INDEX(Engine!$W$14:$W$29,Engine!$B$52+1)<N(E14)*N(B14)-1,"Part of its preference","Preference"),IF(AND(D14="Participating, capped",G14>=N(F14)*N(B14)-1,INDEX(Engine!$ER$14:$ER$29,Engine!$B$52+1)>0),"Preference + participation (capped at "&N(F14)&"x)","Preference + participation"))))
D15: Non-participating | G15: =IF(OR(N(B15)>0,N(C15)>0),INDEX(Engine!$EO$14:$EO$29,Engine!$B$52+1),"") | H15: =IF(OR(N(B15)>0,N(C15)>0),IF($B$5>0,G15/$B$5,0),"") | I15: =IF(OR(N(B15)>0,N(C15)>0),IF(N(C15)>0,G15/C15,0),"") | J15: =IF(NOT(OR(N(B15)>0,N(C15)>0)),"",IF(AND(Engine!$E$9=1,MOD(INT(Engine!$B$52/8),2)=1),"Converts to common",IF(OR(D15="Non-participating",INDEX(Engine!$ES$14:$ES$29,Engine!$B$52+1)<=0.5),IF(INDEX(Engine!$X$14:$X$29,Engine!$B$52+1)<N(E15)*N(B15)-1,"Part of its preference","Preference"),IF(AND(D15="Participating, capped",G15>=N(F15)*N(B15)-1,INDEX(Engine!$ES$14:$ES$29,Engine!$B$52+1)>0),"Preference + participation (capped at "&N(F15)&"x)","Preference + participation"))))
A17: Results
A18: Common holders receive | B18: =INDEX(Engine!$EK$14:$EK$29,Engine!$B$52+1)
A19: Common shares (founders + pool) | B19: =MAX(0,$B$6)+MAX(0,$B$7)
A20: Per common share | B20: =IF($B$19>0,$B$18/$B$19,0)
A21: Founders' common | B21: =IF($B$19>0,$B$18*MAX(0,$B$6)/$B$19,0)
A22: Common share of the exit | B22: =IF($B$5>0,$B$18/$B$5,0)
A23: Preference stack (multiple x invested) | B23: =SUM(Engine!$B$6:$E$6)
A24: Solver status | B24: =IF(Engine!$B$50=1,"Stable conversion choices found","Used fallback")

Sheet Engine
A1: Exit waterfall engine: every conversion combination (rows), then the stable one is picked. No inputs here.
B2: Series 1 | C2: Series 2 | D2: Series 3 | E2: Series 4
A3: Invested | B3: =MAX(0,N(Calculator!$B$12)) | C3: =MAX(0,N(Calculator!$B$13)) | D3: =MAX(0,N(Calculator!$B$14)) | E3: =MAX(0,N(Calculator!$B$15)) | G3: Common shares | H3: =MAX(0,Calculator!$B$6)+MAX(0,Calculator!$B$7)
A4: Shares | B4: =MAX(0,N(Calculator!$C$12)) | C4: =MAX(0,N(Calculator!$C$13)) | D4: =MAX(0,N(Calculator!$C$14)) | E4: =MAX(0,N(Calculator!$C$15)) | G4: Exit | H4: =MAX(0,Calculator!$B$5)
A5: Multiple | B5: =MAX(0,N(Calculator!$E$12)) | C5: =MAX(0,N(Calculator!$E$13)) | D5: =MAX(0,N(Calculator!$E$14)) | E5: =MAX(0,N(Calculator!$E$15)) | G5: Pari passu? | H5: =IF(Calculator!$B$8="Pari passu: all series share equally",1,0)
A6: Preference | B6: =B5*B3 | C6: =C5*C3 | D6: =D5*D3 | E6: =E5*E3
A7: Cap total | B7: =MAX(0,N(Calculator!$F$12))*B3 | C7: =MAX(0,N(Calculator!$F$13))*C3 | D7: =MAX(0,N(Calculator!$F$14))*D3 | E7: =MAX(0,N(Calculator!$F$15))*E3
A8: Mode (1 non, 2 part, 3 cap) | B8: =IF(Calculator!$D$12="Participating, no cap",2,IF(Calculator!$D$12="Participating, capped",3,1)) | C8: =IF(Calculator!$D$13="Participating, no cap",2,IF(Calculator!$D$13="Participating, capped",3,1)) | D8: =IF(Calculator!$D$14="Participating, no cap",2,IF(Calculator!$D$14="Participating, capped",3,1)) | E8: =IF(Calculator!$D$15="Participating, no cap",2,IF(Calculator!$D$15="Participating, capped",3,1))
A9: Convertible | B9: =IF(AND(B8<>2,OR(B3>0,B4>0)),1,0) | C9: =IF(AND(C8<>2,OR(C3>0,C4>0)),1,0) | D9: =IF(AND(D8<>2,OR(D3>0,D4>0)),1,0) | E9: =IF(AND(E8<>2,OR(E3>0,E4>0)),1,0)
A10: Active | B10: =IF(OR(B3>0,B4>0),1,0) | C10: =IF(OR(C3>0,C4>0),1,0) | D10: =IF(OR(D3>0,D4>0),1,0) | E10: =IF(OR(E3>0,E4>0),1,0)
A12: Combination table (mask bit i = series i+1 converts)
A13: mask | B13: conv0 | C13: conv1 | D13: conv2 | E13: conv3 | F13: remS3 | G13: remS2 | H13: remS1 | I13: remS0 | J13: prefS0 | K13: prefS1 | L13: prefS2 | M13: prefS3 | N13: remS_end | O13: need | P13: prefP0 | Q13: prefP1 | R13: prefP2 | S13: prefP3 | T13: remP | U13: pref0 | V13: pref1 | W13: pref2 | X13: pref3 | Y13: R1 | Z13: sh0 | AA13: sh1 | AB13: sh2 | AC13: sh3 | AD13: sh4 | AE13: room0 | AF13: room1 | AG13: room2 | AH13: room3 | AI13: room4 | AJ13: act1_0 | AK13: act1_1 | AL13: act1_2 | AM13: act1_3 | AN13: act1_4 | AO13: done1 | AP13: S1 | AQ13: pps1 | AR13: cl1_0 | AS13: cl1_1 | AT13: cl1_2 | AU13: cl1_3 | AV13: cl1_4 | AW13: any1 | AX13: pay1_0 | AY13: pay1_1 | AZ13: pay1_2 | BA13: pay1_3 | BB13: pay1_4 | BC13: R2 | BD13: act2_0 | BE13: act2_1 | BF13: act2_2 | BG13: act2_3 | BH13: act2_4 | BI13: done2 | BJ13: S2 | BK13: pps2 | BL13: cl2_0 | BM13: cl2_1 | BN13: cl2_2 | BO13: cl2_3 | BP13: cl2_4 | BQ13: any2 | BR13: pay2_0 | BS13: pay2_1 | BT13: pay2_2 | BU13: pay2_3 | BV13: pay2_4 | BW13: R3 | BX13: act3_0 | BY13: act3_1 | BZ13: act3_2 | CA13: act3_3 | CB13: act3_4 | CC13: done3 | CD13: S3 | CE13: pps3 | CF13: cl3_0 | CG13: cl3_1 | CH13: cl3_2 | CI13: cl3_3 | CJ13: cl3_4 | CK13: any3 | CL13: pay3_0 | CM13: pay3_1 | CN13: pay3_2 | CO13: pay3_3 | CP13: pay3_4 | CQ13: R4 | CR13: act4_0 | CS13: act4_1 | CT13: act4_2 | CU13: act4_3 | CV13: act4_4 | CW13: done4 | CX13: S4 | CY13: pps4 | CZ13: cl4_0 | DA13: cl4_1 | DB13: cl4_2 | DC13: cl4_3 | DD13: cl4_4 | DE13: any4 | DF13: pay4_0 | DG13: pay4_1 | DH13: pay4_2 | DI13: pay4_3 | DJ13: pay4_4 | DK13: R5 | DL13: act5_0 | DM13: act5_1 | DN13: act5_2 | DO13: act5_3 | DP13: act5_4 | DQ13: done5 | DR13: S5 | DS13: pps5 | DT13: cl5_0 | DU13: cl5_1 | DV13: cl5_2 | DW13: cl5_3 | DX13: cl5_4 | DY13: any5 | DZ13: pay5_0 | EA13: pay5_1 | EB13: pay5_2 | EC13: pay5_3 | ED13: pay5_4 | EE13: R6 | EF13: act6_0 | EG13: act6_1 | EH13: act6_2 | EI13: act6_3 | EJ13: act6_4 | EK13: common | EL13: tot0 | EM13: tot1 | EN13: tot2 | EO13: tot3 | EP13: part0 | EQ13: part1 | ER13: part2 | ES13: part3 | ET13: stable | EU13: valid | EV13: key
A14: 0 | B14: =IF(AND($B$9=1,MOD(INT(A14/1),2)=1),1,0) | C14: =IF(AND($C$9=1,MOD(INT(A14/2),2)=1),1,0) | D14: =IF(AND($D$9=1,MOD(INT(A14/4),2)=1),1,0) | E14: =IF(AND($E$9=1,MOD(INT(A14/8),2)=1),1,0) | F14: =$H$4 | G14: =F14-M14 | H14: =G14-L14 | I14: =H14-K14 | J14: =IF(B14=1,0,MIN($B$6,I14)) | K14: =IF(C14=1,0,MIN($C$6,H14)) | L14: =IF(D14=1,0,MIN($D$6,G14)) | M14: =IF(E14=1,0,MIN($E$6,F14)) | N14: =I14-J14 | O14: =(1-B14)*$B$6+(1-C14)*$C$6+(1-D14)*$D$6+(1-E14)*$E$6 | P14: =IF(B14=1,0,IF(O14<=0,0,IF($H$4>=O14,$B$6,$H$4*$B$6/O14))) | Q14: =IF(C14=1,0,IF(O14<=0,0,IF($H$4>=O14,$C$6,$H$4*$C$6/O14))) | R14: =IF(D14=1,0,IF(O14<=0,0,IF($H$4>=O14,$D$6,$H$4*$D$6/O14))) | S14: =IF(E14=1,0,IF(O14<=0,0,IF($H$4>=O14,$E$6,$H$4*$E$6/O14))) | T14: =IF(O14<=0,$H$4,MAX(0,$H$4-O14)) | U14: =IF($H$5=1,P14,J14) | V14: =IF($H$5=1,Q14,K14) | W14: =IF($H$5=1,R14,L14) | X14: =IF($H$5=1,S14,M14) | Y14: =IF($H$5=1,T14,N14) | Z14: =$H$3 | AA14: =IF(OR(B14=1,$B$8=2,$B$8=3),$B$4,0) | AB14: =IF(OR(C14=1,$C$8=2,$C$8=3),$C$4,0) | AC14: =IF(OR(D14=1,$D$8=2,$D$8=3),$D$4,0) | AD14: =IF(OR(E14=1,$E$8=2,$E$8=3),$E$4,0) | AE14: =1E+300 | AF14: =IF(OR(B14=1,$B$8=2),1E+300,MAX(0,$B$7-U14)) | AG14: =IF(OR(C14=1,$C$8=2),1E+300,MAX(0,$C$7-V14)) | AH14: =IF(OR(D14=1,$D$8=2),1E+300,MAX(0,$D$7-W14)) | AI14: =IF(OR(E14=1,$E$8=2),1E+300,MAX(0,$E$7-X14)) | AJ14: =IF(Z14>0,1,0) | AK14: =IF(AA14>0,1,0) | AL14: =IF(AB14>0,1,0) | AM14: =IF(AC14>0,1,0) | AN14: =IF(AD14>0,1,0) | AO14: =IF(OR(FALSE,Y14<=0.000001,AP14<=0),1,0) | AP14: =Z14*AJ14+AA14*AK14+AB14*AL14+AC14*AM14+AD14*AN14 | AQ14: =IF(AO14=1,0,Y14/AP14) | AR14: =IF(AND(AO14=0,AJ14=1,Z14*AQ14>AE14+0.000001),1,0) | AS14: =IF(AND(AO14=0,AK14=1,AA14*AQ14>AF14+0.000001),1,0) | AT14: =IF(AND(AO14=0,AL14=1,AB14*AQ14>AG14+0.000001),1,0) | AU14: =IF(AND(AO14=0,AM14=1,AC14*AQ14>AH14+0.000001),1,0) | AV14: =IF(AND(AO14=0,AN14=1,AD14*AQ14>AI14+0.000001),1,0) | AW14: =IF(AR14+AS14+AT14+AU14+AV14>0,1,0) | AX14: =IF(AO14=1,0,IF(AW14=1,AR14*AE14,AJ14*Z14*AQ14)) | AY14: =IF(AO14=1,0,IF(AW14=1,AS14*AF14,AK14*AA14*AQ14)) | AZ14: =IF(AO14=1,0,IF(AW14=1,AT14*AG14,AL14*AB14*AQ14)) | BA14: =IF(AO14=1,0,IF(AW14=1,AU14*AH14,AM14*AC14*AQ14)) | BB14: =IF(AO14=1,0,IF(AW14=1,AV14*AI14,AN14*AD14*AQ14)) | BC14: =IF(AO14=1,Y14,IF(AW14=1,Y14-(AR14*AE14+AS14*AF14+AT14*AG14+AU14*AH14+AV14*AI14),0)) | BD14: =IF(AND(AJ14=1,AR14=0),1,0) | BE14: =IF(AND(AK14=1,AS14=0),1,0) | BF14: =IF(AND(AL14=1,AT14=0),1,0) | BG14: =IF(AND(AM14=1,AU14=0),1,0) | BH14: =IF(AND(AN14=1,AV14=0),1,0) | BI14: =IF(OR(OR(AO14=1,AW14=0),BC14<=0.000001,BJ14<=0),1,0) | BJ14: =Z14*BD14+AA14*BE14+AB14*BF14+AC14*BG14+AD14*BH14 | BK14: =IF(BI14=1,0,BC14/BJ14) | BL14: =IF(AND(BI14=0,BD14=1,Z14*BK14>AE14+0.000001),1,0) | BM14: =IF(AND(BI14=0,BE14=1,AA14*BK14>AF14+0.000001),1,0) | BN14: =IF(AND(BI14=0,BF14=1,AB14*BK14>AG14+0.000001),1,0) | BO14: =IF(AND(BI14=0,BG14=1,AC14*BK14>AH14+0.000001),1,0) | BP14: =IF(AND(BI14=0,BH14=1,AD14*BK14>AI14+0.000001),1,0) | BQ14: =IF(BL14+BM14+BN14+BO14+BP14>0,1,0) | BR14: =IF(BI14=1,0,IF(BQ14=1,BL14*AE14,BD14*Z14*BK14)) | BS14: =IF(BI14=1,0,IF(BQ14=1,BM14*AF14,BE14*AA14*BK14)) | BT14: =IF(BI14=1,0,IF(BQ14=1,BN14*AG14,BF14*AB14*BK14)) | BU14: =IF(BI14=1,0,IF(BQ14=1,BO14*AH14,BG14*AC14*BK14)) | BV14: =IF(BI14=1,0,IF(BQ14=1,BP14*AI14,BH14*AD14*BK14)) | BW14: =IF(BI14=1,BC14,IF(BQ14=1,BC14-(BL14*AE14+BM14*AF14+BN14*AG14+BO14*AH14+BP14*AI14),0)) | BX14: =IF(AND(BD14=1,BL14=0),1,0) | BY14: =IF(AND(BE14=1,BM14=0),1,0) | BZ14: =IF(AND(BF14=1,BN14=0),1,0) | CA14: =IF(AND(BG14=1,BO14=0),1,0) | CB14: =IF(AND(BH14=1,BP14=0),1,0) | CC14: =IF(OR(OR(BI14=1,BQ14=0),BW14<=0.000001,CD14<=0),1,0) | CD14: =Z14*BX14+AA14*BY14+AB14*BZ14+AC14*CA14+AD14*CB14 | CE14: =IF(CC14=1,0,BW14/CD14) | CF14: =IF(AND(CC14=0,BX14=1,Z14*CE14>AE14+0.000001),1,0) | CG14: =IF(AND(CC14=0,BY14=1,AA14*CE14>AF14+0.000001),1,0) | CH14: =IF(AND(CC14=0,BZ14=1,AB14*CE14>AG14+0.000001),1,0) | CI14: =IF(AND(CC14=0,CA14=1,AC14*CE14>AH14+0.000001),1,0) | CJ14: =IF(AND(CC14=0,CB14=1,AD14*CE14>AI14+0.000001),1,0) | CK14: =IF(CF14+CG14+CH14+CI14+CJ14>0,1,0) | CL14: =IF(CC14=1,0,IF(CK14=1,CF14*AE14,BX14*Z14*CE14)) | CM14: =IF(CC14=1,0,IF(CK14=1,CG14*AF14,BY14*AA14*CE14)) | CN14: =IF(CC14=1,0,IF(CK14=1,CH14*AG14,BZ14*AB14*CE14)) | CO14: =IF(CC14=1,0,IF(CK14=1,CI14*AH14,CA14*AC14*CE14)) | CP14: =IF(CC14=1,0,IF(CK14=1,CJ14*AI14,CB14*AD14*CE14)) | CQ14: =IF(CC14=1,BW14,IF(CK14=1,BW14-(CF14*AE14+CG14*AF14+CH14*AG14+CI14*AH14+CJ14*AI14),0)) | CR14: =IF(AND(BX14=1,CF14=0),1,0) | CS14: =IF(AND(BY14=1,CG14=0),1,0) | CT14: =IF(AND(BZ14=1,CH14=0),1,0) | CU14: =IF(AND(CA14=1,CI14=0),1,0) | CV14: =IF(AND(CB14=1,CJ14=0),1,0) | CW14: =IF(OR(OR(CC14=1,CK14=0),CQ14<=0.000001,CX14<=0),1,0) | CX14: =Z14*CR14+AA14*CS14+AB14*CT14+AC14*CU14+AD14*CV14 | CY14: =IF(CW14=1,0,CQ14/CX14) | CZ14: =IF(AND(CW14=0,CR14=1,Z14*CY14>AE14+0.000001),1,0) | DA14: =IF(AND(CW14=0,CS14=1,AA14*CY14>AF14+0.000001),1,0) | DB14: =IF(AND(CW14=0,CT14=1,AB14*CY14>AG14+0.000001),1,0) | DC14: =IF(AND(CW14=0,CU14=1,AC14*CY14>AH14+0.000001),1,0) | DD14: =IF(AND(CW14=0,CV14=1,AD14*CY14>AI14+0.000001),1,0) | DE14: =IF(CZ14+DA14+DB14+DC14+DD14>0,1,0) | DF14: =IF(CW14=1,0,IF(DE14=1,CZ14*AE14,CR14*Z14*CY14)) | DG14: =IF(CW14=1,0,IF(DE14=1,DA14*AF14,CS14*AA14*CY14)) | DH14: =IF(CW14=1,0,IF(DE14=1,DB14*AG14,CT14*AB14*CY14)) | DI14: =IF(CW14=1,0,IF(DE14=1,DC14*AH14,CU14*AC14*CY14)) | DJ14: =IF(CW14=1,0,IF(DE14=1,DD14*AI14,CV14*AD14*CY14)) | DK14: =IF(CW14=1,CQ14,IF(DE14=1,CQ14-(CZ14*AE14+DA14*AF14+DB14*AG14+DC14*AH14+DD14*AI14),0)) | DL14: =IF(AND(CR14=1,CZ14=0),1,0) | DM14: =IF(AND(CS14=1,DA14=0),1,0) | DN14: =IF(AND(CT14=1,DB14=0),1,0) | DO14: =IF(AND(CU14=1,DC14=0),1,0) | DP14: =IF(AND(CV14=1,DD14=0),1,0) | DQ14: =IF(OR(OR(CW14=1,DE14=0),DK14<=0.000001,DR14<=0),1,0) | DR14: =Z14*DL14+AA14*DM14+AB14*DN14+AC14*DO14+AD14*DP14 | DS14: =IF(DQ14=1,0,DK14/DR14) | DT14: =IF(AND(DQ14=0,DL14=1,Z14*DS14>AE14+0.000001),1,0) | DU14: =IF(AND(DQ14=0,DM14=1,AA14*DS14>AF14+0.000001),1,0) | DV14: =IF(AND(DQ14=0,DN14=1,AB14*DS14>AG14+0.000001),1,0) | DW14: =IF(AND(DQ14=0,DO14=1,AC14*DS14>AH14+0.000001),1,0) | DX14: =IF(AND(DQ14=0,DP14=1,AD14*DS14>AI14+0.000001),1,0) | DY14: =IF(DT14+DU14+DV14+DW14+DX14>0,1,0) | DZ14: =IF(DQ14=1,0,IF(DY14=1,DT14*AE14,DL14*Z14*DS14)) | EA14: =IF(DQ14=1,0,IF(DY14=1,DU14*AF14,DM14*AA14*DS14)) | EB14: =IF(DQ14=1,0,IF(DY14=1,DV14*AG14,DN14*AB14*DS14)) | EC14: =IF(DQ14=1,0,IF(DY14=1,DW14*AH14,DO14*AC14*DS14)) | ED14: =IF(DQ14=1,0,IF(DY14=1,DX14*AI14,DP14*AD14*DS14)) | EE14: =IF(DQ14=1,DK14,IF(DY14=1,DK14-(DT14*AE14+DU14*AF14+DV14*AG14+DW14*AH14+DX14*AI14),0)) | EF14: =IF(AND(DL14=1,DT14=0),1,0) | EG14: =IF(AND(DM14=1,DU14=0),1,0) | EH14: =IF(AND(DN14=1,DV14=0),1,0) | EI14: =IF(AND(DO14=1,DW14=0),1,0) | EJ14: =IF(AND(DP14=1,DX14=0),1,0) | EK14: =AX14+BR14+CL14+DF14+DZ14 | EL14: =U14+EP14 | EM14: =V14+EQ14 | EN14: =W14+ER14 | EO14: =X14+ES14 | EP14: =AY14+BS14+CM14+DG14+EA14 | EQ14: =AZ14+BT14+CN14+DH14+EB14 | ER14: =BA14+BU14+CO14+DI14+EC14 | ES14: =BB14+BV14+CP14+DJ14+ED14 | ET14: =IF(AND(OR($B$9=0,INDEX($EL$14:$EL$29,2)<=EL14+0.000001),OR($C$9=0,INDEX($EM$14:$EM$29,3)<=EM14+0.000001),OR($D$9=0,INDEX($EN$14:$EN$29,5)<=EN14+0.000001),OR($E$9=0,INDEX($EO$14:$EO$29,9)<=EO14+0.000001)),1,0) | EU14: =IF(AND(OR($B$9=1,MOD(INT(A14/1),2)=0),OR($C$9=1,MOD(INT(A14/2),2)=0),OR($D$9=1,MOD(INT(A14/4),2)=0),OR($E$9=1,MOD(INT(A14/8),2)=0)),1,0) | EV14: =IF(AND(ET14=1,EU14=1),(MOD(INT(A14/1),2)+MOD(INT(A14/2),2)+MOD(INT(A14/4),2)+MOD(INT(A14/8),2))*100+A14,"")
A15: 1 | B15: =IF(AND($B$9=1,MOD(INT(A15/1),2)=1),1,0) | C15: =IF(AND($C$9=1,MOD(INT(A15/2),2)=1),1,0) | D15: =IF(AND($D$9=1,MOD(INT(A15/4),2)=1),1,0) | E15: =IF(AND($E$9=1,MOD(INT(A15/8),2)=1),1,0) | F15: =$H$4 | G15: =F15-M15 | H15: =G15-L15 | I15: =H15-K15 | J15: =IF(B15=1,0,MIN($B$6,I15)) | K15: =IF(C15=1,0,MIN($C$6,H15)) | L15: =IF(D15=1,0,MIN($D$6,G15)) | M15: =IF(E15=1,0,MIN($E$6,F15)) | N15: =I15-J15 | O15: =(1-B15)*$B$6+(1-C15)*$C$6+(1-D15)*$D$6+(1-E15)*$E$6 | P15: =IF(B15=1,0,IF(O15<=0,0,IF($H$4>=O15,$B$6,$H$4*$B$6/O15))) | Q15: =IF(C15=1,0,IF(O15<=0,0,IF($H$4>=O15,$C$6,$H$4*$C$6/O15))) | R15: =IF(D15=1,0,IF(O15<=0,0,IF($H$4>=O15,$D$6,$H$4*$D$6/O15))) | S15: =IF(E15=1,0,IF(O15<=0,0,IF($H$4>=O15,$E$6,$H$4*$E$6/O15))) | T15: =IF(O15<=0,$H$4,MAX(0,$H$4-O15)) | U15: =IF($H$5=1,P15,J15) | V15: =IF($H$5=1,Q15,K15) | W15: =IF($H$5=1,R15,L15) | X15: =IF($H$5=1,S15,M15) | Y15: =IF($H$5=1,T15,N15) | Z15: =$H$3 | AA15: =IF(OR(B15=1,$B$8=2,$B$8=3),$B$4,0) | AB15: =IF(OR(C15=1,$C$8=2,$C$8=3),$C$4,0) | AC15: =IF(OR(D15=1,$D$8=2,$D$8=3),$D$4,0) | AD15: =IF(OR(E15=1,$E$8=2,$E$8=3),$E$4,0) | AE15: =1E+300 | AF15: =IF(OR(B15=1,$B$8=2),1E+300,MAX(0,$B$7-U15)) | AG15: =IF(OR(C15=1,$C$8=2),1E+300,MAX(0,$C$7-V15)) | AH15: =IF(OR(D15=1,$D$8=2),1E+300,MAX(0,$D$7-W15)) | AI15: =IF(OR(E15=1,$E$8=2),1E+300,MAX(0,$E$7-X15)) | AJ15: =IF(Z15>0,1,0) | AK15: =IF(AA15>0,1,0) | AL15: =IF(AB15>0,1,0) | AM15: =IF(AC15>0,1,0) | AN15: =IF(AD15>0,1,0) | AO15: =IF(OR(FALSE,Y15<=0.000001,AP15<=0),1,0) | AP15: =Z15*AJ15+AA15*AK15+AB15*AL15+AC15*AM15+AD15*AN15 | AQ15: =IF(AO15=1,0,Y15/AP15) | AR15: =IF(AND(AO15=0,AJ15=1,Z15*AQ15>AE15+0.000001),1,0) | AS15: =IF(AND(AO15=0,AK15=1,AA15*AQ15>AF15+0.000001),1,0) | AT15: =IF(AND(AO15=0,AL15=1,AB15*AQ15>AG15+0.000001),1,0) | AU15: =IF(AND(AO15=0,AM15=1,AC15*AQ15>AH15+0.000001),1,0) | AV15: =IF(AND(AO15=0,AN15=1,AD15*AQ15>AI15+0.000001),1,0) | AW15: =IF(AR15+AS15+AT15+AU15+AV15>0,1,0) | AX15: =IF(AO15=1,0,IF(AW15=1,AR15*AE15,AJ15*Z15*AQ15)) | AY15: =IF(AO15=1,0,IF(AW15=1,AS15*AF15,AK15*AA15*AQ15)) | AZ15: =IF(AO15=1,0,IF(AW15=1,AT15*AG15,AL15*AB15*AQ15)) | BA15: =IF(AO15=1,0,IF(AW15=1,AU15*AH15,AM15*AC15*AQ15)) | BB15: =IF(AO15=1,0,IF(AW15=1,AV15*AI15,AN15*AD15*AQ15)) | BC15: =IF(AO15=1,Y15,IF(AW15=1,Y15-(AR15*AE15+AS15*AF15+AT15*AG15+AU15*AH15+AV15*AI15),0)) | BD15: =IF(AND(AJ15=1,AR15=0),1,0) | BE15: =IF(AND(AK15=1,AS15=0),1,0) | BF15: =IF(AND(AL15=1,AT15=0),1,0) | BG15: =IF(AND(AM15=1,AU15=0),1,0) | BH15: =IF(AND(AN15=1,AV15=0),1,0) | BI15: =IF(OR(OR(AO15=1,AW15=0),BC15<=0.000001,BJ15<=0),1,0) | BJ15: =Z15*BD15+AA15*BE15+AB15*BF15+AC15*BG15+AD15*BH15 | BK15: =IF(BI15=1,0,BC15/BJ15) | BL15: =IF(AND(BI15=0,BD15=1,Z15*BK15>AE15+0.000001),1,0) | BM15: =IF(AND(BI15=0,BE15=1,AA15*BK15>AF15+0.000001),1,0) | BN15: =IF(AND(BI15=0,BF15=1,AB15*BK15>AG15+0.000001),1,0) | BO15: =IF(AND(BI15=0,BG15=1,AC15*BK15>AH15+0.000001),1,0) | BP15: =IF(AND(BI15=0,BH15=1,AD15*BK15>AI15+0.000001),1,0) | BQ15: =IF(BL15+BM15+BN15+BO15+BP15>0,1,0) | BR15: =IF(BI15=1,0,IF(BQ15=1,BL15*AE15,BD15*Z15*BK15)) | BS15: =IF(BI15=1,0,IF(BQ15=1,BM15*AF15,BE15*AA15*BK15)) | BT15: =IF(BI15=1,0,IF(BQ15=1,BN15*AG15,BF15*AB15*BK15)) | BU15: =IF(BI15=1,0,IF(BQ15=1,BO15*AH15,BG15*AC15*BK15)) | BV15: =IF(BI15=1,0,IF(BQ15=1,BP15*AI15,BH15*AD15*BK15)) | BW15: =IF(BI15=1,BC15,IF(BQ15=1,BC15-(BL15*AE15+BM15*AF15+BN15*AG15+BO15*AH15+BP15*AI15),0)) | BX15: =IF(AND(BD15=1,BL15=0),1,0) | BY15: =IF(AND(BE15=1,BM15=0),1,0) | BZ15: =IF(AND(BF15=1,BN15=0),1,0) | CA15: =IF(AND(BG15=1,BO15=0),1,0) | CB15: =IF(AND(BH15=1,BP15=0),1,0) | CC15: =IF(OR(OR(BI15=1,BQ15=0),BW15<=0.000001,CD15<=0),1,0) | CD15: =Z15*BX15+AA15*BY15+AB15*BZ15+AC15*CA15+AD15*CB15 | CE15: =IF(CC15=1,0,BW15/CD15) | CF15: =IF(AND(CC15=0,BX15=1,Z15*CE15>AE15+0.000001),1,0) | CG15: =IF(AND(CC15=0,BY15=1,AA15*CE15>AF15+0.000001),1,0) | CH15: =IF(AND(CC15=0,BZ15=1,AB15*CE15>AG15+0.000001),1,0) | CI15: =IF(AND(CC15=0,CA15=1,AC15*CE15>AH15+0.000001),1,0) | CJ15: =IF(AND(CC15=0,CB15=1,AD15*CE15>AI15+0.000001),1,0) | CK15: =IF(CF15+CG15+CH15+CI15+CJ15>0,1,0) | CL15: =IF(CC15=1,0,IF(CK15=1,CF15*AE15,BX15*Z15*CE15)) | CM15: =IF(CC15=1,0,IF(CK15=1,CG15*AF15,BY15*AA15*CE15)) | CN15: =IF(CC15=1,0,IF(CK15=1,CH15*AG15,BZ15*AB15*CE15)) | CO15: =IF(CC15=1,0,IF(CK15=1,CI15*AH15,CA15*AC15*CE15)) | CP15: =IF(CC15=1,0,IF(CK15=1,CJ15*AI15,CB15*AD15*CE15)) | CQ15: =IF(CC15=1,BW15,IF(CK15=1,BW15-(CF15*AE15+CG15*AF15+CH15*AG15+CI15*AH15+CJ15*AI15),0)) | CR15: =IF(AND(BX15=1,CF15=0),1,0) | CS15: =IF(AND(BY15=1,CG15=0),1,0) | CT15: =IF(AND(BZ15=1,CH15=0),1,0) | CU15: =IF(AND(CA15=1,CI15=0),1,0) | CV15: =IF(AND(CB15=1,CJ15=0),1,0) | CW15: =IF(OR(OR(CC15=1,CK15=0),CQ15<=0.000001,CX15<=0),1,0) | CX15: =Z15*CR15+AA15*CS15+AB15*CT15+AC15*CU15+AD15*CV15 | CY15: =IF(CW15=1,0,CQ15/CX15) | CZ15: =IF(AND(CW15=0,CR15=1,Z15*CY15>AE15+0.000001),1,0) | DA15: =IF(AND(CW15=0,CS15=1,AA15*CY15>AF15+0.000001),1,0) | DB15: =IF(AND(CW15=0,CT15=1,AB15*CY15>AG15+0.000001),1,0) | DC15: =IF(AND(CW15=0,CU15=1,AC15*CY15>AH15+0.000001),1,0) | DD15: =IF(AND(CW15=0,CV15=1,AD15*CY15>AI15+0.000001),1,0) | DE15: =IF(CZ15+DA15+DB15+DC15+DD15>0,1,0) | DF15: =IF(CW15=1,0,IF(DE15=1,CZ15*AE15,CR15*Z15*CY15)) | DG15: =IF(CW15=1,0,IF(DE15=1,DA15*AF15,CS15*AA15*CY15)) | DH15: =IF(CW15=1,0,IF(DE15=1,DB15*AG15,CT15*AB15*CY15)) | DI15: =IF(CW15=1,0,IF(DE15=1,DC15*AH15,CU15*AC15*CY15)) | DJ15: =IF(CW15=1,0,IF(DE15=1,DD15*AI15,CV15*AD15*CY15)) | DK15: =IF(CW15=1,CQ15,IF(DE15=1,CQ15-(CZ15*AE15+DA15*AF15+DB15*AG15+DC15*AH15+DD15*AI15),0)) | DL15: =IF(AND(CR15=1,CZ15=0),1,0) | DM15: =IF(AND(CS15=1,DA15=0),1,0) | DN15: =IF(AND(CT15=1,DB15=0),1,0) | DO15: =IF(AND(CU15=1,DC15=0),1,0) | DP15: =IF(AND(CV15=1,DD15=0),1,0) | DQ15: =IF(OR(OR(CW15=1,DE15=0),DK15<=0.000001,DR15<=0),1,0) | DR15: =Z15*DL15+AA15*DM15+AB15*DN15+AC15*DO15+AD15*DP15 | DS15: =IF(DQ15=1,0,DK15/DR15) | DT15: =IF(AND(DQ15=0,DL15=1,Z15*DS15>AE15+0.000001),1,0) | DU15: =IF(AND(DQ15=0,DM15=1,AA15*DS15>AF15+0.000001),1,0) | DV15: =IF(AND(DQ15=0,DN15=1,AB15*DS15>AG15+0.000001),1,0) | DW15: =IF(AND(DQ15=0,DO15=1,AC15*DS15>AH15+0.000001),1,0) | DX15: =IF(AND(DQ15=0,DP15=1,AD15*DS15>AI15+0.000001),1,0) | DY15: =IF(DT15+DU15+DV15+DW15+DX15>0,1,0) | DZ15: =IF(DQ15=1,0,IF(DY15=1,DT15*AE15,DL15*Z15*DS15)) | EA15: =IF(DQ15=1,0,IF(DY15=1,DU15*AF15,DM15*AA15*DS15)) | EB15: =IF(DQ15=1,0,IF(DY15=1,DV15*AG15,DN15*AB15*DS15)) | EC15: =IF(DQ15=1,0,IF(DY15=1,DW15*AH15,DO15*AC15*DS15)) | ED15: =IF(DQ15=1,0,IF(DY15=1,DX15*AI15,DP15*AD15*DS15)) | EE15: =IF(DQ15=1,DK15,IF(DY15=1,DK15-(DT15*AE15+DU15*AF15+DV15*AG15+DW15*AH15+DX15*AI15),0)) | EF15: =IF(AND(DL15=1,DT15=0),1,0) | EG15: =IF(AND(DM15=1,DU15=0),1,0) | EH15: =IF(AND(DN15=1,DV15=0),1,0) | EI15: =IF(AND(DO15=1,DW15=0),1,0) | EJ15: =IF(AND(DP15=1,DX15=0),1,0) | EK15: =AX15+BR15+CL15+DF15+DZ15 | EL15: =U15+EP15 | EM15: =V15+EQ15 | EN15: =W15+ER15 | EO15: =X15+ES15 | EP15: =AY15+BS15+CM15+DG15+EA15 | EQ15: =AZ15+BT15+CN15+DH15+EB15 | ER15: =BA15+BU15+CO15+DI15+EC15 | ES15: =BB15+BV15+CP15+DJ15+ED15 | ET15: =IF(AND(OR($B$9=0,INDEX($EL$14:$EL$29,1)<=EL15+0.000001),OR($C$9=0,INDEX($EM$14:$EM$29,4)<=EM15+0.000001),OR($D$9=0,INDEX($EN$14:$EN$29,6)<=EN15+0.000001),OR($E$9=0,INDEX($EO$14:$EO$29,10)<=EO15+0.000001)),1,0) | EU15: =IF(AND(OR($B$9=1,MOD(INT(A15/1),2)=0),OR($C$9=1,MOD(INT(A15/2),2)=0),OR($D$9=1,MOD(INT(A15/4),2)=0),OR($E$9=1,MOD(INT(A15/8),2)=0)),1,0) | EV15: =IF(AND(ET15=1,EU15=1),(MOD(INT(A15/1),2)+MOD(INT(A15/2),2)+MOD(INT(A15/4),2)+MOD(INT(A15/8),2))*100+A15,"")
A16: 2 | B16: =IF(AND($B$9=1,MOD(INT(A16/1),2)=1),1,0) | C16: =IF(AND($C$9=1,MOD(INT(A16/2),2)=1),1,0) | D16: =IF(AND($D$9=1,MOD(INT(A16/4),2)=1),1,0) | E16: =IF(AND($E$9=1,MOD(INT(A16/8),2)=1),1,0) | F16: =$H$4 | G16: =F16-M16 | H16: =G16-L16 | I16: =H16-K16 | J16: =IF(B16=1,0,MIN($B$6,I16)) | K16: =IF(C16=1,0,MIN($C$6,H16)) | L16: =IF(D16=1,0,MIN($D$6,G16)) | M16: =IF(E16=1,0,MIN($E$6,F16)) | N16: =I16-J16 | O16: =(1-B16)*$B$6+(1-C16)*$C$6+(1-D16)*$D$6+(1-E16)*$E$6 | P16: =IF(B16=1,0,IF(O16<=0,0,IF($H$4>=O16,$B$6,$H$4*$B$6/O16))) | Q16: =IF(C16=1,0,IF(O16<=0,0,IF($H$4>=O16,$C$6,$H$4*$C$6/O16))) | R16: =IF(D16=1,0,IF(O16<=0,0,IF($H$4>=O16,$D$6,$H$4*$D$6/O16))) | S16: =IF(E16=1,0,IF(O16<=0,0,IF($H$4>=O16,$E$6,$H$4*$E$6/O16))) | T16: =IF(O16<=0,$H$4,MAX(0,$H$4-O16)) | U16: =IF($H$5=1,P16,J16) | V16: =IF($H$5=1,Q16,K16) | W16: =IF($H$5=1,R16,L16) | X16: =IF($H$5=1,S16,M16) | Y16: =IF($H$5=1,T16,N16) | Z16: =$H$3 | AA16: =IF(OR(B16=1,$B$8=2,$B$8=3),$B$4,0) | AB16: =IF(OR(C16=1,$C$8=2,$C$8=3),$C$4,0) | AC16: =IF(OR(D16=1,$D$8=2,$D$8=3),$D$4,0) | AD16: =IF(OR(E16=1,$E$8=2,$E$8=3),$E$4,0) | AE16: =1E+300 | AF16: =IF(OR(B16=1,$B$8=2),1E+300,MAX(0,$B$7-U16)) | AG16: =IF(OR(C16=1,$C$8=2),1E+300,MAX(0,$C$7-V16)) | AH16: =IF(OR(D16=1,$D$8=2),1E+300,MAX(0,$D$7-W16)) | AI16: =IF(OR(E16=1,$E$8=2),1E+300,MAX(0,$E$7-X16)) | AJ16: =IF(Z16>0,1,0) | AK16: =IF(AA16>0,1,0) | AL16: =IF(AB16>0,1,0) | AM16: =IF(AC16>0,1,0) | AN16: =IF(AD16>0,1,0) | AO16: =IF(OR(FALSE,Y16<=0.000001,AP16<=0),1,0) | AP16: =Z16*AJ16+AA16*AK16+AB16*AL16+AC16*AM16+AD16*AN16 | AQ16: =IF(AO16=1,0,Y16/AP16) | AR16: =IF(AND(AO16=0,AJ16=1,Z16*AQ16>AE16+0.000001),1,0) | AS16: =IF(AND(AO16=0,AK16=1,AA16*AQ16>AF16+0.000001),1,0) | AT16: =IF(AND(AO16=0,AL16=1,AB16*AQ16>AG16+0.000001),1,0) | AU16: =IF(AND(AO16=0,AM16=1,AC16*AQ16>AH16+0.000001),1,0) | AV16: =IF(AND(AO16=0,AN16=1,AD16*AQ16>AI16+0.000001),1,0) | AW16: =IF(AR16+AS16+AT16+AU16+AV16>0,1,0) | AX16: =IF(AO16=1,0,IF(AW16=1,AR16*AE16,AJ16*Z16*AQ16)) | AY16: =IF(AO16=1,0,IF(AW16=1,AS16*AF16,AK16*AA16*AQ16)) | AZ16: =IF(AO16=1,0,IF(AW16=1,AT16*AG16,AL16*AB16*AQ16)) | BA16: =IF(AO16=1,0,IF(AW16=1,AU16*AH16,AM16*AC16*AQ16)) | BB16: =IF(AO16=1,0,IF(AW16=1,AV16*AI16,AN16*AD16*AQ16)) | BC16: =IF(AO16=1,Y16,IF(AW16=1,Y16-(AR16*AE16+AS16*AF16+AT16*AG16+AU16*AH16+AV16*AI16),0)) | BD16: =IF(AND(AJ16=1,AR16=0),1,0) | BE16: =IF(AND(AK16=1,AS16=0),1,0) | BF16: =IF(AND(AL16=1,AT16=0),1,0) | BG16: =IF(AND(AM16=1,AU16=0),1,0) | BH16: =IF(AND(AN16=1,AV16=0),1,0) | BI16: =IF(OR(OR(AO16=1,AW16=0),BC16<=0.000001,BJ16<=0),1,0) | BJ16: =Z16*BD16+AA16*BE16+AB16*BF16+AC16*BG16+AD16*BH16 | BK16: =IF(BI16=1,0,BC16/BJ16) | BL16: =IF(AND(BI16=0,BD16=1,Z16*BK16>AE16+0.000001),1,0) | BM16: =IF(AND(BI16=0,BE16=1,AA16*BK16>AF16+0.000001),1,0) | BN16: =IF(AND(BI16=0,BF16=1,AB16*BK16>AG16+0.000001),1,0) | BO16: =IF(AND(BI16=0,BG16=1,AC16*BK16>AH16+0.000001),1,0) | BP16: =IF(AND(BI16=0,BH16=1,AD16*BK16>AI16+0.000001),1,0) | BQ16: =IF(BL16+BM16+BN16+BO16+BP16>0,1,0) | BR16: =IF(BI16=1,0,IF(BQ16=1,BL16*AE16,BD16*Z16*BK16)) | BS16: =IF(BI16=1,0,IF(BQ16=1,BM16*AF16,BE16*AA16*BK16)) | BT16: =IF(BI16=1,0,IF(BQ16=1,BN16*AG16,BF16*AB16*BK16)) | BU16: =IF(BI16=1,0,IF(BQ16=1,BO16*AH16,BG16*AC16*BK16)) | BV16: =IF(BI16=1,0,IF(BQ16=1,BP16*AI16,BH16*AD16*BK16)) | BW16: =IF(BI16=1,BC16,IF(BQ16=1,BC16-(BL16*AE16+BM16*AF16+BN16*AG16+BO16*AH16+BP16*AI16),0)) | BX16: =IF(AND(BD16=1,BL16=0),1,0) | BY16: =IF(AND(BE16=1,BM16=0),1,0) | BZ16: =IF(AND(BF16=1,BN16=0),1,0) | CA16: =IF(AND(BG16=1,BO16=0),1,0) | CB16: =IF(AND(BH16=1,BP16=0),1,0) | CC16: =IF(OR(OR(BI16=1,BQ16=0),BW16<=0.000001,CD16<=0),1,0) | CD16: =Z16*BX16+AA16*BY16+AB16*BZ16+AC16*CA16+AD16*CB16 | CE16: =IF(CC16=1,0,BW16/CD16) | CF16: =IF(AND(CC16=0,BX16=1,Z16*CE16>AE16+0.000001),1,0) | CG16: =IF(AND(CC16=0,BY16=1,AA16*CE16>AF16+0.000001),1,0) | CH16: =IF(AND(CC16=0,BZ16=1,AB16*CE16>AG16+0.000001),1,0) | CI16: =IF(AND(CC16=0,CA16=1,AC16*CE16>AH16+0.000001),1,0) | CJ16: =IF(AND(CC16=0,CB16=1,AD16*CE16>AI16+0.000001),1,0) | CK16: =IF(CF16+CG16+CH16+CI16+CJ16>0,1,0) | CL16: =IF(CC16=1,0,IF(CK16=1,CF16*AE16,BX16*Z16*CE16)) | CM16: =IF(CC16=1,0,IF(CK16=1,CG16*AF16,BY16*AA16*CE16)) | CN16: =IF(CC16=1,0,IF(CK16=1,CH16*AG16,BZ16*AB16*CE16)) | CO16: =IF(CC16=1,0,IF(CK16=1,CI16*AH16,CA16*AC16*CE16)) | CP16: =IF(CC16=1,0,IF(CK16=1,CJ16*AI16,CB16*AD16*CE16)) | CQ16: =IF(CC16=1,BW16,IF(CK16=1,BW16-(CF16*AE16+CG16*AF16+CH16*AG16+CI16*AH16+CJ16*AI16),0)) | CR16: =IF(AND(BX16=1,CF16=0),1,0) | CS16: =IF(AND(BY16=1,CG16=0),1,0) | CT16: =IF(AND(BZ16=1,CH16=0),1,0) | CU16: =IF(AND(CA16=1,CI16=0),1,0) | CV16: =IF(AND(CB16=1,CJ16=0),1,0) | CW16: =IF(OR(OR(CC16=1,CK16=0),CQ16<=0.000001,CX16<=0),1,0) | CX16: =Z16*CR16+AA16*CS16+AB16*CT16+AC16*CU16+AD16*CV16 | CY16: =IF(CW16=1,0,CQ16/CX16) | CZ16: =IF(AND(CW16=0,CR16=1,Z16*CY16>AE16+0.000001),1,0) | DA16: =IF(AND(CW16=0,CS16=1,AA16*CY16>AF16+0.000001),1,0) | DB16: =IF(AND(CW16=0,CT16=1,AB16*CY16>AG16+0.000001),1,0) | DC16: =IF(AND(CW16=0,CU16=1,AC16*CY16>AH16+0.000001),1,0) | DD16: =IF(AND(CW16=0,CV16=1,AD16*CY16>AI16+0.000001),1,0) | DE16: =IF(CZ16+DA16+DB16+DC16+DD16>0,1,0) | DF16: =IF(CW16=1,0,IF(DE16=1,CZ16*AE16,CR16*Z16*CY16)) | DG16: =IF(CW16=1,0,IF(DE16=1,DA16*AF16,CS16*AA16*CY16)) | DH16: =IF(CW16=1,0,IF(DE16=1,DB16*AG16,CT16*AB16*CY16)) | DI16: =IF(CW16=1,0,IF(DE16=1,DC16*AH16,CU16*AC16*CY16)) | DJ16: =IF(CW16=1,0,IF(DE16=1,DD16*AI16,CV16*AD16*CY16)) | DK16: =IF(CW16=1,CQ16,IF(DE16=1,CQ16-(CZ16*AE16+DA16*AF16+DB16*AG16+DC16*AH16+DD16*AI16),0)) | DL16: =IF(AND(CR16=1,CZ16=0),1,0) | DM16: =IF(AND(CS16=1,DA16=0),1,0) | DN16: =IF(AND(CT16=1,DB16=0),1,0) | DO16: =IF(AND(CU16=1,DC16=0),1,0) | DP16: =IF(AND(CV16=1,DD16=0),1,0) | DQ16: =IF(OR(OR(CW16=1,DE16=0),DK16<=0.000001,DR16<=0),1,0) | DR16: =Z16*DL16+AA16*DM16+AB16*DN16+AC16*DO16+AD16*DP16 | DS16: =IF(DQ16=1,0,DK16/DR16) | DT16: =IF(AND(DQ16=0,DL16=1,Z16*DS16>AE16+0.000001),1,0) | DU16: =IF(AND(DQ16=0,DM16=1,AA16*DS16>AF16+0.000001),1,0) | DV16: =IF(AND(DQ16=0,DN16=1,AB16*DS16>AG16+0.000001),1,0) | DW16: =IF(AND(DQ16=0,DO16=1,AC16*DS16>AH16+0.000001),1,0) | DX16: =IF(AND(DQ16=0,DP16=1,AD16*DS16>AI16+0.000001),1,0) | DY16: =IF(DT16+DU16+DV16+DW16+DX16>0,1,0) | DZ16: =IF(DQ16=1,0,IF(DY16=1,DT16*AE16,DL16*Z16*DS16)) | EA16: =IF(DQ16=1,0,IF(DY16=1,DU16*AF16,DM16*AA16*DS16)) | EB16: =IF(DQ16=1,0,IF(DY16=1,DV16*AG16,DN16*AB16*DS16)) | EC16: =IF(DQ16=1,0,IF(DY16=1,DW16*AH16,DO16*AC16*DS16)) | ED16: =IF(DQ16=1,0,IF(DY16=1,DX16*AI16,DP16*AD16*DS16)) | EE16: =IF(DQ16=1,DK16,IF(DY16=1,DK16-(DT16*AE16+DU16*AF16+DV16*AG16+DW16*AH16+DX16*AI16),0)) | EF16: =IF(AND(DL16=1,DT16=0),1,0) | EG16: =IF(AND(DM16=1,DU16=0),1,0) | EH16: =IF(AND(DN16=1,DV16=0),1,0) | EI16: =IF(AND(DO16=1,DW16=0),1,0) | EJ16: =IF(AND(DP16=1,DX16=0),1,0) | EK16: =AX16+BR16+CL16+DF16+DZ16 | EL16: =U16+EP16 | EM16: =V16+EQ16 | EN16: =W16+ER16 | EO16: =X16+ES16 | EP16: =AY16+BS16+CM16+DG16+EA16 | EQ16: =AZ16+BT16+CN16+DH16+EB16 | ER16: =BA16+BU16+CO16+DI16+EC16 | ES16: =BB16+BV16+CP16+DJ16+ED16 | ET16: =IF(AND(OR($B$9=0,INDEX($EL$14:$EL$29,4)<=EL16+0.000001),OR($C$9=0,INDEX($EM$14:$EM$29,1)<=EM16+0.000001),OR($D$9=0,INDEX($EN$14:$EN$29,7)<=EN16+0.000001),OR($E$9=0,INDEX($EO$14:$EO$29,11)<=EO16+0.000001)),1,0) | EU16: =IF(AND(OR($B$9=1,MOD(INT(A16/1),2)=0),OR($C$9=1,MOD(INT(A16/2),2)=0),OR($D$9=1,MOD(INT(A16/4),2)=0),OR($E$9=1,MOD(INT(A16/8),2)=0)),1,0) | EV16: =IF(AND(ET16=1,EU16=1),(MOD(INT(A16/1),2)+MOD(INT(A16/2),2)+MOD(INT(A16/4),2)+MOD(INT(A16/8),2))*100+A16,"")
A17: 3 | B17: =IF(AND($B$9=1,MOD(INT(A17/1),2)=1),1,0) | C17: =IF(AND($C$9=1,MOD(INT(A17/2),2)=1),1,0) | D17: =IF(AND($D$9=1,MOD(INT(A17/4),2)=1),1,0) | E17: =IF(AND($E$9=1,MOD(INT(A17/8),2)=1),1,0) | F17: =$H$4 | G17: =F17-M17 | H17: =G17-L17 | I17: =H17-K17 | J17: =IF(B17=1,0,MIN($B$6,I17)) | K17: =IF(C17=1,0,MIN($C$6,H17)) | L17: =IF(D17=1,0,MIN($D$6,G17)) | M17: =IF(E17=1,0,MIN($E$6,F17)) | N17: =I17-J17 | O17: =(1-B17)*$B$6+(1-C17)*$C$6+(1-D17)*$D$6+(1-E17)*$E$6 | P17: =IF(B17=1,0,IF(O17<=0,0,IF($H$4>=O17,$B$6,$H$4*$B$6/O17))) | Q17: =IF(C17=1,0,IF(O17<=0,0,IF($H$4>=O17,$C$6,$H$4*$C$6/O17))) | R17: =IF(D17=1,0,IF(O17<=0,0,IF($H$4>=O17,$D$6,$H$4*$D$6/O17))) | S17: =IF(E17=1,0,IF(O17<=0,0,IF($H$4>=O17,$E$6,$H$4*$E$6/O17))) | T17: =IF(O17<=0,$H$4,MAX(0,$H$4-O17)) | U17: =IF($H$5=1,P17,J17) | V17: =IF($H$5=1,Q17,K17) | W17: =IF($H$5=1,R17,L17) | X17: =IF($H$5=1,S17,M17) | Y17: =IF($H$5=1,T17,N17) | Z17: =$H$3 | AA17: =IF(OR(B17=1,$B$8=2,$B$8=3),$B$4,0) | AB17: =IF(OR(C17=1,$C$8=2,$C$8=3),$C$4,0) | AC17: =IF(OR(D17=1,$D$8=2,$D$8=3),$D$4,0) | AD17: =IF(OR(E17=1,$E$8=2,$E$8=3),$E$4,0) | AE17: =1E+300 | AF17: =IF(OR(B17=1,$B$8=2),1E+300,MAX(0,$B$7-U17)) | AG17: =IF(OR(C17=1,$C$8=2),1E+300,MAX(0,$C$7-V17)) | AH17: =IF(OR(D17=1,$D$8=2),1E+300,MAX(0,$D$7-W17)) | AI17: =IF(OR(E17=1,$E$8=2),1E+300,MAX(0,$E$7-X17)) | AJ17: =IF(Z17>0,1,0) | AK17: =IF(AA17>0,1,0) | AL17: =IF(AB17>0,1,0) | AM17: =IF(AC17>0,1,0) | AN17: =IF(AD17>0,1,0) | AO17: =IF(OR(FALSE,Y17<=0.000001,AP17<=0),1,0) | AP17: =Z17*AJ17+AA17*AK17+AB17*AL17+AC17*AM17+AD17*AN17 | AQ17: =IF(AO17=1,0,Y17/AP17) | AR17: =IF(AND(AO17=0,AJ17=1,Z17*AQ17>AE17+0.000001),1,0) | AS17: =IF(AND(AO17=0,AK17=1,AA17*AQ17>AF17+0.000001),1,0) | AT17: =IF(AND(AO17=0,AL17=1,AB17*AQ17>AG17+0.000001),1,0) | AU17: =IF(AND(AO17=0,AM17=1,AC17*AQ17>AH17+0.000001),1,0) | AV17: =IF(AND(AO17=0,AN17=1,AD17*AQ17>AI17+0.000001),1,0) | AW17: =IF(AR17+AS17+AT17+AU17+AV17>0,1,0) | AX17: =IF(AO17=1,0,IF(AW17=1,AR17*AE17,AJ17*Z17*AQ17)) | AY17: =IF(AO17=1,0,IF(AW17=1,AS17*AF17,AK17*AA17*AQ17)) | AZ17: =IF(AO17=1,0,IF(AW17=1,AT17*AG17,AL17*AB17*AQ17)) | BA17: =IF(AO17=1,0,IF(AW17=1,AU17*AH17,AM17*AC17*AQ17)) | BB17: =IF(AO17=1,0,IF(AW17=1,AV17*AI17,AN17*AD17*AQ17)) | BC17: =IF(AO17=1,Y17,IF(AW17=1,Y17-(AR17*AE17+AS17*AF17+AT17*AG17+AU17*AH17+AV17*AI17),0)) | BD17: =IF(AND(AJ17=1,AR17=0),1,0) | BE17: =IF(AND(AK17=1,AS17=0),1,0) | BF17: =IF(AND(AL17=1,AT17=0),1,0) | BG17: =IF(AND(AM17=1,AU17=0),1,0) | BH17: =IF(AND(AN17=1,AV17=0),1,0) | BI17: =IF(OR(OR(AO17=1,AW17=0),BC17<=0.000001,BJ17<=0),1,0) | BJ17: =Z17*BD17+AA17*BE17+AB17*BF17+AC17*BG17+AD17*BH17 | BK17: =IF(BI17=1,0,BC17/BJ17) | BL17: =IF(AND(BI17=0,BD17=1,Z17*BK17>AE17+0.000001),1,0) | BM17: =IF(AND(BI17=0,BE17=1,AA17*BK17>AF17+0.000001),1,0) | BN17: =IF(AND(BI17=0,BF17=1,AB17*BK17>AG17+0.000001),1,0) | BO17: =IF(AND(BI17=0,BG17=1,AC17*BK17>AH17+0.000001),1,0) | BP17: =IF(AND(BI17=0,BH17=1,AD17*BK17>AI17+0.000001),1,0) | BQ17: =IF(BL17+BM17+BN17+BO17+BP17>0,1,0) | BR17: =IF(BI17=1,0,IF(BQ17=1,BL17*AE17,BD17*Z17*BK17)) | BS17: =IF(BI17=1,0,IF(BQ17=1,BM17*AF17,BE17*AA17*BK17)) | BT17: =IF(BI17=1,0,IF(BQ17=1,BN17*AG17,BF17*AB17*BK17)) | BU17: =IF(BI17=1,0,IF(BQ17=1,BO17*AH17,BG17*AC17*BK17)) | BV17: =IF(BI17=1,0,IF(BQ17=1,BP17*AI17,BH17*AD17*BK17)) | BW17: =IF(BI17=1,BC17,IF(BQ17=1,BC17-(BL17*AE17+BM17*AF17+BN17*AG17+BO17*AH17+BP17*AI17),0)) | BX17: =IF(AND(BD17=1,BL17=0),1,0) | BY17: =IF(AND(BE17=1,BM17=0),1,0) | BZ17: =IF(AND(BF17=1,BN17=0),1,0) | CA17: =IF(AND(BG17=1,BO17=0),1,0) | CB17: =IF(AND(BH17=1,BP17=0),1,0) | CC17: =IF(OR(OR(BI17=1,BQ17=0),BW17<=0.000001,CD17<=0),1,0) | CD17: =Z17*BX17+AA17*BY17+AB17*BZ17+AC17*CA17+AD17*CB17 | CE17: =IF(CC17=1,0,BW17/CD17) | CF17: =IF(AND(CC17=0,BX17=1,Z17*CE17>AE17+0.000001),1,0) | CG17: =IF(AND(CC17=0,BY17=1,AA17*CE17>AF17+0.000001),1,0) | CH17: =IF(AND(CC17=0,BZ17=1,AB17*CE17>AG17+0.000001),1,0) | CI17: =IF(AND(CC17=0,CA17=1,AC17*CE17>AH17+0.000001),1,0) | CJ17: =IF(AND(CC17=0,CB17=1,AD17*CE17>AI17+0.000001),1,0) | CK17: =IF(CF17+CG17+CH17+CI17+CJ17>0,1,0) | CL17: =IF(CC17=1,0,IF(CK17=1,CF17*AE17,BX17*Z17*CE17)) | CM17: =IF(CC17=1,0,IF(CK17=1,CG17*AF17,BY17*AA17*CE17)) | CN17: =IF(CC17=1,0,IF(CK17=1,CH17*AG17,BZ17*AB17*CE17)) | CO17: =IF(CC17=1,0,IF(CK17=1,CI17*AH17,CA17*AC17*CE17)) | CP17: =IF(CC17=1,0,IF(CK17=1,CJ17*AI17,CB17*AD17*CE17)) | CQ17: =IF(CC17=1,BW17,IF(CK17=1,BW17-(CF17*AE17+CG17*AF17+CH17*AG17+CI17*AH17+CJ17*AI17),0)) | CR17: =IF(AND(BX17=1,CF17=0),1,0) | CS17: =IF(AND(BY17=1,CG17=0),1,0) | CT17: =IF(AND(BZ17=1,CH17=0),1,0) | CU17: =IF(AND(CA17=1,CI17=0),1,0) | CV17: =IF(AND(CB17=1,CJ17=0),1,0) | CW17: =IF(OR(OR(CC17=1,CK17=0),CQ17<=0.000001,CX17<=0),1,0) | CX17: =Z17*CR17+AA17*CS17+AB17*CT17+AC17*CU17+AD17*CV17 | CY17: =IF(CW17=1,0,CQ17/CX17) | CZ17: =IF(AND(CW17=0,CR17=1,Z17*CY17>AE17+0.000001),1,0) | DA17: =IF(AND(CW17=0,CS17=1,AA17*CY17>AF17+0.000001),1,0) | DB17: =IF(AND(CW17=0,CT17=1,AB17*CY17>AG17+0.000001),1,0) | DC17: =IF(AND(CW17=0,CU17=1,AC17*CY17>AH17+0.000001),1,0) | DD17: =IF(AND(CW17=0,CV17=1,AD17*CY17>AI17+0.000001),1,0) | DE17: =IF(CZ17+DA17+DB17+DC17+DD17>0,1,0) | DF17: =IF(CW17=1,0,IF(DE17=1,CZ17*AE17,CR17*Z17*CY17)) | DG17: =IF(CW17=1,0,IF(DE17=1,DA17*AF17,CS17*AA17*CY17)) | DH17: =IF(CW17=1,0,IF(DE17=1,DB17*AG17,CT17*AB17*CY17)) | DI17: =IF(CW17=1,0,IF(DE17=1,DC17*AH17,CU17*AC17*CY17)) | DJ17: =IF(CW17=1,0,IF(DE17=1,DD17*AI17,CV17*AD17*CY17)) | DK17: =IF(CW17=1,CQ17,IF(DE17=1,CQ17-(CZ17*AE17+DA17*AF17+DB17*AG17+DC17*AH17+DD17*AI17),0)) | DL17: =IF(AND(CR17=1,CZ17=0),1,0) | DM17: =IF(AND(CS17=1,DA17=0),1,0) | DN17: =IF(AND(CT17=1,DB17=0),1,0) | DO17: =IF(AND(CU17=1,DC17=0),1,0) | DP17: =IF(AND(CV17=1,DD17=0),1,0) | DQ17: =IF(OR(OR(CW17=1,DE17=0),DK17<=0.000001,DR17<=0),1,0) | DR17: =Z17*DL17+AA17*DM17+AB17*DN17+AC17*DO17+AD17*DP17 | DS17: =IF(DQ17=1,0,DK17/DR17) | DT17: =IF(AND(DQ17=0,DL17=1,Z17*DS17>AE17+0.000001),1,0) | DU17: =IF(AND(DQ17=0,DM17=1,AA17*DS17>AF17+0.000001),1,0) | DV17: =IF(AND(DQ17=0,DN17=1,AB17*DS17>AG17+0.000001),1,0) | DW17: =IF(AND(DQ17=0,DO17=1,AC17*DS17>AH17+0.000001),1,0) | DX17: =IF(AND(DQ17=0,DP17=1,AD17*DS17>AI17+0.000001),1,0) | DY17: =IF(DT17+DU17+DV17+DW17+DX17>0,1,0) | DZ17: =IF(DQ17=1,0,IF(DY17=1,DT17*AE17,DL17*Z17*DS17)) | EA17: =IF(DQ17=1,0,IF(DY17=1,DU17*AF17,DM17*AA17*DS17)) | EB17: =IF(DQ17=1,0,IF(DY17=1,DV17*AG17,DN17*AB17*DS17)) | EC17: =IF(DQ17=1,0,IF(DY17=1,DW17*AH17,DO17*AC17*DS17)) | ED17: =IF(DQ17=1,0,IF(DY17=1,DX17*AI17,DP17*AD17*DS17)) | EE17: =IF(DQ17=1,DK17,IF(DY17=1,DK17-(DT17*AE17+DU17*AF17+DV17*AG17+DW17*AH17+DX17*AI17),0)) | EF17: =IF(AND(DL17=1,DT17=0),1,0) | EG17: =IF(AND(DM17=1,DU17=0),1,0) | EH17: =IF(AND(DN17=1,DV17=0),1,0) | EI17: =IF(AND(DO17=1,DW17=0),1,0) | EJ17: =IF(AND(DP17=1,DX17=0),1,0) | EK17: =AX17+BR17+CL17+DF17+DZ17 | EL17: =U17+EP17 | EM17: =V17+EQ17 | EN17: =W17+ER17 | EO17: =X17+ES17 | EP17: =AY17+BS17+CM17+DG17+EA17 | EQ17: =AZ17+BT17+CN17+DH17+EB17 | ER17: =BA17+BU17+CO17+DI17+EC17 | ES17: =BB17+BV17+CP17+DJ17+ED17 | ET17: =IF(AND(OR($B$9=0,INDEX($EL$14:$EL$29,3)<=EL17+0.000001),OR($C$9=0,INDEX($EM$14:$EM$29,2)<=EM17+0.000001),OR($D$9=0,INDEX($EN$14:$EN$29,8)<=EN17+0.000001),OR($E$9=0,INDEX($EO$14:$EO$29,12)<=EO17+0.000001)),1,0) | EU17: =IF(AND(OR($B$9=1,MOD(INT(A17/1),2)=0),OR($C$9=1,MOD(INT(A17/2),2)=0),OR($D$9=1,MOD(INT(A17/4),2)=0),OR($E$9=1,MOD(INT(A17/8),2)=0)),1,0) | EV17: =IF(AND(ET17=1,EU17=1),(MOD(INT(A17/1),2)+MOD(INT(A17/2),2)+MOD(INT(A17/4),2)+MOD(INT(A17/8),2))*100+A17,"")
A18: 4 | B18: =IF(AND($B$9=1,MOD(INT(A18/1),2)=1),1,0) | C18: =IF(AND($C$9=1,MOD(INT(A18/2),2)=1),1,0) | D18: =IF(AND($D$9=1,MOD(INT(A18/4),2)=1),1,0) | E18: =IF(AND($E$9=1,MOD(INT(A18/8),2)=1),1,0) | F18: =$H$4 | G18: =F18-M18 | H18: =G18-L18 | I18: =H18-K18 | J18: =IF(B18=1,0,MIN($B$6,I18)) | K18: =IF(C18=1,0,MIN($C$6,H18)) | L18: =IF(D18=1,0,MIN($D$6,G18)) | M18: =IF(E18=1,0,MIN($E$6,F18)) | N18: =I18-J18 | O18: =(1-B18)*$B$6+(1-C18)*$C$6+(1-D18)*$D$6+(1-E18)*$E$6 | P18: =IF(B18=1,0,IF(O18<=0,0,IF($H$4>=O18,$B$6,$H$4*$B$6/O18))) | Q18: =IF(C18=1,0,IF(O18<=0,0,IF($H$4>=O18,$C$6,$H$4*$C$6/O18))) | R18: =IF(D18=1,0,IF(O18<=0,0,IF($H$4>=O18,$D$6,$H$4*$D$6/O18))) | S18: =IF(E18=1,0,IF(O18<=0,0,IF($H$4>=O18,$E$6,$H$4*$E$6/O18))) | T18: =IF(O18<=0,$H$4,MAX(0,$H$4-O18)) | U18: =IF($H$5=1,P18,J18) | V18: =IF($H$5=1,Q18,K18) | W18: =IF($H$5=1,R18,L18) | X18: =IF($H$5=1,S18,M18) | Y18: =IF($H$5=1,T18,N18) | Z18: =$H$3 | AA18: =IF(OR(B18=1,$B$8=2,$B$8=3),$B$4,0) | AB18: =IF(OR(C18=1,$C$8=2,$C$8=3),$C$4,0) | AC18: =IF(OR(D18=1,$D$8=2,$D$8=3),$D$4,0) | AD18: =IF(OR(E18=1,$E$8=2,$E$8=3),$E$4,0) | AE18: =1E+300 | AF18: =IF(OR(B18=1,$B$8=2),1E+300,MAX(0,$B$7-U18)) | AG18: =IF(OR(C18=1,$C$8=2),1E+300,MAX(0,$C$7-V18)) | AH18: =IF(OR(D18=1,$D$8=2),1E+300,MAX(0,$D$7-W18)) | AI18: =IF(OR(E18=1,$E$8=2),1E+300,MAX(0,$E$7-X18)) | AJ18: =IF(Z18>0,1,0) | AK18: =IF(AA18>0,1,0) | AL18: =IF(AB18>0,1,0) | AM18: =IF(AC18>0,1,0) | AN18: =IF(AD18>0,1,0) | AO18: =IF(OR(FALSE,Y18<=0.000001,AP18<=0),1,0) | AP18: =Z18*AJ18+AA18*AK18+AB18*AL18+AC18*AM18+AD18*AN18 | AQ18: =IF(AO18=1,0,Y18/AP18) | AR18: =IF(AND(AO18=0,AJ18=1,Z18*AQ18>AE18+0.000001),1,0) | AS18: =IF(AND(AO18=0,AK18=1,AA18*AQ18>AF18+0.000001),1,0) | AT18: =IF(AND(AO18=0,AL18=1,AB18*AQ18>AG18+0.000001),1,0) | AU18: =IF(AND(AO18=0,AM18=1,AC18*AQ18>AH18+0.000001),1,0) | AV18: =IF(AND(AO18=0,AN18=1,AD18*AQ18>AI18+0.000001),1,0) | AW18: =IF(AR18+AS18+AT18+AU18+AV18>0,1,0) | AX18: =IF(AO18=1,0,IF(AW18=1,AR18*AE18,AJ18*Z18*AQ18)) | AY18: =IF(AO18=1,0,IF(AW18=1,AS18*AF18,AK18*AA18*AQ18)) | AZ18: =IF(AO18=1,0,IF(AW18=1,AT18*AG18,AL18*AB18*AQ18)) | BA18: =IF(AO18=1,0,IF(AW18=1,AU18*AH18,AM18*AC18*AQ18)) | BB18: =IF(AO18=1,0,IF(AW18=1,AV18*AI18,AN18*AD18*AQ18)) | BC18: =IF(AO18=1,Y18,IF(AW18=1,Y18-(AR18*AE18+AS18*AF18+AT18*AG18+AU18*AH18+AV18*AI18),0)) | BD18: =IF(AND(AJ18=1,AR18=0),1,0) | BE18: =IF(AND(AK18=1,AS18=0),1,0) | BF18: =IF(AND(AL18=1,AT18=0),1,0) | BG18: =IF(AND(AM18=1,AU18=0),1,0) | BH18: =IF(AND(AN18=1,AV18=0),1,0) | BI18: =IF(OR(OR(AO18=1,AW18=0),BC18<=0.000001,BJ18<=0),1,0) | BJ18: =Z18*BD18+AA18*BE18+AB18*BF18+AC18*BG18+AD18*BH18 | BK18: =IF(BI18=1,0,BC18/BJ18) | BL18: =IF(AND(BI18=0,BD18=1,Z18*BK18>AE18+0.000001),1,0) | BM18: =IF(AND(BI18=0,BE18=1,AA18*BK18>AF18+0.000001),1,0) | BN18: =IF(AND(BI18=0,BF18=1,AB18*BK18>AG18+0.000001),1,0) | BO18: =IF(AND(BI18=0,BG18=1,AC18*BK18>AH18+0.000001),1,0) | BP18: =IF(AND(BI18=0,BH18=1,AD18*BK18>AI18+0.000001),1,0) | BQ18: =IF(BL18+BM18+BN18+BO18+BP18>0,1,0) | BR18: =IF(BI18=1,0,IF(BQ18=1,BL18*AE18,BD18*Z18*BK18)) | BS18: =IF(BI18=1,0,IF(BQ18=1,BM18*AF18,BE18*AA18*BK18)) | BT18: =IF(BI18=1,0,IF(BQ18=1,BN18*AG18,BF18*AB18*BK18)) | BU18: =IF(BI18=1,0,IF(BQ18=1,BO18*AH18,BG18*AC18*BK18)) | BV18: =IF(BI18=1,0,IF(BQ18=1,BP18*AI18,BH18*AD18*BK18)) | BW18: =IF(BI18=1,BC18,IF(BQ18=1,BC18-(BL18*AE18+BM18*AF18+BN18*AG18+BO18*AH18+BP18*AI18),0)) | BX18: =IF(AND(BD18=1,BL18=0),1,0) | BY18: =IF(AND(BE18=1,BM18=0),1,0) | BZ18: =IF(AND(BF18=1,BN18=0),1,0) | CA18: =IF(AND(BG18=1,BO18=0),1,0) | CB18: =IF(AND(BH18=1,BP18=0),1,0) | CC18: =IF(OR(OR(BI18=1,BQ18=0),BW18<=0.000001,CD18<=0),1,0) | CD18: =Z18*BX18+AA18*BY18+AB18*BZ18+AC18*CA18+AD18*CB18 | CE18: =IF(CC18=1,0,BW18/CD18) | CF18: =IF(AND(CC18=0,BX18=1,Z18*CE18>AE18+0.000001),1,0) | CG18: =IF(AND(CC18=0,BY18=1,AA18*CE18>AF18+0.000001),1,0) | CH18: =IF(AND(CC18=0,BZ18=1,AB18*CE18>AG18+0.000001),1,0) | CI18: =IF(AND(CC18=0,CA18=1,AC18*CE18>AH18+0.000001),1,0) | CJ18: =IF(AND(CC18=0,CB18=1,AD18*CE18>AI18+0.000001),1,0) | CK18: =IF(CF18+CG18+CH18+CI18+CJ18>0,1,0) | CL18: =IF(CC18=1,0,IF(CK18=1,CF18*AE18,BX18*Z18*CE18)) | CM18: =IF(CC18=1,0,IF(CK18=1,CG18*AF18,BY18*AA18*CE18)) | CN18: =IF(CC18=1,0,IF(CK18=1,CH18*AG18,BZ18*AB18*CE18)) | CO18: =IF(CC18=1,0,IF(CK18=1,CI18*AH18,CA18*AC18*CE18)) | CP18: =IF(CC18=1,0,IF(CK18=1,CJ18*AI18,CB18*AD18*CE18)) | CQ18: =IF(CC18=1,BW18,IF(CK18=1,BW18-(CF18*AE18+CG18*AF18+CH18*AG18+CI18*AH18+CJ18*AI18),0)) | CR18: =IF(AND(BX18=1,CF18=0),1,0) | CS18: =IF(AND(BY18=1,CG18=0),1,0) | CT18: =IF(AND(BZ18=1,CH18=0),1,0) | CU18: =IF(AND(CA18=1,CI18=0),1,0) | CV18: =IF(AND(CB18=1,CJ18=0),1,0) | CW18: =IF(OR(OR(CC18=1,CK18=0),CQ18<=0.000001,CX18<=0),1,0) | CX18: =Z18*CR18+AA18*CS18+AB18*CT18+AC18*CU18+AD18*CV18 | CY18: =IF(CW18=1,0,CQ18/CX18) | CZ18: =IF(AND(CW18=0,CR18=1,Z18*CY18>AE18+0.000001),1,0) | DA18: =IF(AND(CW18=0,CS18=1,AA18*CY18>AF18+0.000001),1,0) | DB18: =IF(AND(CW18=0,CT18=1,AB18*CY18>AG18+0.000001),1,0) | DC18: =IF(AND(CW18=0,CU18=1,AC18*CY18>AH18+0.000001),1,0) | DD18: =IF(AND(CW18=0,CV18=1,AD18*CY18>AI18+0.000001),1,0) | DE18: =IF(CZ18+DA18+DB18+DC18+DD18>0,1,0) | DF18: =IF(CW18=1,0,IF(DE18=1,CZ18*AE18,CR18*Z18*CY18)) | DG18: =IF(CW18=1,0,IF(DE18=1,DA18*AF18,CS18*AA18*CY18)) | DH18: =IF(CW18=1,0,IF(DE18=1,DB18*AG18,CT18*AB18*CY18)) | DI18: =IF(CW18=1,0,IF(DE18=1,DC18*AH18,CU18*AC18*CY18)) | DJ18: =IF(CW18=1,0,IF(DE18=1,DD18*AI18,CV18*AD18*CY18)) | DK18: =IF(CW18=1,CQ18,IF(DE18=1,CQ18-(CZ18*AE18+DA18*AF18+DB18*AG18+DC18*AH18+DD18*AI18),0)) | DL18: =IF(AND(CR18=1,CZ18=0),1,0) | DM18: =IF(AND(CS18=1,DA18=0),1,0) | DN18: =IF(AND(CT18=1,DB18=0),1,0) | DO18: =IF(AND(CU18=1,DC18=0),1,0) | DP18: =IF(AND(CV18=1,DD18=0),1,0) | DQ18: =IF(OR(OR(CW18=1,DE18=0),DK18<=0.000001,DR18<=0),1,0) | DR18: =Z18*DL18+AA18*DM18+AB18*DN18+AC18*DO18+AD18*DP18 | DS18: =IF(DQ18=1,0,DK18/DR18) | DT18: =IF(AND(DQ18=0,DL18=1,Z18*DS18>AE18+0.000001),1,0) | DU18: =IF(AND(DQ18=0,DM18=1,AA18*DS18>AF18+0.000001),1,0) | DV18: =IF(AND(DQ18=0,DN18=1,AB18*DS18>AG18+0.000001),1,0) | DW18: =IF(AND(DQ18=0,DO18=1,AC18*DS18>AH18+0.000001),1,0) | DX18: =IF(AND(DQ18=0,DP18=1,AD18*DS18>AI18+0.000001),1,0) | DY18: =IF(DT18+DU18+DV18+DW18+DX18>0,1,0) | DZ18: =IF(DQ18=1,0,IF(DY18=1,DT18*AE18,DL18*Z18*DS18)) | EA18: =IF(DQ18=1,0,IF(DY18=1,DU18*AF18,DM18*AA18*DS18)) | EB18: =IF(DQ18=1,0,IF(DY18=1,DV18*AG18,DN18*AB18*DS18)) | EC18: =IF(DQ18=1,0,IF(DY18=1,DW18*AH18,DO18*AC18*DS18)) | ED18: =IF(DQ18=1,0,IF(DY18=1,DX18*AI18,DP18*AD18*DS18)) | EE18: =IF(DQ18=1,DK18,IF(DY18=1,DK18-(DT18*AE18+DU18*AF18+DV18*AG18+DW18*AH18+DX18*AI18),0)) | EF18: =IF(AND(DL18=1,DT18=0),1,0) | EG18: =IF(AND(DM18=1,DU18=0),1,0) | EH18: =IF(AND(DN18=1,DV18=0),1,0) | EI18: =IF(AND(DO18=1,DW18=0),1,0) | EJ18: =IF(AND(DP18=1,DX18=0),1,0) | EK18: =AX18+BR18+CL18+DF18+DZ18 | EL18: =U18+EP18 | EM18: =V18+EQ18 | EN18: =W18+ER18 | EO18: =X18+ES18 | EP18: =AY18+BS18+CM18+DG18+EA18 | EQ18: =AZ18+BT18+CN18+DH18+EB18 | ER18: =BA18+BU18+CO18+DI18+EC18 | ES18: =BB18+BV18+CP18+DJ18+ED18 | ET18: =IF(AND(OR($B$9=0,INDEX($EL$14:$EL$29,6)<=EL18+0.000001),OR($C$9=0,INDEX($EM$14:$EM$29,7)<=EM18+0.000001),OR($D$9=0,INDEX($EN$14:$EN$29,1)<=EN18+0.000001),OR($E$9=0,INDEX($EO$14:$EO$29,13)<=EO18+0.000001)),1,0) | EU18: =IF(AND(OR($B$9=1,MOD(INT(A18/1),2)=0),OR($C$9=1,MOD(INT(A18/2),2)=0),OR($D$9=1,MOD(INT(A18/4),2)=0),OR($E$9=1,MOD(INT(A18/8),2)=0)),1,0) | EV18: =IF(AND(ET18=1,EU18=1),(MOD(INT(A18/1),2)+MOD(INT(A18/2),2)+MOD(INT(A18/4),2)+MOD(INT(A18/8),2))*100+A18,"")
A19: 5 | B19: =IF(AND($B$9=1,MOD(INT(A19/1),2)=1),1,0) | C19: =IF(AND($C$9=1,MOD(INT(A19/2),2)=1),1,0) | D19: =IF(AND($D$9=1,MOD(INT(A19/4),2)=1),1,0) | E19: =IF(AND($E$9=1,MOD(INT(A19/8),2)=1),1,0) | F19: =$H$4 | G19: =F19-M19 | H19: =G19-L19 | I19: =H19-K19 | J19: =IF(B19=1,0,MIN($B$6,I19)) | K19: =IF(C19=1,0,MIN($C$6,H19)) | L19: =IF(D19=1,0,MIN($D$6,G19)) | M19: =IF(E19=1,0,MIN($E$6,F19)) | N19: =I19-J19 | O19: =(1-B19)*$B$6+(1-C19)*$C$6+(1-D19)*$D$6+(1-E19)*$E$6 | P19: =IF(B19=1,0,IF(O19<=0,0,IF($H$4>=O19,$B$6,$H$4*$B$6/O19))) | Q19: =IF(C19=1,0,IF(O19<=0,0,IF($H$4>=O19,$C$6,$H$4*$C$6/O19))) | R19: =IF(D19=1,0,IF(O19<=0,0,IF($H$4>=O19,$D$6,$H$4*$D$6/O19))) | S19: =IF(E19=1,0,IF(O19<=0,0,IF($H$4>=O19,$E$6,$H$4*$E$6/O19))) | T19: =IF(O19<=0,$H$4,MAX(0,$H$4-O19)) | U19: =IF($H$5=1,P19,J19) | V19: =IF($H$5=1,Q19,K19) | W19: =IF($H$5=1,R19,L19) | X19: =IF($H$5=1,S19,M19) | Y19: =IF($H$5=1,T19,N19) | Z19: =$H$3 | AA19: =IF(OR(B19=1,$B$8=2,$B$8=3),$B$4,0) | AB19: =IF(OR(C19=1,$C$8=2,$C$8=3),$C$4,0) | AC19: =IF(OR(D19=1,$D$8=2,$D$8=3),$D$4,0) | AD19: =IF(OR(E19=1,$E$8=2,$E$8=3),$E$4,0) | AE19: =1E+300 | AF19: =IF(OR(B19=1,$B$8=2),1E+300,MAX(0,$B$7-U19)) | AG19: =IF(OR(C19=1,$C$8=2),1E+300,MAX(0,$C$7-V19)) | AH19: =IF(OR(D19=1,$D$8=2),1E+300,MAX(0,$D$7-W19)) | AI19: =IF(OR(E19=1,$E$8=2),1E+300,MAX(0,$E$7-X19)) | AJ19: =IF(Z19>0,1,0) | AK19: =IF(AA19>0,1,0) | AL19: =IF(AB19>0,1,0) | AM19: =IF(AC19>0,1,0) | AN19: =IF(AD19>0,1,0) | AO19: =IF(OR(FALSE,Y19<=0.000001,AP19<=0),1,0) | AP19: =Z19*AJ19+AA19*AK19+AB19*AL19+AC19*AM19+AD19*AN19 | AQ19: =IF(AO19=1,0,Y19/AP19) | AR19: =IF(AND(AO19=0,AJ19=1,Z19*AQ19>AE19+0.000001),1,0) | AS19: =IF(AND(AO19=0,AK19=1,AA19*AQ19>AF19+0.000001),1,0) | AT19: =IF(AND(AO19=0,AL19=1,AB19*AQ19>AG19+0.000001),1,0) | AU19: =IF(AND(AO19=0,AM19=1,AC19*AQ19>AH19+0.000001),1,0) | AV19: =IF(AND(AO19=0,AN19=1,AD19*AQ19>AI19+0.000001),1,0) | AW19: =IF(AR19+AS19+AT19+AU19+AV19>0,1,0) | AX19: =IF(AO19=1,0,IF(AW19=1,AR19*AE19,AJ19*Z19*AQ19)) | AY19: =IF(AO19=1,0,IF(AW19=1,AS19*AF19,AK19*AA19*AQ19)) | AZ19: =IF(AO19=1,0,IF(AW19=1,AT19*AG19,AL19*AB19*AQ19)) | BA19: =IF(AO19=1,0,IF(AW19=1,AU19*AH19,AM19*AC19*AQ19)) | BB19: =IF(AO19=1,0,IF(AW19=1,AV19*AI19,AN19*AD19*AQ19)) | BC19: =IF(AO19=1,Y19,IF(AW19=1,Y19-(AR19*AE19+AS19*AF19+AT19*AG19+AU19*AH19+AV19*AI19),0)) | BD19: =IF(AND(AJ19=1,AR19=0),1,0) | BE19: =IF(AND(AK19=1,AS19=0),1,0) | BF19: =IF(AND(AL19=1,AT19=0),1,0) | BG19: =IF(AND(AM19=1,AU19=0),1,0) | BH19: =IF(AND(AN19=1,AV19=0),1,0) | BI19: =IF(OR(OR(AO19=1,AW19=0),BC19<=0.000001,BJ19<=0),1,0) | BJ19: =Z19*BD19+AA19*BE19+AB19*BF19+AC19*BG19+AD19*BH19 | BK19: =IF(BI19=1,0,BC19/BJ19) | BL19: =IF(AND(BI19=0,BD19=1,Z19*BK19>AE19+0.000001),1,0) | BM19: =IF(AND(BI19=0,BE19=1,AA19*BK19>AF19+0.000001),1,0) | BN19: =IF(AND(BI19=0,BF19=1,AB19*BK19>AG19+0.000001),1,0) | BO19: =IF(AND(BI19=0,BG19=1,AC19*BK19>AH19+0.000001),1,0) | BP19: =IF(AND(BI19=0,BH19=1,AD19*BK19>AI19+0.000001),1,0) | BQ19: =IF(BL19+BM19+BN19+BO19+BP19>0,1,0) | BR19: =IF(BI19=1,0,IF(BQ19=1,BL19*AE19,BD19*Z19*BK19)) | BS19: =IF(BI19=1,0,IF(BQ19=1,BM19*AF19,BE19*AA19*BK19)) | BT19: =IF(BI19=1,0,IF(BQ19=1,BN19*AG19,BF19*AB19*BK19)) | BU19: =IF(BI19=1,0,IF(BQ19=1,BO19*AH19,BG19*AC19*BK19)) | BV19: =IF(BI19=1,0,IF(BQ19=1,BP19*AI19,BH19*AD19*BK19)) | BW19: =IF(BI19=1,BC19,IF(BQ19=1,BC19-(BL19*AE19+BM19*AF19+BN19*AG19+BO19*AH19+BP19*AI19),0)) | BX19: =IF(AND(BD19=1,BL19=0),1,0) | BY19: =IF(AND(BE19=1,BM19=0),1,0) | BZ19: =IF(AND(BF19=1,BN19=0),1,0) | CA19: =IF(AND(BG19=1,BO19=0),1,0) | CB19: =IF(AND(BH19=1,BP19=0),1,0) | CC19: =IF(OR(OR(BI19=1,BQ19=0),BW19<=0.000001,CD19<=0),1,0) | CD19: =Z19*BX19+AA19*BY19+AB19*BZ19+AC19*CA19+AD19*CB19 | CE19: =IF(CC19=1,0,BW19/CD19) | CF19: =IF(AND(CC19=0,BX19=1,Z19*CE19>AE19+0.000001),1,0) | CG19: =IF(AND(CC19=0,BY19=1,AA19*CE19>AF19+0.000001),1,0) | CH19: =IF(AND(CC19=0,BZ19=1,AB19*CE19>AG19+0.000001),1,0) | CI19: =IF(AND(CC19=0,CA19=1,AC19*CE19>AH19+0.000001),1,0) | CJ19: =IF(AND(CC19=0,CB19=1,AD19*CE19>AI19+0.000001),1,0) | CK19: =IF(CF19+CG19+CH19+CI19+CJ19>0,1,0) | CL19: =IF(CC19=1,0,IF(CK19=1,CF19*AE19,BX19*Z19*CE19)) | CM19: =IF(CC19=1,0,IF(CK19=1,CG19*AF19,BY19*AA19*CE19)) | CN19: =IF(CC19=1,0,IF(CK19=1,CH19*AG19,BZ19*AB19*CE19)) | CO19: =IF(CC19=1,0,IF(CK19=1,CI19*AH19,CA19*AC19*CE19)) | CP19: =IF(CC19=1,0,IF(CK19=1,CJ19*AI19,CB19*AD19*CE19)) | CQ19: =IF(CC19=1,BW19,IF(CK19=1,BW19-(CF19*AE19+CG19*AF19+CH19*AG19+CI19*AH19+CJ19*AI19),0)) | CR19: =IF(AND(BX19=1,CF19=0),1,0) | CS19: =IF(AND(BY19=1,CG19=0),1,0) | CT19: =IF(AND(BZ19=1,CH19=0),1,0) | CU19: =IF(AND(CA19=1,CI19=0),1,0) | CV19: =IF(AND(CB19=1,CJ19=0),1,0) | CW19: =IF(OR(OR(CC19=1,CK19=0),CQ19<=0.000001,CX19<=0),1,0) | CX19: =Z19*CR19+AA19*CS19+AB19*CT19+AC19*CU19+AD19*CV19 | CY19: =IF(CW19=1,0,CQ19/CX19) | CZ19: =IF(AND(CW19=0,CR19=1,Z19*CY19>AE19+0.000001),1,0) | DA19: =IF(AND(CW19=0,CS19=1,AA19*CY19>AF19+0.000001),1,0) | DB19: =IF(AND(CW19=0,CT19=1,AB19*CY19>AG19+0.000001),1,0) | DC19: =IF(AND(CW19=0,CU19=1,AC19*CY19>AH19+0.000001),1,0) | DD19: =IF(AND(CW19=0,CV19=1,AD19*CY19>AI19+0.000001),1,0) | DE19: =IF(CZ19+DA19+DB19+DC19+DD19>0,1,0) | DF19: =IF(CW19=1,0,IF(DE19=1,CZ19*AE19,CR19*Z19*CY19)) | DG19: =IF(CW19=1,0,IF(DE19=1,DA19*AF19,CS19*AA19*CY19)) | DH19: =IF(CW19=1,0,IF(DE19=1,DB19*AG19,CT19*AB19*CY19)) | DI19: =IF(CW19=1,0,IF(DE19=1,DC19*AH19,CU19*AC19*CY19)) | DJ19: =IF(CW19=1,0,IF(DE19=1,DD19*AI19,CV19*AD19*CY19)) | DK19: =IF(CW19=1,CQ19,IF(DE19=1,CQ19-(CZ19*AE19+DA19*AF19+DB19*AG19+DC19*AH19+DD19*AI19),0)) | DL19: =IF(AND(CR19=1,CZ19=0),1,0) | DM19: =IF(AND(CS19=1,DA19=0),1,0) | DN19: =IF(AND(CT19=1,DB19=0),1,0) | DO19: =IF(AND(CU19=1,DC19=0),1,0) | DP19: =IF(AND(CV19=1,DD19=0),1,0) | DQ19: =IF(OR(OR(CW19=1,DE19=0),DK19<=0.000001,DR19<=0),1,0) | DR19: =Z19*DL19+AA19*DM19+AB19*DN19+AC19*DO19+AD19*DP19 | DS19: =IF(DQ19=1,0,DK19/DR19) | DT19: =IF(AND(DQ19=0,DL19=1,Z19*DS19>AE19+0.000001),1,0) | DU19: =IF(AND(DQ19=0,DM19=1,AA19*DS19>AF19+0.000001),1,0) | DV19: =IF(AND(DQ19=0,DN19=1,AB19*DS19>AG19+0.000001),1,0) | DW19: =IF(AND(DQ19=0,DO19=1,AC19*DS19>AH19+0.000001),1,0) | DX19: =IF(AND(DQ19=0,DP19=1,AD19*DS19>AI19+0.000001),1,0) | DY19: =IF(DT19+DU19+DV19+DW19+DX19>0,1,0) | DZ19: =IF(DQ19=1,0,IF(DY19=1,DT19*AE19,DL19*Z19*DS19)) | EA19: =IF(DQ19=1,0,IF(DY19=1,DU19*AF19,DM19*AA19*DS19)) | EB19: =IF(DQ19=1,0,IF(DY19=1,DV19*AG19,DN19*AB19*DS19)) | EC19: =IF(DQ19=1,0,IF(DY19=1,DW19*AH19,DO19*AC19*DS19)) | ED19: =IF(DQ19=1,0,IF(DY19=1,DX19*AI19,DP19*AD19*DS19)) | EE19: =IF(DQ19=1,DK19,IF(DY19=1,DK19-(DT19*AE19+DU19*AF19+DV19*AG19+DW19*AH19+DX19*AI19),0)) | EF19: =IF(AND(DL19=1,DT19=0),1,0) | EG19: =IF(AND(DM19=1,DU19=0),1,0) | EH19: =IF(AND(DN19=1,DV19=0),1,0) | EI19: =IF(AND(DO19=1,DW19=0),1,0) | EJ19: =IF(AND(DP19=1,DX19=0),1,0) | EK19: =AX19+BR19+CL19+DF19+DZ19 | EL19: =U19+EP19 | EM19: =V19+EQ19 | EN19: =W19+ER19 | EO19: =X19+ES19 | EP19: =AY19+BS19+CM19+DG19+EA19 | EQ19: =AZ19+BT19+CN19+DH19+EB19 | ER19: =BA19+BU19+CO19+DI19+EC19 | ES19: =BB19+BV19+CP19+DJ19+ED19 | ET19: =IF(AND(OR($B$9=0,INDEX($EL$14:$EL$29,5)<=EL19+0.000001),OR($C$9=0,INDEX($EM$14:$EM$29,8)<=EM19+0.000001),OR($D$9=0,INDEX($EN$14:$EN$29,2)<=EN19+0.000001),OR($E$9=0,INDEX($EO$14:$EO$29,14)<=EO19+0.000001)),1,0) | EU19: =IF(AND(OR($B$9=1,MOD(INT(A19/1),2)=0),OR($C$9=1,MOD(INT(A19/2),2)=0),OR($D$9=1,MOD(INT(A19/4),2)=0),OR($E$9=1,MOD(INT(A19/8),2)=0)),1,0) | EV19: =IF(AND(ET19=1,EU19=1),(MOD(INT(A19/1),2)+MOD(INT(A19/2),2)+MOD(INT(A19/4),2)+MOD(INT(A19/8),2))*100+A19,"")
A20: 6 | B20: =IF(AND($B$9=1,MOD(INT(A20/1),2)=1),1,0) | C20: =IF(AND($C$9=1,MOD(INT(A20/2),2)=1),1,0) | D20: =IF(AND($D$9=1,MOD(INT(A20/4),2)=1),1,0) | E20: =IF(AND($E$9=1,MOD(INT(A20/8),2)=1),1,0) | F20: =$H$4 | G20: =F20-M20 | H20: =G20-L20 | I20: =H20-K20 | J20: =IF(B20=1,0,MIN($B$6,I20)) | K20: =IF(C20=1,0,MIN($C$6,H20)) | L20: =IF(D20=1,0,MIN($D$6,G20)) | M20: =IF(E20=1,0,MIN($E$6,F20)) | N20: =I20-J20 | O20: =(1-B20)*$B$6+(1-C20)*$C$6+(1-D20)*$D$6+(1-E20)*$E$6 | P20: =IF(B20=1,0,IF(O20<=0,0,IF($H$4>=O20,$B$6,$H$4*$B$6/O20))) | Q20: =IF(C20=1,0,IF(O20<=0,0,IF($H$4>=O20,$C$6,$H$4*$C$6/O20))) | R20: =IF(D20=1,0,IF(O20<=0,0,IF($H$4>=O20,$D$6,$H$4*$D$6/O20))) | S20: =IF(E20=1,0,IF(O20<=0,0,IF($H$4>=O20,$E$6,$H$4*$E$6/O20))) | T20: =IF(O20<=0,$H$4,MAX(0,$H$4-O20)) | U20: =IF($H$5=1,P20,J20) | V20: =IF($H$5=1,Q20,K20) | W20: =IF($H$5=1,R20,L20) | X20: =IF($H$5=1,S20,M20) | Y20: =IF($H$5=1,T20,N20) | Z20: =$H$3 | AA20: =IF(OR(B20=1,$B$8=2,$B$8=3),$B$4,0) | AB20: =IF(OR(C20=1,$C$8=2,$C$8=3),$C$4,0) | AC20: =IF(OR(D20=1,$D$8=2,$D$8=3),$D$4,0) | AD20: =IF(OR(E20=1,$E$8=2,$E$8=3),$E$4,0) | AE20: =1E+300 | AF20: =IF(OR(B20=1,$B$8=2),1E+300,MAX(0,$B$7-U20)) | AG20: =IF(OR(C20=1,$C$8=2),1E+300,MAX(0,$C$7-V20)) | AH20: =IF(OR(D20=1,$D$8=2),1E+300,MAX(0,$D$7-W20)) | AI20: =IF(OR(E20=1,$E$8=2),1E+300,MAX(0,$E$7-X20)) | AJ20: =IF(Z20>0,1,0) | AK20: =IF(AA20>0,1,0) | AL20: =IF(AB20>0,1,0) | AM20: =IF(AC20>0,1,0) | AN20: =IF(AD20>0,1,0) | AO20: =IF(OR(FALSE,Y20<=0.000001,AP20<=0),1,0) | AP20: =Z20*AJ20+AA20*AK20+AB20*AL20+AC20*AM20+AD20*AN20 | AQ20: =IF(AO20=1,0,Y20/AP20) | AR20: =IF(AND(AO20=0,AJ20=1,Z20*AQ20>AE20+0.000001),1,0) | AS20: =IF(AND(AO20=0,AK20=1,AA20*AQ20>AF20+0.000001),1,0) | AT20: =IF(AND(AO20=0,AL20=1,AB20*AQ20>AG20+0.000001),1,0) | AU20: =IF(AND(AO20=0,AM20=1,AC20*AQ20>AH20+0.000001),1,0) | AV20: =IF(AND(AO20=0,AN20=1,AD20*AQ20>AI20+0.000001),1,0) | AW20: =IF(AR20+AS20+AT20+AU20+AV20>0,1,0) | AX20: =IF(AO20=1,0,IF(AW20=1,AR20*AE20,AJ20*Z20*AQ20)) | AY20: =IF(AO20=1,0,IF(AW20=1,AS20*AF20,AK20*AA20*AQ20)) | AZ20: =IF(AO20=1,0,IF(AW20=1,AT20*AG20,AL20*AB20*AQ20)) | BA20: =IF(AO20=1,0,IF(AW20=1,AU20*AH20,AM20*AC20*AQ20)) | BB20: =IF(AO20=1,0,IF(AW20=1,AV20*AI20,AN20*AD20*AQ20)) | BC20: =IF(AO20=1,Y20,IF(AW20=1,Y20-(AR20*AE20+AS20*AF20+AT20*AG20+AU20*AH20+AV20*AI20),0)) | BD20: =IF(AND(AJ20=1,AR20=0),1,0) | BE20: =IF(AND(AK20=1,AS20=0),1,0) | BF20: =IF(AND(AL20=1,AT20=0),1,0) | BG20: =IF(AND(AM20=1,AU20=0),1,0) | BH20: =IF(AND(AN20=1,AV20=0),1,0) | BI20: =IF(OR(OR(AO20=1,AW20=0),BC20<=0.000001,BJ20<=0),1,0) | BJ20: =Z20*BD20+AA20*BE20+AB20*BF20+AC20*BG20+AD20*BH20 | BK20: =IF(BI20=1,0,BC20/BJ20) | BL20: =IF(AND(BI20=0,BD20=1,Z20*BK20>AE20+0.000001),1,0) | BM20: =IF(AND(BI20=0,BE20=1,AA20*BK20>AF20+0.000001),1,0) | BN20: =IF(AND(BI20=0,BF20=1,AB20*BK20>AG20+0.000001),1,0) | BO20: =IF(AND(BI20=0,BG20=1,AC20*BK20>AH20+0.000001),1,0) | BP20: =IF(AND(BI20=0,BH20=1,AD20*BK20>AI20+0.000001),1,0) | BQ20: =IF(BL20+BM20+BN20+BO20+BP20>0,1,0) | BR20: =IF(BI20=1,0,IF(BQ20=1,BL20*AE20,BD20*Z20*BK20)) | BS20: =IF(BI20=1,0,IF(BQ20=1,BM20*AF20,BE20*AA20*BK20)) | BT20: =IF(BI20=1,0,IF(BQ20=1,BN20*AG20,BF20*AB20*BK20)) | BU20: =IF(BI20=1,0,IF(BQ20=1,BO20*AH20,BG20*AC20*BK20)) | BV20: =IF(BI20=1,0,IF(BQ20=1,BP20*AI20,BH20*AD20*BK20)) | BW20: =IF(BI20=1,BC20,IF(BQ20=1,BC20-(BL20*AE20+BM20*AF20+BN20*AG20+BO20*AH20+BP20*AI20),0)) | BX20: =IF(AND(BD20=1,BL20=0),1,0) | BY20: =IF(AND(BE20=1,BM20=0),1,0) | BZ20: =IF(AND(BF20=1,BN20=0),1,0) | CA20: =IF(AND(BG20=1,BO20=0),1,0) | CB20: =IF(AND(BH20=1,BP20=0),1,0) | CC20: =IF(OR(OR(BI20=1,BQ20=0),BW20<=0.000001,CD20<=0),1,0) | CD20: =Z20*BX20+AA20*BY20+AB20*BZ20+AC20*CA20+AD20*CB20 | CE20: =IF(CC20=1,0,BW20/CD20) | CF20: =IF(AND(CC20=0,BX20=1,Z20*CE20>AE20+0.000001),1,0) | CG20: =IF(AND(CC20=0,BY20=1,AA20*CE20>AF20+0.000001),1,0) | CH20: =IF(AND(CC20=0,BZ20=1,AB20*CE20>AG20+0.000001),1,0) | CI20: =IF(AND(CC20=0,CA20=1,AC20*CE20>AH20+0.000001),1,0) | CJ20: =IF(AND(CC20=0,CB20=1,AD20*CE20>AI20+0.000001),1,0) | CK20: =IF(CF20+CG20+CH20+CI20+CJ20>0,1,0) | CL20: =IF(CC20=1,0,IF(CK20=1,CF20*AE20,BX20*Z20*CE20)) | CM20: =IF(CC20=1,0,IF(CK20=1,CG20*AF20,BY20*AA20*CE20)) | CN20: =IF(CC20=1,0,IF(CK20=1,CH20*AG20,BZ20*AB20*CE20)) | CO20: =IF(CC20=1,0,IF(CK20=1,CI20*AH20,CA20*AC20*CE20)) | CP20: =IF(CC20=1,0,IF(CK20=1,CJ20*AI20,CB20*AD20*CE20)) | CQ20: =IF(CC20=1,BW20,IF(CK20=1,BW20-(CF20*AE20+CG20*AF20+CH20*AG20+CI20*AH20+CJ20*AI20),0)) | CR20: =IF(AND(BX20=1,CF20=0),1,0) | CS20: =IF(AND(BY20=1,CG20=0),1,0) | CT20: =IF(AND(BZ20=1,CH20=0),1,0) | CU20: =IF(AND(CA20=1,CI20=0),1,0) | CV20: =IF(AND(CB20=1,CJ20=0),1,0) | CW20: =IF(OR(OR(CC20=1,CK20=0),CQ20<=0.000001,CX20<=0),1,0) | CX20: =Z20*CR20+AA20*CS20+AB20*CT20+AC20*CU20+AD20*CV20 | CY20: =IF(CW20=1,0,CQ20/CX20) | CZ20: =IF(AND(CW20=0,CR20=1,Z20*CY20>AE20+0.000001),1,0) | DA20: =IF(AND(CW20=0,CS20=1,AA20*CY20>AF20+0.000001),1,0) | DB20: =IF(AND(CW20=0,CT20=1,AB20*CY20>AG20+0.000001),1,0) | DC20: =IF(AND(CW20=0,CU20=1,AC20*CY20>AH20+0.000001),1,0) | DD20: =IF(AND(CW20=0,CV20=1,AD20*CY20>AI20+0.000001),1,0) | DE20: =IF(CZ20+DA20+DB20+DC20+DD20>0,1,0) | DF20: =IF(CW20=1,0,IF(DE20=1,CZ20*AE20,CR20*Z20*CY20)) | DG20: =IF(CW20=1,0,IF(DE20=1,DA20*AF20,CS20*AA20*CY20)) | DH20: =IF(CW20=1,0,IF(DE20=1,DB20*AG20,CT20*AB20*CY20)) | DI20: =IF(CW20=1,0,IF(DE20=1,DC20*AH20,CU20*AC20*CY20)) | DJ20: =IF(CW20=1,0,IF(DE20=1,DD20*AI20,CV20*AD20*CY20)) | DK20: =IF(CW20=1,CQ20,IF(DE20=1,CQ20-(CZ20*AE20+DA20*AF20+DB20*AG20+DC20*AH20+DD20*AI20),0)) | DL20: =IF(AND(CR20=1,CZ20=0),1,0) | DM20: =IF(AND(CS20=1,DA20=0),1,0) | DN20: =IF(AND(CT20=1,DB20=0),1,0) | DO20: =IF(AND(CU20=1,DC20=0),1,0) | DP20: =IF(AND(CV20=1,DD20=0),1,0) | DQ20: =IF(OR(OR(CW20=1,DE20=0),DK20<=0.000001,DR20<=0),1,0) | DR20: =Z20*DL20+AA20*DM20+AB20*DN20+AC20*DO20+AD20*DP20 | DS20: =IF(DQ20=1,0,DK20/DR20) | DT20: =IF(AND(DQ20=0,DL20=1,Z20*DS20>AE20+0.000001),1,0) | DU20: =IF(AND(DQ20=0,DM20=1,AA20*DS20>AF20+0.000001),1,0) | DV20: =IF(AND(DQ20=0,DN20=1,AB20*DS20>AG20+0.000001),1,0) | DW20: =IF(AND(DQ20=0,DO20=1,AC20*DS20>AH20+0.000001),1,0) | DX20: =IF(AND(DQ20=0,DP20=1,AD20*DS20>AI20+0.000001),1,0) | DY20: =IF(DT20+DU20+DV20+DW20+DX20>0,1,0) | DZ20: =IF(DQ20=1,0,IF(DY20=1,DT20*AE20,DL20*Z20*DS20)) | EA20: =IF(DQ20=1,0,IF(DY20=1,DU20*AF20,DM20*AA20*DS20)) | EB20: =IF(DQ20=1,0,IF(DY20=1,DV20*AG20,DN20*AB20*DS20)) | EC20: =IF(DQ20=1,0,IF(DY20=1,DW20*AH20,DO20*AC20*DS20)) | ED20: =IF(DQ20=1,0,IF(DY20=1,DX20*AI20,DP20*AD20*DS20)) | EE20: =IF(DQ20=1,DK20,IF(DY20=1,DK20-(DT20*AE20+DU20*AF20+DV20*AG20+DW20*AH20+DX20*AI20),0)) | EF20: =IF(AND(DL20=1,DT20=0),1,0) | EG20: =IF(AND(DM20=1,DU20=0),1,0) | EH20: =IF(AND(DN20=1,DV20=0),1,0) | EI20: =IF(AND(DO20=1,DW20=0),1,0) | EJ20: =IF(AND(DP20=1,DX20=0),1,0) | EK20: =AX20+BR20+CL20+DF20+DZ20 | EL20: =U20+EP20 | EM20: =V20+EQ20 | EN20: =W20+ER20 | EO20: =X20+ES20 | EP20: =AY20+BS20+CM20+DG20+EA20 | EQ20: =AZ20+BT20+CN20+DH20+EB20 | ER20: =BA20+BU20+CO20+DI20+EC20 | ES20: =BB20+BV20+CP20+DJ20+ED20 | ET20: =IF(AND(OR($B$9=0,INDEX($EL$14:$EL$29,8)<=EL20+0.000001),OR($C$9=0,INDEX($EM$14:$EM$29,5)<=EM20+0.000001),OR($D$9=0,INDEX($EN$14:$EN$29,3)<=EN20+0.000001),OR($E$9=0,INDEX($EO$14:$EO$29,15)<=EO20+0.000001)),1,0) | EU20: =IF(AND(OR($B$9=1,MOD(INT(A20/1),2)=0),OR($C$9=1,MOD(INT(A20/2),2)=0),OR($D$9=1,MOD(INT(A20/4),2)=0),OR($E$9=1,MOD(INT(A20/8),2)=0)),1,0) | EV20: =IF(AND(ET20=1,EU20=1),(MOD(INT(A20/1),2)+MOD(INT(A20/2),2)+MOD(INT(A20/4),2)+MOD(INT(A20/8),2))*100+A20,"")
A21: 7 | B21: =IF(AND($B$9=1,MOD(INT(A21/1),2)=1),1,0) | C21: =IF(AND($C$9=1,MOD(INT(A21/2),2)=1),1,0) | D21: =IF(AND($D$9=1,MOD(INT(A21/4),2)=1),1,0) | E21: =IF(AND($E$9=1,MOD(INT(A21/8),2)=1),1,0) | F21: =$H$4 | G21: =F21-M21 | H21: =G21-L21 | I21: =H21-K21 | J21: =IF(B21=1,0,MIN($B$6,I21)) | K21: =IF(C21=1,0,MIN($C$6,H21)) | L21: =IF(D21=1,0,MIN($D$6,G21)) | M21: =IF(E21=1,0,MIN($E$6,F21)) | N21: =I21-J21 | O21: =(1-B21)*$B$6+(1-C21)*$C$6+(1-D21)*$D$6+(1-E21)*$E$6 | P21: =IF(B21=1,0,IF(O21<=0,0,IF($H$4>=O21,$B$6,$H$4*$B$6/O21))) | Q21: =IF(C21=1,0,IF(O21<=0,0,IF($H$4>=O21,$C$6,$H$4*$C$6/O21))) | R21: =IF(D21=1,0,IF(O21<=0,0,IF($H$4>=O21,$D$6,$H$4*$D$6/O21))) | S21: =IF(E21=1,0,IF(O21<=0,0,IF($H$4>=O21,$E$6,$H$4*$E$6/O21))) | T21: =IF(O21<=0,$H$4,MAX(0,$H$4-O21)) | U21: =IF($H$5=1,P21,J21) | V21: =IF($H$5=1,Q21,K21) | W21: =IF($H$5=1,R21,L21) | X21: =IF($H$5=1,S21,M21) | Y21: =IF($H$5=1,T21,N21) | Z21: =$H$3 | AA21: =IF(OR(B21=1,$B$8=2,$B$8=3),$B$4,0) | AB21: =IF(OR(C21=1,$C$8=2,$C$8=3),$C$4,0) | AC21: =IF(OR(D21=1,$D$8=2,$D$8=3),$D$4,0) | AD21: =IF(OR(E21=1,$E$8=2,$E$8=3),$E$4,0) | AE21: =1E+300 | AF21: =IF(OR(B21=1,$B$8=2),1E+300,MAX(0,$B$7-U21)) | AG21: =IF(OR(C21=1,$C$8=2),1E+300,MAX(0,$C$7-V21)) | AH21: =IF(OR(D21=1,$D$8=2),1E+300,MAX(0,$D$7-W21)) | AI21: =IF(OR(E21=1,$E$8=2),1E+300,MAX(0,$E$7-X21)) | AJ21: =IF(Z21>0,1,0) | AK21: =IF(AA21>0,1,0) | AL21: =IF(AB21>0,1,0) | AM21: =IF(AC21>0,1,0) | AN21: =IF(AD21>0,1,0) | AO21: =IF(OR(FALSE,Y21<=0.000001,AP21<=0),1,0) | AP21: =Z21*AJ21+AA21*AK21+AB21*AL21+AC21*AM21+AD21*AN21 | AQ21: =IF(AO21=1,0,Y21/AP21) | AR21: =IF(AND(AO21=0,AJ21=1,Z21*AQ21>AE21+0.000001),1,0) | AS21: =IF(AND(AO21=0,AK21=1,AA21*AQ21>AF21+0.000001),1,0) | AT21: =IF(AND(AO21=0,AL21=1,AB21*AQ21>AG21+0.000001),1,0) | AU21: =IF(AND(AO21=0,AM21=1,AC21*AQ21>AH21+0.000001),1,0) | AV21: =IF(AND(AO21=0,AN21=1,AD21*AQ21>AI21+0.000001),1,0) | AW21: =IF(AR21+AS21+AT21+AU21+AV21>0,1,0) | AX21: =IF(AO21=1,0,IF(AW21=1,AR21*AE21,AJ21*Z21*AQ21)) | AY21: =IF(AO21=1,0,IF(AW21=1,AS21*AF21,AK21*AA21*AQ21)) | AZ21: =IF(AO21=1,0,IF(AW21=1,AT21*AG21,AL21*AB21*AQ21)) | BA21: =IF(AO21=1,0,IF(AW21=1,AU21*AH21,AM21*AC21*AQ21)) | BB21: =IF(AO21=1,0,IF(AW21=1,AV21*AI21,AN21*AD21*AQ21)) | BC21: =IF(AO21=1,Y21,IF(AW21=1,Y21-(AR21*AE21+AS21*AF21+AT21*AG21+AU21*AH21+AV21*AI21),0)) | BD21: =IF(AND(AJ21=1,AR21=0),1,0) | BE21: =IF(AND(AK21=1,AS21=0),1,0) | BF21: =IF(AND(AL21=1,AT21=0),1,0) | BG21: =IF(AND(AM21=1,AU21=0),1,0) | BH21: =IF(AND(AN21=1,AV21=0),1,0) | BI21: =IF(OR(OR(AO21=1,AW21=0),BC21<=0.000001,BJ21<=0),1,0) | BJ21: =Z21*BD21+AA21*BE21+AB21*BF21+AC21*BG21+AD21*BH21 | BK21: =IF(BI21=1,0,BC21/BJ21) | BL21: =IF(AND(BI21=0,BD21=1,Z21*BK21>AE21+0.000001),1,0) | BM21: =IF(AND(BI21=0,BE21=1,AA21*BK21>AF21+0.000001),1,0) | BN21: =IF(AND(BI21=0,BF21=1,AB21*BK21>AG21+0.000001),1,0) | BO21: =IF(AND(BI21=0,BG21=1,AC21*BK21>AH21+0.000001),1,0) | BP21: =IF(AND(BI21=0,BH21=1,AD21*BK21>AI21+0.000001),1,0) | BQ21: =IF(BL21+BM21+BN21+BO21+BP21>0,1,0) | BR21: =IF(BI21=1,0,IF(BQ21=1,BL21*AE21,BD21*Z21*BK21)) | BS21: =IF(BI21=1,0,IF(BQ21=1,BM21*AF21,BE21*AA21*BK21)) | BT21: =IF(BI21=1,0,IF(BQ21=1,BN21*AG21,BF21*AB21*BK21)) | BU21: =IF(BI21=1,0,IF(BQ21=1,BO21*AH21,BG21*AC21*BK21)) | BV21: =IF(BI21=1,0,IF(BQ21=1,BP21*AI21,BH21*AD21*BK21)) | BW21: =IF(BI21=1,BC21,IF(BQ21=1,BC21-(BL21*AE21+BM21*AF21+BN21*AG21+BO21*AH21+BP21*AI21),0)) | BX21: =IF(AND(BD21=1,BL21=0),1,0) | BY21: =IF(AND(BE21=1,BM21=0),1,0) | BZ21: =IF(AND(BF21=1,BN21=0),1,0) | CA21: =IF(AND(BG21=1,BO21=0),1,0) | CB21: =IF(AND(BH21=1,BP21=0),1,0) | CC21: =IF(OR(OR(BI21=1,BQ21=0),BW21<=0.000001,CD21<=0),1,0) | CD21: =Z21*BX21+AA21*BY21+AB21*BZ21+AC21*CA21+AD21*CB21 | CE21: =IF(CC21=1,0,BW21/CD21) | CF21: =IF(AND(CC21=0,BX21=1,Z21*CE21>AE21+0.000001),1,0) | CG21: =IF(AND(CC21=0,BY21=1,AA21*CE21>AF21+0.000001),1,0) | CH21: =IF(AND(CC21=0,BZ21=1,AB21*CE21>AG21+0.000001),1,0) | CI21: =IF(AND(CC21=0,CA21=1,AC21*CE21>AH21+0.000001),1,0) | CJ21: =IF(AND(CC21=0,CB21=1,AD21*CE21>AI21+0.000001),1,0) | CK21: =IF(CF21+CG21+CH21+CI21+CJ21>0,1,0) | CL21: =IF(CC21=1,0,IF(CK21=1,CF21*AE21,BX21*Z21*CE21)) | CM21: =IF(CC21=1,0,IF(CK21=1,CG21*AF21,BY21*AA21*CE21)) | CN21: =IF(CC21=1,0,IF(CK21=1,CH21*AG21,BZ21*AB21*CE21)) | CO21: =IF(CC21=1,0,IF(CK21=1,CI21*AH21,CA21*AC21*CE21)) | CP21: =IF(CC21=1,0,IF(CK21=1,CJ21*AI21,CB21*AD21*CE21)) | CQ21: =IF(CC21=1,BW21,IF(CK21=1,BW21-(CF21*AE21+CG21*AF21+CH21*AG21+CI21*AH21+CJ21*AI21),0)) | CR21: =IF(AND(BX21=1,CF21=0),1,0) | CS21: =IF(AND(BY21=1,CG21=0),1,0) | CT21: =IF(AND(BZ21=1,CH21=0),1,0) | CU21: =IF(AND(CA21=1,CI21=0),1,0) | CV21: =IF(AND(CB21=1,CJ21=0),1,0) | CW21: =IF(OR(OR(CC21=1,CK21=0),CQ21<=0.000001,CX21<=0),1,0) | CX21: =Z21*CR21+AA21*CS21+AB21*CT21+AC21*CU21+AD21*CV21 | CY21: =IF(CW21=1,0,CQ21/CX21) | CZ21: =IF(AND(CW21=0,CR21=1,Z21*CY21>AE21+0.000001),1,0) | DA21: =IF(AND(CW21=0,CS21=1,AA21*CY21>AF21+0.000001),1,0) | DB21: =IF(AND(CW21=0,CT21=1,AB21*CY21>AG21+0.000001),1,0) | DC21: =IF(AND(CW21=0,CU21=1,AC21*CY21>AH21+0.000001),1,0) | DD21: =IF(AND(CW21=0,CV21=1,AD21*CY21>AI21+0.000001),1,0) | DE21: =IF(CZ21+DA21+DB21+DC21+DD21>0,1,0) | DF21: =IF(CW21=1,0,IF(DE21=1,CZ21*AE21,CR21*Z21*CY21)) | DG21: =IF(CW21=1,0,IF(DE21=1,DA21*AF21,CS21*AA21*CY21)) | DH21: =IF(CW21=1,0,IF(DE21=1,DB21*AG21,CT21*AB21*CY21)) | DI21: =IF(CW21=1,0,IF(DE21=1,DC21*AH21,CU21*AC21*CY21)) | DJ21: =IF(CW21=1,0,IF(DE21=1,DD21*AI21,CV21*AD21*CY21)) | DK21: =IF(CW21=1,CQ21,IF(DE21=1,CQ21-(CZ21*AE21+DA21*AF21+DB21*AG21+DC21*AH21+DD21*AI21),0)) | DL21: =IF(AND(CR21=1,CZ21=0),1,0) | DM21: =IF(AND(CS21=1,DA21=0),1,0) | DN21: =IF(AND(CT21=1,DB21=0),1,0) | DO21: =IF(AND(CU21=1,DC21=0),1,0) | DP21: =IF(AND(CV21=1,DD21=0),1,0) | DQ21: =IF(OR(OR(CW21=1,DE21=0),DK21<=0.000001,DR21<=0),1,0) | DR21: =Z21*DL21+AA21*DM21+AB21*DN21+AC21*DO21+AD21*DP21 | DS21: =IF(DQ21=1,0,DK21/DR21) | DT21: =IF(AND(DQ21=0,DL21=1,Z21*DS21>AE21+0.000001),1,0) | DU21: =IF(AND(DQ21=0,DM21=1,AA21*DS21>AF21+0.000001),1,0) | DV21: =IF(AND(DQ21=0,DN21=1,AB21*DS21>AG21+0.000001),1,0) | DW21: =IF(AND(DQ21=0,DO21=1,AC21*DS21>AH21+0.000001),1,0) | DX21: =IF(AND(DQ21=0,DP21=1,AD21*DS21>AI21+0.000001),1,0) | DY21: =IF(DT21+DU21+DV21+DW21+DX21>0,1,0) | DZ21: =IF(DQ21=1,0,IF(DY21=1,DT21*AE21,DL21*Z21*DS21)) | EA21: =IF(DQ21=1,0,IF(DY21=1,DU21*AF21,DM21*AA21*DS21)) | EB21: =IF(DQ21=1,0,IF(DY21=1,DV21*AG21,DN21*AB21*DS21)) | EC21: =IF(DQ21=1,0,IF(DY21=1,DW21*AH21,DO21*AC21*DS21)) | ED21: =IF(DQ21=1,0,IF(DY21=1,DX21*AI21,DP21*AD21*DS21)) | EE21: =IF(DQ21=1,DK21,IF(DY21=1,DK21-(DT21*AE21+DU21*AF21+DV21*AG21+DW21*AH21+DX21*AI21),0)) | EF21: =IF(AND(DL21=1,DT21=0),1,0) | EG21: =IF(AND(DM21=1,DU21=0),1,0) | EH21: =IF(AND(DN21=1,DV21=0),1,0) | EI21: =IF(AND(DO21=1,DW21=0),1,0) | EJ21: =IF(AND(DP21=1,DX21=0),1,0) | EK21: =AX21+BR21+CL21+DF21+DZ21 | EL21: =U21+EP21 | EM21: =V21+EQ21 | EN21: =W21+ER21 | EO21: =X21+ES21 | EP21: =AY21+BS21+CM21+DG21+EA21 | EQ21: =AZ21+BT21+CN21+DH21+EB21 | ER21: =BA21+BU21+CO21+DI21+EC21 | ES21: =BB21+BV21+CP21+DJ21+ED21 | ET21: =IF(AND(OR($B$9=0,INDEX($EL$14:$EL$29,7)<=EL21+0.000001),OR($C$9=0,INDEX($EM$14:$EM$29,6)<=EM21+0.000001),OR($D$9=0,INDEX($EN$14:$EN$29,4)<=EN21+0.000001),OR($E$9=0,INDEX($EO$14:$EO$29,16)<=EO21+0.000001)),1,0) | EU21: =IF(AND(OR($B$9=1,MOD(INT(A21/1),2)=0),OR($C$9=1,MOD(INT(A21/2),2)=0),OR($D$9=1,MOD(INT(A21/4),2)=0),OR($E$9=1,MOD(INT(A21/8),2)=0)),1,0) | EV21: =IF(AND(ET21=1,EU21=1),(MOD(INT(A21/1),2)+MOD(INT(A21/2),2)+MOD(INT(A21/4),2)+MOD(INT(A21/8),2))*100+A21,"")
A22: 8 | B22: =IF(AND($B$9=1,MOD(INT(A22/1),2)=1),1,0) | C22: =IF(AND($C$9=1,MOD(INT(A22/2),2)=1),1,0) | D22: =IF(AND($D$9=1,MOD(INT(A22/4),2)=1),1,0) | E22: =IF(AND($E$9=1,MOD(INT(A22/8),2)=1),1,0) | F22: =$H$4 | G22: =F22-M22 | H22: =G22-L22 | I22: =H22-K22 | J22: =IF(B22=1,0,MIN($B$6,I22)) | K22: =IF(C22=1,0,MIN($C$6,H22)) | L22: =IF(D22=1,0,MIN($D$6,G22)) | M22: =IF(E22=1,0,MIN($E$6,F22)) | N22: =I22-J22 | O22: =(1-B22)*$B$6+(1-C22)*$C$6+(1-D22)*$D$6+(1-E22)*$E$6 | P22: =IF(B22=1,0,IF(O22<=0,0,IF($H$4>=O22,$B$6,$H$4*$B$6/O22))) | Q22: =IF(C22=1,0,IF(O22<=0,0,IF($H$4>=O22,$C$6,$H$4*$C$6/O22))) | R22: =IF(D22=1,0,IF(O22<=0,0,IF($H$4>=O22,$D$6,$H$4*$D$6/O22))) | S22: =IF(E22=1,0,IF(O22<=0,0,IF($H$4>=O22,$E$6,$H$4*$E$6/O22))) | T22: =IF(O22<=0,$H$4,MAX(0,$H$4-O22)) | U22: =IF($H$5=1,P22,J22) | V22: =IF($H$5=1,Q22,K22) | W22: =IF($H$5=1,R22,L22) | X22: =IF($H$5=1,S22,M22) | Y22: =IF($H$5=1,T22,N22) | Z22: =$H$3 | AA22: =IF(OR(B22=1,$B$8=2,$B$8=3),$B$4,0) | AB22: =IF(OR(C22=1,$C$8=2,$C$8=3),$C$4,0) | AC22: =IF(OR(D22=1,$D$8=2,$D$8=3),$D$4,0) | AD22: =IF(OR(E22=1,$E$8=2,$E$8=3),$E$4,0) | AE22: =1E+300 | AF22: =IF(OR(B22=1,$B$8=2),1E+300,MAX(0,$B$7-U22)) | AG22: =IF(OR(C22=1,$C$8=2),1E+300,MAX(0,$C$7-V22)) | AH22: =IF(OR(D22=1,$D$8=2),1E+300,MAX(0,$D$7-W22)) | AI22: =IF(OR(E22=1,$E$8=2),1E+300,MAX(0,$E$7-X22)) | AJ22: =IF(Z22>0,1,0) | AK22: =IF(AA22>0,1,0) | AL22: =IF(AB22>0,1,0) | AM22: =IF(AC22>0,1,0) | AN22: =IF(AD22>0,1,0) | AO22: =IF(OR(FALSE,Y22<=0.000001,AP22<=0),1,0) | AP22: =Z22*AJ22+AA22*AK22+AB22*AL22+AC22*AM22+AD22*AN22 | AQ22: =IF(AO22=1,0,Y22/AP22) | AR22: =IF(AND(AO22=0,AJ22=1,Z22*AQ22>AE22+0.000001),1,0) | AS22: =IF(AND(AO22=0,AK22=1,AA22*AQ22>AF22+0.000001),1,0) | AT22: =IF(AND(AO22=0,AL22=1,AB22*AQ22>AG22+0.000001),1,0) | AU22: =IF(AND(AO22=0,AM22=1,AC22*AQ22>AH22+0.000001),1,0) | AV22: =IF(AND(AO22=0,AN22=1,AD22*AQ22>AI22+0.000001),1,0) | AW22: =IF(AR22+AS22+AT22+AU22+AV22>0,1,0) | AX22: =IF(AO22=1,0,IF(AW22=1,AR22*AE22,AJ22*Z22*AQ22)) | AY22: =IF(AO22=1,0,IF(AW22=1,AS22*AF22,AK22*AA22*AQ22)) | AZ22: =IF(AO22=1,0,IF(AW22=1,AT22*AG22,AL22*AB22*AQ22)) | BA22: =IF(AO22=1,0,IF(AW22=1,AU22*AH22,AM22*AC22*AQ22)) | BB22: =IF(AO22=1,0,IF(AW22=1,AV22*AI22,AN22*AD22*AQ22)) | BC22: =IF(AO22=1,Y22,IF(AW22=1,Y22-(AR22*AE22+AS22*AF22+AT22*AG22+AU22*AH22+AV22*AI22),0)) | BD22: =IF(AND(AJ22=1,AR22=0),1,0) | BE22: =IF(AND(AK22=1,AS22=0),1,0) | BF22: =IF(AND(AL22=1,AT22=0),1,0) | BG22: =IF(AND(AM22=1,AU22=0),1,0) | BH22: =IF(AND(AN22=1,AV22=0),1,0) | BI22: =IF(OR(OR(AO22=1,AW22=0),BC22<=0.000001,BJ22<=0),1,0) | BJ22: =Z22*BD22+AA22*BE22+AB22*BF22+AC22*BG22+AD22*BH22 | BK22: =IF(BI22=1,0,BC22/BJ22) | BL22: =IF(AND(BI22=0,BD22=1,Z22*BK22>AE22+0.000001),1,0) | BM22: =IF(AND(BI22=0,BE22=1,AA22*BK22>AF22+0.000001),1,0) | BN22: =IF(AND(BI22=0,BF22=1,AB22*BK22>AG22+0.000001),1,0) | BO22: =IF(AND(BI22=0,BG22=1,AC22*BK22>AH22+0.000001),1,0) | BP22: =IF(AND(BI22=0,BH22=1,AD22*BK22>AI22+0.000001),1,0) | BQ22: =IF(BL22+BM22+BN22+BO22+BP22>0,1,0) | BR22: =IF(BI22=1,0,IF(BQ22=1,BL22*AE22,BD22*Z22*BK22)) | BS22: =IF(BI22=1,0,IF(BQ22=1,BM22*AF22,BE22*AA22*BK22)) | BT22: =IF(BI22=1,0,IF(BQ22=1,BN22*AG22,BF22*AB22*BK22)) | BU22: =IF(BI22=1,0,IF(BQ22=1,BO22*AH22,BG22*AC22*BK22)) | BV22: =IF(BI22=1,0,IF(BQ22=1,BP22*AI22,BH22*AD22*BK22)) | BW22: =IF(BI22=1,BC22,IF(BQ22=1,BC22-(BL22*AE22+BM22*AF22+BN22*AG22+BO22*AH22+BP22*AI22),0)) | BX22: =IF(AND(BD22=1,BL22=0),1,0) | BY22: =IF(AND(BE22=1,BM22=0),1,0) | BZ22: =IF(AND(BF22=1,BN22=0),1,0) | CA22: =IF(AND(BG22=1,BO22=0),1,0) | CB22: =IF(AND(BH22=1,BP22=0),1,0) | CC22: =IF(OR(OR(BI22=1,BQ22=0),BW22<=0.000001,CD22<=0),1,0) | CD22: =Z22*BX22+AA22*BY22+AB22*BZ22+AC22*CA22+AD22*CB22 | CE22: =IF(CC22=1,0,BW22/CD22) | CF22: =IF(AND(CC22=0,BX22=1,Z22*CE22>AE22+0.000001),1,0) | CG22: =IF(AND(CC22=0,BY22=1,AA22*CE22>AF22+0.000001),1,0) | CH22: =IF(AND(CC22=0,BZ22=1,AB22*CE22>AG22+0.000001),1,0) | CI22: =IF(AND(CC22=0,CA22=1,AC22*CE22>AH22+0.000001),1,0) | CJ22: =IF(AND(CC22=0,CB22=1,AD22*CE22>AI22+0.000001),1,0) | CK22: =IF(CF22+CG22+CH22+CI22+CJ22>0,1,0) | CL22: =IF(CC22=1,0,IF(CK22=1,CF22*AE22,BX22*Z22*CE22)) | CM22: =IF(CC22=1,0,IF(CK22=1,CG22*AF22,BY22*AA22*CE22)) | CN22: =IF(CC22=1,0,IF(CK22=1,CH22*AG22,BZ22*AB22*CE22)) | CO22: =IF(CC22=1,0,IF(CK22=1,CI22*AH22,CA22*AC22*CE22)) | CP22: =IF(CC22=1,0,IF(CK22=1,CJ22*AI22,CB22*AD22*CE22)) | CQ22: =IF(CC22=1,BW22,IF(CK22=1,BW22-(CF22*AE22+CG22*AF22+CH22*AG22+CI22*AH22+CJ22*AI22),0)) | CR22: =IF(AND(BX22=1,CF22=0),1,0) | CS22: =IF(AND(BY22=1,CG22=0),1,0) | CT22: =IF(AND(BZ22=1,CH22=0),1,0) | CU22: =IF(AND(CA22=1,CI22=0),1,0) | CV22: =IF(AND(CB22=1,CJ22=0),1,0) | CW22: =IF(OR(OR(CC22=1,CK22=0),CQ22<=0.000001,CX22<=0),1,0) | CX22: =Z22*CR22+AA22*CS22+AB22*CT22+AC22*CU22+AD22*CV22 | CY22: =IF(CW22=1,0,CQ22/CX22) | CZ22: =IF(AND(CW22=0,CR22=1,Z22*CY22>AE22+0.000001),1,0) | DA22: =IF(AND(CW22=0,CS22=1,AA22*CY22>AF22+0.000001),1,0) | DB22: =IF(AND(CW22=0,CT22=1,AB22*CY22>AG22+0.000001),1,0) | DC22: =IF(AND(CW22=0,CU22=1,AC22*CY22>AH22+0.000001),1,0) | DD22: =IF(AND(CW22=0,CV22=1,AD22*CY22>AI22+0.000001),1,0) | DE22: =IF(CZ22+DA22+DB22+DC22+DD22>0,1,0) | DF22: =IF(CW22=1,0,IF(DE22=1,CZ22*AE22,CR22*Z22*CY22)) | DG22: =IF(CW22=1,0,IF(DE22=1,DA22*AF22,CS22*AA22*CY22)) | DH22: =IF(CW22=1,0,IF(DE22=1,DB22*AG22,CT22*AB22*CY22)) | DI22: =IF(CW22=1,0,IF(DE22=1,DC22*AH22,CU22*AC22*CY22)) | DJ22: =IF(CW22=1,0,IF(DE22=1,DD22*AI22,CV22*AD22*CY22)) | DK22: =IF(CW22=1,CQ22,IF(DE22=1,CQ22-(CZ22*AE22+DA22*AF22+DB22*AG22+DC22*AH22+DD22*AI22),0)) | DL22: =IF(AND(CR22=1,CZ22=0),1,0) | DM22: =IF(AND(CS22=1,DA22=0),1,0) | DN22: =IF(AND(CT22=1,DB22=0),1,0) | DO22: =IF(AND(CU22=1,DC22=0),1,0) | DP22: =IF(AND(CV22=1,DD22=0),1,0) | DQ22: =IF(OR(OR(CW22=1,DE22=0),DK22<=0.000001,DR22<=0),1,0) | DR22: =Z22*DL22+AA22*DM22+AB22*DN22+AC22*DO22+AD22*DP22 | DS22: =IF(DQ22=1,0,DK22/DR22) | DT22: =IF(AND(DQ22=0,DL22=1,Z22*DS22>AE22+0.000001),1,0) | DU22: =IF(AND(DQ22=0,DM22=1,AA22*DS22>AF22+0.000001),1,0) | DV22: =IF(AND(DQ22=0,DN22=1,AB22*DS22>AG22+0.000001),1,0) | DW22: =IF(AND(DQ22=0,DO22=1,AC22*DS22>AH22+0.000001),1,0) | DX22: =IF(AND(DQ22=0,DP22=1,AD22*DS22>AI22+0.000001),1,0) | DY22: =IF(DT22+DU22+DV22+DW22+DX22>0,1,0) | DZ22: =IF(DQ22=1,0,IF(DY22=1,DT22*AE22,DL22*Z22*DS22)) | EA22: =IF(DQ22=1,0,IF(DY22=1,DU22*AF22,DM22*AA22*DS22)) | EB22: =IF(DQ22=1,0,IF(DY22=1,DV22*AG22,DN22*AB22*DS22)) | EC22: =IF(DQ22=1,0,IF(DY22=1,DW22*AH22,DO22*AC22*DS22)) | ED22: =IF(DQ22=1,0,IF(DY22=1,DX22*AI22,DP22*AD22*DS22)) | EE22: =IF(DQ22=1,DK22,IF(DY22=1,DK22-(DT22*AE22+DU22*AF22+DV22*AG22+DW22*AH22+DX22*AI22),0)) | EF22: =IF(AND(DL22=1,DT22=0),1,0) | EG22: =IF(AND(DM22=1,DU22=0),1,0) | EH22: =IF(AND(DN22=1,DV22=0),1,0) | EI22: =IF(AND(DO22=1,DW22=0),1,0) | EJ22: =IF(AND(DP22=1,DX22=0),1,0) | EK22: =AX22+BR22+CL22+DF22+DZ22 | EL22: =U22+EP22 | EM22: =V22+EQ22 | EN22: =W22+ER22 | EO22: =X22+ES22 | EP22: =AY22+BS22+CM22+DG22+EA22 | EQ22: =AZ22+BT22+CN22+DH22+EB22 | ER22: =BA22+BU22+CO22+DI22+EC22 | ES22: =BB22+BV22+CP22+DJ22+ED22 | ET22: =IF(AND(OR($B$9=0,INDEX($EL$14:$EL$29,10)<=EL22+0.000001),OR($C$9=0,INDEX($EM$14:$EM$29,11)<=EM22+0.000001),OR($D$9=0,INDEX($EN$14:$EN$29,13)<=EN22+0.000001),OR($E$9=0,INDEX($EO$14:$EO$29,1)<=EO22+0.000001)),1,0) | EU22: =IF(AND(OR($B$9=1,MOD(INT(A22/1),2)=0),OR($C$9=1,MOD(INT(A22/2),2)=0),OR($D$9=1,MOD(INT(A22/4),2)=0),OR($E$9=1,MOD(INT(A22/8),2)=0)),1,0) | EV22: =IF(AND(ET22=1,EU22=1),(MOD(INT(A22/1),2)+MOD(INT(A22/2),2)+MOD(INT(A22/4),2)+MOD(INT(A22/8),2))*100+A22,"")
A23: 9 | B23: =IF(AND($B$9=1,MOD(INT(A23/1),2)=1),1,0) | C23: =IF(AND($C$9=1,MOD(INT(A23/2),2)=1),1,0) | D23: =IF(AND($D$9=1,MOD(INT(A23/4),2)=1),1,0) | E23: =IF(AND($E$9=1,MOD(INT(A23/8),2)=1),1,0) | F23: =$H$4 | G23: =F23-M23 | H23: =G23-L23 | I23: =H23-K23 | J23: =IF(B23=1,0,MIN($B$6,I23)) | K23: =IF(C23=1,0,MIN($C$6,H23)) | L23: =IF(D23=1,0,MIN($D$6,G23)) | M23: =IF(E23=1,0,MIN($E$6,F23)) | N23: =I23-J23 | O23: =(1-B23)*$B$6+(1-C23)*$C$6+(1-D23)*$D$6+(1-E23)*$E$6 | P23: =IF(B23=1,0,IF(O23<=0,0,IF($H$4>=O23,$B$6,$H$4*$B$6/O23))) | Q23: =IF(C23=1,0,IF(O23<=0,0,IF($H$4>=O23,$C$6,$H$4*$C$6/O23))) | R23: =IF(D23=1,0,IF(O23<=0,0,IF($H$4>=O23,$D$6,$H$4*$D$6/O23))) | S23: =IF(E23=1,0,IF(O23<=0,0,IF($H$4>=O23,$E$6,$H$4*$E$6/O23))) | T23: =IF(O23<=0,$H$4,MAX(0,$H$4-O23)) | U23: =IF($H$5=1,P23,J23) | V23: =IF($H$5=1,Q23,K23) | W23: =IF($H$5=1,R23,L23) | X23: =IF($H$5=1,S23,M23) | Y23: =IF($H$5=1,T23,N23) | Z23: =$H$3 | AA23: =IF(OR(B23=1,$B$8=2,$B$8=3),$B$4,0) | AB23: =IF(OR(C23=1,$C$8=2,$C$8=3),$C$4,0) | AC23: =IF(OR(D23=1,$D$8=2,$D$8=3),$D$4,0) | AD23: =IF(OR(E23=1,$E$8=2,$E$8=3),$E$4,0) | AE23: =1E+300 | AF23: =IF(OR(B23=1,$B$8=2),1E+300,MAX(0,$B$7-U23)) | AG23: =IF(OR(C23=1,$C$8=2),1E+300,MAX(0,$C$7-V23)) | AH23: =IF(OR(D23=1,$D$8=2),1E+300,MAX(0,$D$7-W23)) | AI23: =IF(OR(E23=1,$E$8=2),1E+300,MAX(0,$E$7-X23)) | AJ23: =IF(Z23>0,1,0) | AK23: =IF(AA23>0,1,0) | AL23: =IF(AB23>0,1,0) | AM23: =IF(AC23>0,1,0) | AN23: =IF(AD23>0,1,0) | AO23: =IF(OR(FALSE,Y23<=0.000001,AP23<=0),1,0) | AP23: =Z23*AJ23+AA23*AK23+AB23*AL23+AC23*AM23+AD23*AN23 | AQ23: =IF(AO23=1,0,Y23/AP23) | AR23: =IF(AND(AO23=0,AJ23=1,Z23*AQ23>AE23+0.000001),1,0) | AS23: =IF(AND(AO23=0,AK23=1,AA23*AQ23>AF23+0.000001),1,0) | AT23: =IF(AND(AO23=0,AL23=1,AB23*AQ23>AG23+0.000001),1,0) | AU23: =IF(AND(AO23=0,AM23=1,AC23*AQ23>AH23+0.000001),1,0) | AV23: =IF(AND(AO23=0,AN23=1,AD23*AQ23>AI23+0.000001),1,0) | AW23: =IF(AR23+AS23+AT23+AU23+AV23>0,1,0) | AX23: =IF(AO23=1,0,IF(AW23=1,AR23*AE23,AJ23*Z23*AQ23)) | AY23: =IF(AO23=1,0,IF(AW23=1,AS23*AF23,AK23*AA23*AQ23)) | AZ23: =IF(AO23=1,0,IF(AW23=1,AT23*AG23,AL23*AB23*AQ23)) | BA23: =IF(AO23=1,0,IF(AW23=1,AU23*AH23,AM23*AC23*AQ23)) | BB23: =IF(AO23=1,0,IF(AW23=1,AV23*AI23,AN23*AD23*AQ23)) | BC23: =IF(AO23=1,Y23,IF(AW23=1,Y23-(AR23*AE23+AS23*AF23+AT23*AG23+AU23*AH23+AV23*AI23),0)) | BD23: =IF(AND(AJ23=1,AR23=0),1,0) | BE23: =IF(AND(AK23=1,AS23=0),1,0) | BF23: =IF(AND(AL23=1,AT23=0),1,0) | BG23: =IF(AND(AM23=1,AU23=0),1,0) | BH23: =IF(AND(AN23=1,AV23=0),1,0) | BI23: =IF(OR(OR(AO23=1,AW23=0),BC23<=0.000001,BJ23<=0),1,0) | BJ23: =Z23*BD23+AA23*BE23+AB23*BF23+AC23*BG23+AD23*BH23 | BK23: =IF(BI23=1,0,BC23/BJ23) | BL23: =IF(AND(BI23=0,BD23=1,Z23*BK23>AE23+0.000001),1,0) | BM23: =IF(AND(BI23=0,BE23=1,AA23*BK23>AF23+0.000001),1,0) | BN23: =IF(AND(BI23=0,BF23=1,AB23*BK23>AG23+0.000001),1,0) | BO23: =IF(AND(BI23=0,BG23=1,AC23*BK23>AH23+0.000001),1,0) | BP23: =IF(AND(BI23=0,BH23=1,AD23*BK23>AI23+0.000001),1,0) | BQ23: =IF(BL23+BM23+BN23+BO23+BP23>0,1,0) | BR23: =IF(BI23=1,0,IF(BQ23=1,BL23*AE23,BD23*Z23*BK23)) | BS23: =IF(BI23=1,0,IF(BQ23=1,BM23*AF23,BE23*AA23*BK23)) | BT23: =IF(BI23=1,0,IF(BQ23=1,BN23*AG23,BF23*AB23*BK23)) | BU23: =IF(BI23=1,0,IF(BQ23=1,BO23*AH23,BG23*AC23*BK23)) | BV23: =IF(BI23=1,0,IF(BQ23=1,BP23*AI23,BH23*AD23*BK23)) | BW23: =IF(BI23=1,BC23,IF(BQ23=1,BC23-(BL23*AE23+BM23*AF23+BN23*AG23+BO23*AH23+BP23*AI23),0)) | BX23: =IF(AND(BD23=1,BL23=0),1,0) | BY23: =IF(AND(BE23=1,BM23=0),1,0) | BZ23: =IF(AND(BF23=1,BN23=0),1,0) | CA23: =IF(AND(BG23=1,BO23=0),1,0) | CB23: =IF(AND(BH23=1,BP23=0),1,0) | CC23: =IF(OR(OR(BI23=1,BQ23=0),BW23<=0.000001,CD23<=0),1,0) | CD23: =Z23*BX23+AA23*BY23+AB23*BZ23+AC23*CA23+AD23*CB23 | CE23: =IF(CC23=1,0,BW23/CD23) | CF23: =IF(AND(CC23=0,BX23=1,Z23*CE23>AE23+0.000001),1,0) | CG23: =IF(AND(CC23=0,BY23=1,AA23*CE23>AF23+0.000001),1,0) | CH23: =IF(AND(CC23=0,BZ23=1,AB23*CE23>AG23+0.000001),1,0) | CI23: =IF(AND(CC23=0,CA23=1,AC23*CE23>AH23+0.000001),1,0) | CJ23: =IF(AND(CC23=0,CB23=1,AD23*CE23>AI23+0.000001),1,0) | CK23: =IF(CF23+CG23+CH23+CI23+CJ23>0,1,0) | CL23: =IF(CC23=1,0,IF(CK23=1,CF23*AE23,BX23*Z23*CE23)) | CM23: =IF(CC23=1,0,IF(CK23=1,CG23*AF23,BY23*AA23*CE23)) | CN23: =IF(CC23=1,0,IF(CK23=1,CH23*AG23,BZ23*AB23*CE23)) | CO23: =IF(CC23=1,0,IF(CK23=1,CI23*AH23,CA23*AC23*CE23)) | CP23: =IF(CC23=1,0,IF(CK23=1,CJ23*AI23,CB23*AD23*CE23)) | CQ23: =IF(CC23=1,BW23,IF(CK23=1,BW23-(CF23*AE23+CG23*AF23+CH23*AG23+CI23*AH23+CJ23*AI23),0)) | CR23: =IF(AND(BX23=1,CF23=0),1,0) | CS23: =IF(AND(BY23=1,CG23=0),1,0) | CT23: =IF(AND(BZ23=1,CH23=0),1,0) | CU23: =IF(AND(CA23=1,CI23=0),1,0) | CV23: =IF(AND(CB23=1,CJ23=0),1,0) | CW23: =IF(OR(OR(CC23=1,CK23=0),CQ23<=0.000001,CX23<=0),1,0) | CX23: =Z23*CR23+AA23*CS23+AB23*CT23+AC23*CU23+AD23*CV23 | CY23: =IF(CW23=1,0,CQ23/CX23) | CZ23: =IF(AND(CW23=0,CR23=1,Z23*CY23>AE23+0.000001),1,0) | DA23: =IF(AND(CW23=0,CS23=1,AA23*CY23>AF23+0.000001),1,0) | DB23: =IF(AND(CW23=0,CT23=1,AB23*CY23>AG23+0.000001),1,0) | DC23: =IF(AND(CW23=0,CU23=1,AC23*CY23>AH23+0.000001),1,0) | DD23: =IF(AND(CW23=0,CV23=1,AD23*CY23>AI23+0.000001),1,0) | DE23: =IF(CZ23+DA23+DB23+DC23+DD23>0,1,0) | DF23: =IF(CW23=1,0,IF(DE23=1,CZ23*AE23,CR23*Z23*CY23)) | DG23: =IF(CW23=1,0,IF(DE23=1,DA23*AF23,CS23*AA23*CY23)) | DH23: =IF(CW23=1,0,IF(DE23=1,DB23*AG23,CT23*AB23*CY23)) | DI23: =IF(CW23=1,0,IF(DE23=1,DC23*AH23,CU23*AC23*CY23)) | DJ23: =IF(CW23=1,0,IF(DE23=1,DD23*AI23,CV23*AD23*CY23)) | DK23: =IF(CW23=1,CQ23,IF(DE23=1,CQ23-(CZ23*AE23+DA23*AF23+DB23*AG23+DC23*AH23+DD23*AI23),0)) | DL23: =IF(AND(CR23=1,CZ23=0),1,0) | DM23: =IF(AND(CS23=1,DA23=0),1,0) | DN23: =IF(AND(CT23=1,DB23=0),1,0) | DO23: =IF(AND(CU23=1,DC23=0),1,0) | DP23: =IF(AND(CV23=1,DD23=0),1,0) | DQ23: =IF(OR(OR(CW23=1,DE23=0),DK23<=0.000001,DR23<=0),1,0) | DR23: =Z23*DL23+AA23*DM23+AB23*DN23+AC23*DO23+AD23*DP23 | DS23: =IF(DQ23=1,0,DK23/DR23) | DT23: =IF(AND(DQ23=0,DL23=1,Z23*DS23>AE23+0.000001),1,0) | DU23: =IF(AND(DQ23=0,DM23=1,AA23*DS23>AF23+0.000001),1,0) | DV23: =IF(AND(DQ23=0,DN23=1,AB23*DS23>AG23+0.000001),1,0) | DW23: =IF(AND(DQ23=0,DO23=1,AC23*DS23>AH23+0.000001),1,0) | DX23: =IF(AND(DQ23=0,DP23=1,AD23*DS23>AI23+0.000001),1,0) | DY23: =IF(DT23+DU23+DV23+DW23+DX23>0,1,0) | DZ23: =IF(DQ23=1,0,IF(DY23=1,DT23*AE23,DL23*Z23*DS23)) | EA23: =IF(DQ23=1,0,IF(DY23=1,DU23*AF23,DM23*AA23*DS23)) | EB23: =IF(DQ23=1,0,IF(DY23=1,DV23*AG23,DN23*AB23*DS23)) | EC23: =IF(DQ23=1,0,IF(DY23=1,DW23*AH23,DO23*AC23*DS23)) | ED23: =IF(DQ23=1,0,IF(DY23=1,DX23*AI23,DP23*AD23*DS23)) | EE23: =IF(DQ23=1,DK23,IF(DY23=1,DK23-(DT23*AE23+DU23*AF23+DV23*AG23+DW23*AH23+DX23*AI23),0)) | EF23: =IF(AND(DL23=1,DT23=0),1,0) | EG23: =IF(AND(DM23=1,DU23=0),1,0) | EH23: =IF(AND(DN23=1,DV23=0),1,0) | EI23: =IF(AND(DO23=1,DW23=0),1,0) | EJ23: =IF(AND(DP23=1,DX23=0),1,0) | EK23: =AX23+BR23+CL23+DF23+DZ23 | EL23: =U23+EP23 | EM23: =V23+EQ23 | EN23: =W23+ER23 | EO23: =X23+ES23 | EP23: =AY23+BS23+CM23+DG23+EA23 | EQ23: =AZ23+BT23+CN23+DH23+EB23 | ER23: =BA23+BU23+CO23+DI23+EC23 | ES23: =BB23+BV23+CP23+DJ23+ED23 | ET23: =IF(AND(OR($B$9=0,INDEX($EL$14:$EL$29,9)<=EL23+0.000001),OR($C$9=0,INDEX($EM$14:$EM$29,12)<=EM23+0.000001),OR($D$9=0,INDEX($EN$14:$EN$29,14)<=EN23+0.000001),OR($E$9=0,INDEX($EO$14:$EO$29,2)<=EO23+0.000001)),1,0) | EU23: =IF(AND(OR($B$9=1,MOD(INT(A23/1),2)=0),OR($C$9=1,MOD(INT(A23/2),2)=0),OR($D$9=1,MOD(INT(A23/4),2)=0),OR($E$9=1,MOD(INT(A23/8),2)=0)),1,0) | EV23: =IF(AND(ET23=1,EU23=1),(MOD(INT(A23/1),2)+MOD(INT(A23/2),2)+MOD(INT(A23/4),2)+MOD(INT(A23/8),2))*100+A23,"")
A24: 10 | B24: =IF(AND($B$9=1,MOD(INT(A24/1),2)=1),1,0) | C24: =IF(AND($C$9=1,MOD(INT(A24/2),2)=1),1,0) | D24: =IF(AND($D$9=1,MOD(INT(A24/4),2)=1),1,0) | E24: =IF(AND($E$9=1,MOD(INT(A24/8),2)=1),1,0) | F24: =$H$4 | G24: =F24-M24 | H24: =G24-L24 | I24: =H24-K24 | J24: =IF(B24=1,0,MIN($B$6,I24)) | K24: =IF(C24=1,0,MIN($C$6,H24)) | L24: =IF(D24=1,0,MIN($D$6,G24)) | M24: =IF(E24=1,0,MIN($E$6,F24)) | N24: =I24-J24 | O24: =(1-B24)*$B$6+(1-C24)*$C$6+(1-D24)*$D$6+(1-E24)*$E$6 | P24: =IF(B24=1,0,IF(O24<=0,0,IF($H$4>=O24,$B$6,$H$4*$B$6/O24))) | Q24: =IF(C24=1,0,IF(O24<=0,0,IF($H$4>=O24,$C$6,$H$4*$C$6/O24))) | R24: =IF(D24=1,0,IF(O24<=0,0,IF($H$4>=O24,$D$6,$H$4*$D$6/O24))) | S24: =IF(E24=1,0,IF(O24<=0,0,IF($H$4>=O24,$E$6,$H$4*$E$6/O24))) | T24: =IF(O24<=0,$H$4,MAX(0,$H$4-O24)) | U24: =IF($H$5=1,P24,J24) | V24: =IF($H$5=1,Q24,K24) | W24: =IF($H$5=1,R24,L24) | X24: =IF($H$5=1,S24,M24) | Y24: =IF($H$5=1,T24,N24) | Z24: =$H$3 | AA24: =IF(OR(B24=1,$B$8=2,$B$8=3),$B$4,0) | AB24: =IF(OR(C24=1,$C$8=2,$C$8=3),$C$4,0) | AC24: =IF(OR(D24=1,$D$8=2,$D$8=3),$D$4,0) | AD24: =IF(OR(E24=1,$E$8=2,$E$8=3),$E$4,0) | AE24: =1E+300 | AF24: =IF(OR(B24=1,$B$8=2),1E+300,MAX(0,$B$7-U24)) | AG24: =IF(OR(C24=1,$C$8=2),1E+300,MAX(0,$C$7-V24)) | AH24: =IF(OR(D24=1,$D$8=2),1E+300,MAX(0,$D$7-W24)) | AI24: =IF(OR(E24=1,$E$8=2),1E+300,MAX(0,$E$7-X24)) | AJ24: =IF(Z24>0,1,0) | AK24: =IF(AA24>0,1,0) | AL24: =IF(AB24>0,1,0) | AM24: =IF(AC24>0,1,0) | AN24: =IF(AD24>0,1,0) | AO24: =IF(OR(FALSE,Y24<=0.000001,AP24<=0),1,0) | AP24: =Z24*AJ24+AA24*AK24+AB24*AL24+AC24*AM24+AD24*AN24 | AQ24: =IF(AO24=1,0,Y24/AP24) | AR24: =IF(AND(AO24=0,AJ24=1,Z24*AQ24>AE24+0.000001),1,0) | AS24: =IF(AND(AO24=0,AK24=1,AA24*AQ24>AF24+0.000001),1,0) | AT24: =IF(AND(AO24=0,AL24=1,AB24*AQ24>AG24+0.000001),1,0) | AU24: =IF(AND(AO24=0,AM24=1,AC24*AQ24>AH24+0.000001),1,0) | AV24: =IF(AND(AO24=0,AN24=1,AD24*AQ24>AI24+0.000001),1,0) | AW24: =IF(AR24+AS24+AT24+AU24+AV24>0,1,0) | AX24: =IF(AO24=1,0,IF(AW24=1,AR24*AE24,AJ24*Z24*AQ24)) | AY24: =IF(AO24=1,0,IF(AW24=1,AS24*AF24,AK24*AA24*AQ24)) | AZ24: =IF(AO24=1,0,IF(AW24=1,AT24*AG24,AL24*AB24*AQ24)) | BA24: =IF(AO24=1,0,IF(AW24=1,AU24*AH24,AM24*AC24*AQ24)) | BB24: =IF(AO24=1,0,IF(AW24=1,AV24*AI24,AN24*AD24*AQ24)) | BC24: =IF(AO24=1,Y24,IF(AW24=1,Y24-(AR24*AE24+AS24*AF24+AT24*AG24+AU24*AH24+AV24*AI24),0)) | BD24: =IF(AND(AJ24=1,AR24=0),1,0) | BE24: =IF(AND(AK24=1,AS24=0),1,0) | BF24: =IF(AND(AL24=1,AT24=0),1,0) | BG24: =IF(AND(AM24=1,AU24=0),1,0) | BH24: =IF(AND(AN24=1,AV24=0),1,0) | BI24: =IF(OR(OR(AO24=1,AW24=0),BC24<=0.000001,BJ24<=0),1,0) | BJ24: =Z24*BD24+AA24*BE24+AB24*BF24+AC24*BG24+AD24*BH24 | BK24: =IF(BI24=1,0,BC24/BJ24) | BL24: =IF(AND(BI24=0,BD24=1,Z24*BK24>AE24+0.000001),1,0) | BM24: =IF(AND(BI24=0,BE24=1,AA24*BK24>AF24+0.000001),1,0) | BN24: =IF(AND(BI24=0,BF24=1,AB24*BK24>AG24+0.000001),1,0) | BO24: =IF(AND(BI24=0,BG24=1,AC24*BK24>AH24+0.000001),1,0) | BP24: =IF(AND(BI24=0,BH24=1,AD24*BK24>AI24+0.000001),1,0) | BQ24: =IF(BL24+BM24+BN24+BO24+BP24>0,1,0) | BR24: =IF(BI24=1,0,IF(BQ24=1,BL24*AE24,BD24*Z24*BK24)) | BS24: =IF(BI24=1,0,IF(BQ24=1,BM24*AF24,BE24*AA24*BK24)) | BT24: =IF(BI24=1,0,IF(BQ24=1,BN24*AG24,BF24*AB24*BK24)) | BU24: =IF(BI24=1,0,IF(BQ24=1,BO24*AH24,BG24*AC24*BK24)) | BV24: =IF(BI24=1,0,IF(BQ24=1,BP24*AI24,BH24*AD24*BK24)) | BW24: =IF(BI24=1,BC24,IF(BQ24=1,BC24-(BL24*AE24+BM24*AF24+BN24*AG24+BO24*AH24+BP24*AI24),0)) | BX24: =IF(AND(BD24=1,BL24=0),1,0) | BY24: =IF(AND(BE24=1,BM24=0),1,0) | BZ24: =IF(AND(BF24=1,BN24=0),1,0) | CA24: =IF(AND(BG24=1,BO24=0),1,0) | CB24: =IF(AND(BH24=1,BP24=0),1,0) | CC24: =IF(OR(OR(BI24=1,BQ24=0),BW24<=0.000001,CD24<=0),1,0) | CD24: =Z24*BX24+AA24*BY24+AB24*BZ24+AC24*CA24+AD24*CB24 | CE24: =IF(CC24=1,0,BW24/CD24) | CF24: =IF(AND(CC24=0,BX24=1,Z24*CE24>AE24+0.000001),1,0) | CG24: =IF(AND(CC24=0,BY24=1,AA24*CE24>AF24+0.000001),1,0) | CH24: =IF(AND(CC24=0,BZ24=1,AB24*CE24>AG24+0.000001),1,0) | CI24: =IF(AND(CC24=0,CA24=1,AC24*CE24>AH24+0.000001),1,0) | CJ24: =IF(AND(CC24=0,CB24=1,AD24*CE24>AI24+0.000001),1,0) | CK24: =IF(CF24+CG24+CH24+CI24+CJ24>0,1,0) | CL24: =IF(CC24=1,0,IF(CK24=1,CF24*AE24,BX24*Z24*CE24)) | CM24: =IF(CC24=1,0,IF(CK24=1,CG24*AF24,BY24*AA24*CE24)) | CN24: =IF(CC24=1,0,IF(CK24=1,CH24*AG24,BZ24*AB24*CE24)) | CO24: =IF(CC24=1,0,IF(CK24=1,CI24*AH24,CA24*AC24*CE24)) | CP24: =IF(CC24=1,0,IF(CK24=1,CJ24*AI24,CB24*AD24*CE24)) | CQ24: =IF(CC24=1,BW24,IF(CK24=1,BW24-(CF24*AE24+CG24*AF24+CH24*AG24+CI24*AH24+CJ24*AI24),0)) | CR24: =IF(AND(BX24=1,CF24=0),1,0) | CS24: =IF(AND(BY24=1,CG24=0),1,0) | CT24: =IF(AND(BZ24=1,CH24=0),1,0) | CU24: =IF(AND(CA24=1,CI24=0),1,0) | CV24: =IF(AND(CB24=1,CJ24=0),1,0) | CW24: =IF(OR(OR(CC24=1,CK24=0),CQ24<=0.000001,CX24<=0),1,0) | CX24: =Z24*CR24+AA24*CS24+AB24*CT24+AC24*CU24+AD24*CV24 | CY24: =IF(CW24=1,0,CQ24/CX24) | CZ24: =IF(AND(CW24=0,CR24=1,Z24*CY24>AE24+0.000001),1,0) | DA24: =IF(AND(CW24=0,CS24=1,AA24*CY24>AF24+0.000001),1,0) | DB24: =IF(AND(CW24=0,CT24=1,AB24*CY24>AG24+0.000001),1,0) | DC24: =IF(AND(CW24=0,CU24=1,AC24*CY24>AH24+0.000001),1,0) | DD24: =IF(AND(CW24=0,CV24=1,AD24*CY24>AI24+0.000001),1,0) | DE24: =IF(CZ24+DA24+DB24+DC24+DD24>0,1,0) | DF24: =IF(CW24=1,0,IF(DE24=1,CZ24*AE24,CR24*Z24*CY24)) | DG24: =IF(CW24=1,0,IF(DE24=1,DA24*AF24,CS24*AA24*CY24)) | DH24: =IF(CW24=1,0,IF(DE24=1,DB24*AG24,CT24*AB24*CY24)) | DI24: =IF(CW24=1,0,IF(DE24=1,DC24*AH24,CU24*AC24*CY24)) | DJ24: =IF(CW24=1,0,IF(DE24=1,DD24*AI24,CV24*AD24*CY24)) | DK24: =IF(CW24=1,CQ24,IF(DE24=1,CQ24-(CZ24*AE24+DA24*AF24+DB24*AG24+DC24*AH24+DD24*AI24),0)) | DL24: =IF(AND(CR24=1,CZ24=0),1,0) | DM24: =IF(AND(CS24=1,DA24=0),1,0) | DN24: =IF(AND(CT24=1,DB24=0),1,0) | DO24: =IF(AND(CU24=1,DC24=0),1,0) | DP24: =IF(AND(CV24=1,DD24=0),1,0) | DQ24: =IF(OR(OR(CW24=1,DE24=0),DK24<=0.000001,DR24<=0),1,0) | DR24: =Z24*DL24+AA24*DM24+AB24*DN24+AC24*DO24+AD24*DP24 | DS24: =IF(DQ24=1,0,DK24/DR24) | DT24: =IF(AND(DQ24=0,DL24=1,Z24*DS24>AE24+0.000001),1,0) | DU24: =IF(AND(DQ24=0,DM24=1,AA24*DS24>AF24+0.000001),1,0) | DV24: =IF(AND(DQ24=0,DN24=1,AB24*DS24>AG24+0.000001),1,0) | DW24: =IF(AND(DQ24=0,DO24=1,AC24*DS24>AH24+0.000001),1,0) | DX24: =IF(AND(DQ24=0,DP24=1,AD24*DS24>AI24+0.000001),1,0) | DY24: =IF(DT24+DU24+DV24+DW24+DX24>0,1,0) | DZ24: =IF(DQ24=1,0,IF(DY24=1,DT24*AE24,DL24*Z24*DS24)) | EA24: =IF(DQ24=1,0,IF(DY24=1,DU24*AF24,DM24*AA24*DS24)) | EB24: =IF(DQ24=1,0,IF(DY24=1,DV24*AG24,DN24*AB24*DS24)) | EC24: =IF(DQ24=1,0,IF(DY24=1,DW24*AH24,DO24*AC24*DS24)) | ED24: =IF(DQ24=1,0,IF(DY24=1,DX24*AI24,DP24*AD24*DS24)) | EE24: =IF(DQ24=1,DK24,IF(DY24=1,DK24-(DT24*AE24+DU24*AF24+DV24*AG24+DW24*AH24+DX24*AI24),0)) | EF24: =IF(AND(DL24=1,DT24=0),1,0) | EG24: =IF(AND(DM24=1,DU24=0),1,0) | EH24: =IF(AND(DN24=1,DV24=0),1,0) | EI24: =IF(AND(DO24=1,DW24=0),1,0) | EJ24: =IF(AND(DP24=1,DX24=0),1,0) | EK24: =AX24+BR24+CL24+DF24+DZ24 | EL24: =U24+EP24 | EM24: =V24+EQ24 | EN24: =W24+ER24 | EO24: =X24+ES24 | EP24: =AY24+BS24+CM24+DG24+EA24 | EQ24: =AZ24+BT24+CN24+DH24+EB24 | ER24: =BA24+BU24+CO24+DI24+EC24 | ES24: =BB24+BV24+CP24+DJ24+ED24 | ET24: =IF(AND(OR($B$9=0,INDEX($EL$14:$EL$29,12)<=EL24+0.000001),OR($C$9=0,INDEX($EM$14:$EM$29,9)<=EM24+0.000001),OR($D$9=0,INDEX($EN$14:$EN$29,15)<=EN24+0.000001),OR($E$9=0,INDEX($EO$14:$EO$29,3)<=EO24+0.000001)),1,0) | EU24: =IF(AND(OR($B$9=1,MOD(INT(A24/1),2)=0),OR($C$9=1,MOD(INT(A24/2),2)=0),OR($D$9=1,MOD(INT(A24/4),2)=0),OR($E$9=1,MOD(INT(A24/8),2)=0)),1,0) | EV24: =IF(AND(ET24=1,EU24=1),(MOD(INT(A24/1),2)+MOD(INT(A24/2),2)+MOD(INT(A24/4),2)+MOD(INT(A24/8),2))*100+A24,"")
A25: 11 | B25: =IF(AND($B$9=1,MOD(INT(A25/1),2)=1),1,0) | C25: =IF(AND($C$9=1,MOD(INT(A25/2),2)=1),1,0) | D25: =IF(AND($D$9=1,MOD(INT(A25/4),2)=1),1,0) | E25: =IF(AND($E$9=1,MOD(INT(A25/8),2)=1),1,0) | F25: =$H$4 | G25: =F25-M25 | H25: =G25-L25 | I25: =H25-K25 | J25: =IF(B25=1,0,MIN($B$6,I25)) | K25: =IF(C25=1,0,MIN($C$6,H25)) | L25: =IF(D25=1,0,MIN($D$6,G25)) | M25: =IF(E25=1,0,MIN($E$6,F25)) | N25: =I25-J25 | O25: =(1-B25)*$B$6+(1-C25)*$C$6+(1-D25)*$D$6+(1-E25)*$E$6 | P25: =IF(B25=1,0,IF(O25<=0,0,IF($H$4>=O25,$B$6,$H$4*$B$6/O25))) | Q25: =IF(C25=1,0,IF(O25<=0,0,IF($H$4>=O25,$C$6,$H$4*$C$6/O25))) | R25: =IF(D25=1,0,IF(O25<=0,0,IF($H$4>=O25,$D$6,$H$4*$D$6/O25))) | S25: =IF(E25=1,0,IF(O25<=0,0,IF($H$4>=O25,$E$6,$H$4*$E$6/O25))) | T25: =IF(O25<=0,$H$4,MAX(0,$H$4-O25)) | U25: =IF($H$5=1,P25,J25) | V25: =IF($H$5=1,Q25,K25) | W25: =IF($H$5=1,R25,L25) | X25: =IF($H$5=1,S25,M25) | Y25: =IF($H$5=1,T25,N25) | Z25: =$H$3 | AA25: =IF(OR(B25=1,$B$8=2,$B$8=3),$B$4,0) | AB25: =IF(OR(C25=1,$C$8=2,$C$8=3),$C$4,0) | AC25: =IF(OR(D25=1,$D$8=2,$D$8=3),$D$4,0) | AD25: =IF(OR(E25=1,$E$8=2,$E$8=3),$E$4,0) | AE25: =1E+300 | AF25: =IF(OR(B25=1,$B$8=2),1E+300,MAX(0,$B$7-U25)) | AG25: =IF(OR(C25=1,$C$8=2),1E+300,MAX(0,$C$7-V25)) | AH25: =IF(OR(D25=1,$D$8=2),1E+300,MAX(0,$D$7-W25)) | AI25: =IF(OR(E25=1,$E$8=2),1E+300,MAX(0,$E$7-X25)) | AJ25: =IF(Z25>0,1,0) | AK25: =IF(AA25>0,1,0) | AL25: =IF(AB25>0,1,0) | AM25: =IF(AC25>0,1,0) | AN25: =IF(AD25>0,1,0) | AO25: =IF(OR(FALSE,Y25<=0.000001,AP25<=0),1,0) | AP25: =Z25*AJ25+AA25*AK25+AB25*AL25+AC25*AM25+AD25*AN25 | AQ25: =IF(AO25=1,0,Y25/AP25) | AR25: =IF(AND(AO25=0,AJ25=1,Z25*AQ25>AE25+0.000001),1,0) | AS25: =IF(AND(AO25=0,AK25=1,AA25*AQ25>AF25+0.000001),1,0) | AT25: =IF(AND(AO25=0,AL25=1,AB25*AQ25>AG25+0.000001),1,0) | AU25: =IF(AND(AO25=0,AM25=1,AC25*AQ25>AH25+0.000001),1,0) | AV25: =IF(AND(AO25=0,AN25=1,AD25*AQ25>AI25+0.000001),1,0) | AW25: =IF(AR25+AS25+AT25+AU25+AV25>0,1,0) | AX25: =IF(AO25=1,0,IF(AW25=1,AR25*AE25,AJ25*Z25*AQ25)) | AY25: =IF(AO25=1,0,IF(AW25=1,AS25*AF25,AK25*AA25*AQ25)) | AZ25: =IF(AO25=1,0,IF(AW25=1,AT25*AG25,AL25*AB25*AQ25)) | BA25: =IF(AO25=1,0,IF(AW25=1,AU25*AH25,AM25*AC25*AQ25)) | BB25: =IF(AO25=1,0,IF(AW25=1,AV25*AI25,AN25*AD25*AQ25)) | BC25: =IF(AO25=1,Y25,IF(AW25=1,Y25-(AR25*AE25+AS25*AF25+AT25*AG25+AU25*AH25+AV25*AI25),0)) | BD25: =IF(AND(AJ25=1,AR25=0),1,0) | BE25: =IF(AND(AK25=1,AS25=0),1,0) | BF25: =IF(AND(AL25=1,AT25=0),1,0) | BG25: =IF(AND(AM25=1,AU25=0),1,0) | BH25: =IF(AND(AN25=1,AV25=0),1,0) | BI25: =IF(OR(OR(AO25=1,AW25=0),BC25<=0.000001,BJ25<=0),1,0) | BJ25: =Z25*BD25+AA25*BE25+AB25*BF25+AC25*BG25+AD25*BH25 | BK25: =IF(BI25=1,0,BC25/BJ25) | BL25: =IF(AND(BI25=0,BD25=1,Z25*BK25>AE25+0.000001),1,0) | BM25: =IF(AND(BI25=0,BE25=1,AA25*BK25>AF25+0.000001),1,0) | BN25: =IF(AND(BI25=0,BF25=1,AB25*BK25>AG25+0.000001),1,0) | BO25: =IF(AND(BI25=0,BG25=1,AC25*BK25>AH25+0.000001),1,0) | BP25: =IF(AND(BI25=0,BH25=1,AD25*BK25>AI25+0.000001),1,0) | BQ25: =IF(BL25+BM25+BN25+BO25+BP25>0,1,0) | BR25: =IF(BI25=1,0,IF(BQ25=1,BL25*AE25,BD25*Z25*BK25)) | BS25: =IF(BI25=1,0,IF(BQ25=1,BM25*AF25,BE25*AA25*BK25)) | BT25: =IF(BI25=1,0,IF(BQ25=1,BN25*AG25,BF25*AB25*BK25)) | BU25: =IF(BI25=1,0,IF(BQ25=1,BO25*AH25,BG25*AC25*BK25)) | BV25: =IF(BI25=1,0,IF(BQ25=1,BP25*AI25,BH25*AD25*BK25)) | BW25: =IF(BI25=1,BC25,IF(BQ25=1,BC25-(BL25*AE25+BM25*AF25+BN25*AG25+BO25*AH25+BP25*AI25),0)) | BX25: =IF(AND(BD25=1,BL25=0),1,0) | BY25: =IF(AND(BE25=1,BM25=0),1,0) | BZ25: =IF(AND(BF25=1,BN25=0),1,0) | CA25: =IF(AND(BG25=1,BO25=0),1,0) | CB25: =IF(AND(BH25=1,BP25=0),1,0) | CC25: =IF(OR(OR(BI25=1,BQ25=0),BW25<=0.000001,CD25<=0),1,0) | CD25: =Z25*BX25+AA25*BY25+AB25*BZ25+AC25*CA25+AD25*CB25 | CE25: =IF(CC25=1,0,BW25/CD25) | CF25: =IF(AND(CC25=0,BX25=1,Z25*CE25>AE25+0.000001),1,0) | CG25: =IF(AND(CC25=0,BY25=1,AA25*CE25>AF25+0.000001),1,0) | CH25: =IF(AND(CC25=0,BZ25=1,AB25*CE25>AG25+0.000001),1,0) | CI25: =IF(AND(CC25=0,CA25=1,AC25*CE25>AH25+0.000001),1,0) | CJ25: =IF(AND(CC25=0,CB25=1,AD25*CE25>AI25+0.000001),1,0) | CK25: =IF(CF25+CG25+CH25+CI25+CJ25>0,1,0) | CL25: =IF(CC25=1,0,IF(CK25=1,CF25*AE25,BX25*Z25*CE25)) | CM25: =IF(CC25=1,0,IF(CK25=1,CG25*AF25,BY25*AA25*CE25)) | CN25: =IF(CC25=1,0,IF(CK25=1,CH25*AG25,BZ25*AB25*CE25)) | CO25: =IF(CC25=1,0,IF(CK25=1,CI25*AH25,CA25*AC25*CE25)) | CP25: =IF(CC25=1,0,IF(CK25=1,CJ25*AI25,CB25*AD25*CE25)) | CQ25: =IF(CC25=1,BW25,IF(CK25=1,BW25-(CF25*AE25+CG25*AF25+CH25*AG25+CI25*AH25+CJ25*AI25),0)) | CR25: =IF(AND(BX25=1,CF25=0),1,0) | CS25: =IF(AND(BY25=1,CG25=0),1,0) | CT25: =IF(AND(BZ25=1,CH25=0),1,0) | CU25: =IF(AND(CA25=1,CI25=0),1,0) | CV25: =IF(AND(CB25=1,CJ25=0),1,0) | CW25: =IF(OR(OR(CC25=1,CK25=0),CQ25<=0.000001,CX25<=0),1,0) | CX25: =Z25*CR25+AA25*CS25+AB25*CT25+AC25*CU25+AD25*CV25 | CY25: =IF(CW25=1,0,CQ25/CX25) | CZ25: =IF(AND(CW25=0,CR25=1,Z25*CY25>AE25+0.000001),1,0) | DA25: =IF(AND(CW25=0,CS25=1,AA25*CY25>AF25+0.000001),1,0) | DB25: =IF(AND(CW25=0,CT25=1,AB25*CY25>AG25+0.000001),1,0) | DC25: =IF(AND(CW25=0,CU25=1,AC25*CY25>AH25+0.000001),1,0) | DD25: =IF(AND(CW25=0,CV25=1,AD25*CY25>AI25+0.000001),1,0) | DE25: =IF(CZ25+DA25+DB25+DC25+DD25>0,1,0) | DF25: =IF(CW25=1,0,IF(DE25=1,CZ25*AE25,CR25*Z25*CY25)) | DG25: =IF(CW25=1,0,IF(DE25=1,DA25*AF25,CS25*AA25*CY25)) | DH25: =IF(CW25=1,0,IF(DE25=1,DB25*AG25,CT25*AB25*CY25)) | DI25: =IF(CW25=1,0,IF(DE25=1,DC25*AH25,CU25*AC25*CY25)) | DJ25: =IF(CW25=1,0,IF(DE25=1,DD25*AI25,CV25*AD25*CY25)) | DK25: =IF(CW25=1,CQ25,IF(DE25=1,CQ25-(CZ25*AE25+DA25*AF25+DB25*AG25+DC25*AH25+DD25*AI25),0)) | DL25: =IF(AND(CR25=1,CZ25=0),1,0) | DM25: =IF(AND(CS25=1,DA25=0),1,0) | DN25: =IF(AND(CT25=1,DB25=0),1,0) | DO25: =IF(AND(CU25=1,DC25=0),1,0) | DP25: =IF(AND(CV25=1,DD25=0),1,0) | DQ25: =IF(OR(OR(CW25=1,DE25=0),DK25<=0.000001,DR25<=0),1,0) | DR25: =Z25*DL25+AA25*DM25+AB25*DN25+AC25*DO25+AD25*DP25 | DS25: =IF(DQ25=1,0,DK25/DR25) | DT25: =IF(AND(DQ25=0,DL25=1,Z25*DS25>AE25+0.000001),1,0) | DU25: =IF(AND(DQ25=0,DM25=1,AA25*DS25>AF25+0.000001),1,0) | DV25: =IF(AND(DQ25=0,DN25=1,AB25*DS25>AG25+0.000001),1,0) | DW25: =IF(AND(DQ25=0,DO25=1,AC25*DS25>AH25+0.000001),1,0) | DX25: =IF(AND(DQ25=0,DP25=1,AD25*DS25>AI25+0.000001),1,0) | DY25: =IF(DT25+DU25+DV25+DW25+DX25>0,1,0) | DZ25: =IF(DQ25=1,0,IF(DY25=1,DT25*AE25,DL25*Z25*DS25)) | EA25: =IF(DQ25=1,0,IF(DY25=1,DU25*AF25,DM25*AA25*DS25)) | EB25: =IF(DQ25=1,0,IF(DY25=1,DV25*AG25,DN25*AB25*DS25)) | EC25: =IF(DQ25=1,0,IF(DY25=1,DW25*AH25,DO25*AC25*DS25)) | ED25: =IF(DQ25=1,0,IF(DY25=1,DX25*AI25,DP25*AD25*DS25)) | EE25: =IF(DQ25=1,DK25,IF(DY25=1,DK25-(DT25*AE25+DU25*AF25+DV25*AG25+DW25*AH25+DX25*AI25),0)) | EF25: =IF(AND(DL25=1,DT25=0),1,0) | EG25: =IF(AND(DM25=1,DU25=0),1,0) | EH25: =IF(AND(DN25=1,DV25=0),1,0) | EI25: =IF(AND(DO25=1,DW25=0),1,0) | EJ25: =IF(AND(DP25=1,DX25=0),1,0) | EK25: =AX25+BR25+CL25+DF25+DZ25 | EL25: =U25+EP25 | EM25: =V25+EQ25 | EN25: =W25+ER25 | EO25: =X25+ES25 | EP25: =AY25+BS25+CM25+DG25+EA25 | EQ25: =AZ25+BT25+CN25+DH25+EB25 | ER25: =BA25+BU25+CO25+DI25+EC25 | ES25: =BB25+BV25+CP25+DJ25+ED25 | ET25: =IF(AND(OR($B$9=0,INDEX($EL$14:$EL$29,11)<=EL25+0.000001),OR($C$9=0,INDEX($EM$14:$EM$29,10)<=EM25+0.000001),OR($D$9=0,INDEX($EN$14:$EN$29,16)<=EN25+0.000001),OR($E$9=0,INDEX($EO$14:$EO$29,4)<=EO25+0.000001)),1,0) | EU25: =IF(AND(OR($B$9=1,MOD(INT(A25/1),2)=0),OR($C$9=1,MOD(INT(A25/2),2)=0),OR($D$9=1,MOD(INT(A25/4),2)=0),OR($E$9=1,MOD(INT(A25/8),2)=0)),1,0) | EV25: =IF(AND(ET25=1,EU25=1),(MOD(INT(A25/1),2)+MOD(INT(A25/2),2)+MOD(INT(A25/4),2)+MOD(INT(A25/8),2))*100+A25,"")
A26: 12 | B26: =IF(AND($B$9=1,MOD(INT(A26/1),2)=1),1,0) | C26: =IF(AND($C$9=1,MOD(INT(A26/2),2)=1),1,0) | D26: =IF(AND($D$9=1,MOD(INT(A26/4),2)=1),1,0) | E26: =IF(AND($E$9=1,MOD(INT(A26/8),2)=1),1,0) | F26: =$H$4 | G26: =F26-M26 | H26: =G26-L26 | I26: =H26-K26 | J26: =IF(B26=1,0,MIN($B$6,I26)) | K26: =IF(C26=1,0,MIN($C$6,H26)) | L26: =IF(D26=1,0,MIN($D$6,G26)) | M26: =IF(E26=1,0,MIN($E$6,F26)) | N26: =I26-J26 | O26: =(1-B26)*$B$6+(1-C26)*$C$6+(1-D26)*$D$6+(1-E26)*$E$6 | P26: =IF(B26=1,0,IF(O26<=0,0,IF($H$4>=O26,$B$6,$H$4*$B$6/O26))) | Q26: =IF(C26=1,0,IF(O26<=0,0,IF($H$4>=O26,$C$6,$H$4*$C$6/O26))) | R26: =IF(D26=1,0,IF(O26<=0,0,IF($H$4>=O26,$D$6,$H$4*$D$6/O26))) | S26: =IF(E26=1,0,IF(O26<=0,0,IF($H$4>=O26,$E$6,$H$4*$E$6/O26))) | T26: =IF(O26<=0,$H$4,MAX(0,$H$4-O26)) | U26: =IF($H$5=1,P26,J26) | V26: =IF($H$5=1,Q26,K26) | W26: =IF($H$5=1,R26,L26) | X26: =IF($H$5=1,S26,M26) | Y26: =IF($H$5=1,T26,N26) | Z26: =$H$3 | AA26: =IF(OR(B26=1,$B$8=2,$B$8=3),$B$4,0) | AB26: =IF(OR(C26=1,$C$8=2,$C$8=3),$C$4,0) | AC26: =IF(OR(D26=1,$D$8=2,$D$8=3),$D$4,0) | AD26: =IF(OR(E26=1,$E$8=2,$E$8=3),$E$4,0) | AE26: =1E+300 | AF26: =IF(OR(B26=1,$B$8=2),1E+300,MAX(0,$B$7-U26)) | AG26: =IF(OR(C26=1,$C$8=2),1E+300,MAX(0,$C$7-V26)) | AH26: =IF(OR(D26=1,$D$8=2),1E+300,MAX(0,$D$7-W26)) | AI26: =IF(OR(E26=1,$E$8=2),1E+300,MAX(0,$E$7-X26)) | AJ26: =IF(Z26>0,1,0) | AK26: =IF(AA26>0,1,0) | AL26: =IF(AB26>0,1,0) | AM26: =IF(AC26>0,1,0) | AN26: =IF(AD26>0,1,0) | AO26: =IF(OR(FALSE,Y26<=0.000001,AP26<=0),1,0) | AP26: =Z26*AJ26+AA26*AK26+AB26*AL26+AC26*AM26+AD26*AN26 | AQ26: =IF(AO26=1,0,Y26/AP26) | AR26: =IF(AND(AO26=0,AJ26=1,Z26*AQ26>AE26+0.000001),1,0) | AS26: =IF(AND(AO26=0,AK26=1,AA26*AQ26>AF26+0.000001),1,0) | AT26: =IF(AND(AO26=0,AL26=1,AB26*AQ26>AG26+0.000001),1,0) | AU26: =IF(AND(AO26=0,AM26=1,AC26*AQ26>AH26+0.000001),1,0) | AV26: =IF(AND(AO26=0,AN26=1,AD26*AQ26>AI26+0.000001),1,0) | AW26: =IF(AR26+AS26+AT26+AU26+AV26>0,1,0) | AX26: =IF(AO26=1,0,IF(AW26=1,AR26*AE26,AJ26*Z26*AQ26)) | AY26: =IF(AO26=1,0,IF(AW26=1,AS26*AF26,AK26*AA26*AQ26)) | AZ26: =IF(AO26=1,0,IF(AW26=1,AT26*AG26,AL26*AB26*AQ26)) | BA26: =IF(AO26=1,0,IF(AW26=1,AU26*AH26,AM26*AC26*AQ26)) | BB26: =IF(AO26=1,0,IF(AW26=1,AV26*AI26,AN26*AD26*AQ26)) | BC26: =IF(AO26=1,Y26,IF(AW26=1,Y26-(AR26*AE26+AS26*AF26+AT26*AG26+AU26*AH26+AV26*AI26),0)) | BD26: =IF(AND(AJ26=1,AR26=0),1,0) | BE26: =IF(AND(AK26=1,AS26=0),1,0) | BF26: =IF(AND(AL26=1,AT26=0),1,0) | BG26: =IF(AND(AM26=1,AU26=0),1,0) | BH26: =IF(AND(AN26=1,AV26=0),1,0) | BI26: =IF(OR(OR(AO26=1,AW26=0),BC26<=0.000001,BJ26<=0),1,0) | BJ26: =Z26*BD26+AA26*BE26+AB26*BF26+AC26*BG26+AD26*BH26 | BK26: =IF(BI26=1,0,BC26/BJ26) | BL26: =IF(AND(BI26=0,BD26=1,Z26*BK26>AE26+0.000001),1,0) | BM26: =IF(AND(BI26=0,BE26=1,AA26*BK26>AF26+0.000001),1,0) | BN26: =IF(AND(BI26=0,BF26=1,AB26*BK26>AG26+0.000001),1,0) | BO26: =IF(AND(BI26=0,BG26=1,AC26*BK26>AH26+0.000001),1,0) | BP26: =IF(AND(BI26=0,BH26=1,AD26*BK26>AI26+0.000001),1,0) | BQ26: =IF(BL26+BM26+BN26+BO26+BP26>0,1,0) | BR26: =IF(BI26=1,0,IF(BQ26=1,BL26*AE26,BD26*Z26*BK26)) | BS26: =IF(BI26=1,0,IF(BQ26=1,BM26*AF26,BE26*AA26*BK26)) | BT26: =IF(BI26=1,0,IF(BQ26=1,BN26*AG26,BF26*AB26*BK26)) | BU26: =IF(BI26=1,0,IF(BQ26=1,BO26*AH26,BG26*AC26*BK26)) | BV26: =IF(BI26=1,0,IF(BQ26=1,BP26*AI26,BH26*AD26*BK26)) | BW26: =IF(BI26=1,BC26,IF(BQ26=1,BC26-(BL26*AE26+BM26*AF26+BN26*AG26+BO26*AH26+BP26*AI26),0)) | BX26: =IF(AND(BD26=1,BL26=0),1,0) | BY26: =IF(AND(BE26=1,BM26=0),1,0) | BZ26: =IF(AND(BF26=1,BN26=0),1,0) | CA26: =IF(AND(BG26=1,BO26=0),1,0) | CB26: =IF(AND(BH26=1,BP26=0),1,0) | CC26: =IF(OR(OR(BI26=1,BQ26=0),BW26<=0.000001,CD26<=0),1,0) | CD26: =Z26*BX26+AA26*BY26+AB26*BZ26+AC26*CA26+AD26*CB26 | CE26: =IF(CC26=1,0,BW26/CD26) | CF26: =IF(AND(CC26=0,BX26=1,Z26*CE26>AE26+0.000001),1,0) | CG26: =IF(AND(CC26=0,BY26=1,AA26*CE26>AF26+0.000001),1,0) | CH26: =IF(AND(CC26=0,BZ26=1,AB26*CE26>AG26+0.000001),1,0) | CI26: =IF(AND(CC26=0,CA26=1,AC26*CE26>AH26+0.000001),1,0) | CJ26: =IF(AND(CC26=0,CB26=1,AD26*CE26>AI26+0.000001),1,0) | CK26: =IF(CF26+CG26+CH26+CI26+CJ26>0,1,0) | CL26: =IF(CC26=1,0,IF(CK26=1,CF26*AE26,BX26*Z26*CE26)) | CM26: =IF(CC26=1,0,IF(CK26=1,CG26*AF26,BY26*AA26*CE26)) | CN26: =IF(CC26=1,0,IF(CK26=1,CH26*AG26,BZ26*AB26*CE26)) | CO26: =IF(CC26=1,0,IF(CK26=1,CI26*AH26,CA26*AC26*CE26)) | CP26: =IF(CC26=1,0,IF(CK26=1,CJ26*AI26,CB26*AD26*CE26)) | CQ26: =IF(CC26=1,BW26,IF(CK26=1,BW26-(CF26*AE26+CG26*AF26+CH26*AG26+CI26*AH26+CJ26*AI26),0)) | CR26: =IF(AND(BX26=1,CF26=0),1,0) | CS26: =IF(AND(BY26=1,CG26=0),1,0) | CT26: =IF(AND(BZ26=1,CH26=0),1,0) | CU26: =IF(AND(CA26=1,CI26=0),1,0) | CV26: =IF(AND(CB26=1,CJ26=0),1,0) | CW26: =IF(OR(OR(CC26=1,CK26=0),CQ26<=0.000001,CX26<=0),1,0) | CX26: =Z26*CR26+AA26*CS26+AB26*CT26+AC26*CU26+AD26*CV26 | CY26: =IF(CW26=1,0,CQ26/CX26) | CZ26: =IF(AND(CW26=0,CR26=1,Z26*CY26>AE26+0.000001),1,0) | DA26: =IF(AND(CW26=0,CS26=1,AA26*CY26>AF26+0.000001),1,0) | DB26: =IF(AND(CW26=0,CT26=1,AB26*CY26>AG26+0.000001),1,0) | DC26: =IF(AND(CW26=0,CU26=1,AC26*CY26>AH26+0.000001),1,0) | DD26: =IF(AND(CW26=0,CV26=1,AD26*CY26>AI26+0.000001),1,0) | DE26: =IF(CZ26+DA26+DB26+DC26+DD26>0,1,0) | DF26: =IF(CW26=1,0,IF(DE26=1,CZ26*AE26,CR26*Z26*CY26)) | DG26: =IF(CW26=1,0,IF(DE26=1,DA26*AF26,CS26*AA26*CY26)) | DH26: =IF(CW26=1,0,IF(DE26=1,DB26*AG26,CT26*AB26*CY26)) | DI26: =IF(CW26=1,0,IF(DE26=1,DC26*AH26,CU26*AC26*CY26)) | DJ26: =IF(CW26=1,0,IF(DE26=1,DD26*AI26,CV26*AD26*CY26)) | DK26: =IF(CW26=1,CQ26,IF(DE26=1,CQ26-(CZ26*AE26+DA26*AF26+DB26*AG26+DC26*AH26+DD26*AI26),0)) | DL26: =IF(AND(CR26=1,CZ26=0),1,0) | DM26: =IF(AND(CS26=1,DA26=0),1,0) | DN26: =IF(AND(CT26=1,DB26=0),1,0) | DO26: =IF(AND(CU26=1,DC26=0),1,0) | DP26: =IF(AND(CV26=1,DD26=0),1,0) | DQ26: =IF(OR(OR(CW26=1,DE26=0),DK26<=0.000001,DR26<=0),1,0) | DR26: =Z26*DL26+AA26*DM26+AB26*DN26+AC26*DO26+AD26*DP26 | DS26: =IF(DQ26=1,0,DK26/DR26) | DT26: =IF(AND(DQ26=0,DL26=1,Z26*DS26>AE26+0.000001),1,0) | DU26: =IF(AND(DQ26=0,DM26=1,AA26*DS26>AF26+0.000001),1,0) | DV26: =IF(AND(DQ26=0,DN26=1,AB26*DS26>AG26+0.000001),1,0) | DW26: =IF(AND(DQ26=0,DO26=1,AC26*DS26>AH26+0.000001),1,0) | DX26: =IF(AND(DQ26=0,DP26=1,AD26*DS26>AI26+0.000001),1,0) | DY26: =IF(DT26+DU26+DV26+DW26+DX26>0,1,0) | DZ26: =IF(DQ26=1,0,IF(DY26=1,DT26*AE26,DL26*Z26*DS26)) | EA26: =IF(DQ26=1,0,IF(DY26=1,DU26*AF26,DM26*AA26*DS26)) | EB26: =IF(DQ26=1,0,IF(DY26=1,DV26*AG26,DN26*AB26*DS26)) | EC26: =IF(DQ26=1,0,IF(DY26=1,DW26*AH26,DO26*AC26*DS26)) | ED26: =IF(DQ26=1,0,IF(DY26=1,DX26*AI26,DP26*AD26*DS26)) | EE26: =IF(DQ26=1,DK26,IF(DY26=1,DK26-(DT26*AE26+DU26*AF26+DV26*AG26+DW26*AH26+DX26*AI26),0)) | EF26: =IF(AND(DL26=1,DT26=0),1,0) | EG26: =IF(AND(DM26=1,DU26=0),1,0) | EH26: =IF(AND(DN26=1,DV26=0),1,0) | EI26: =IF(AND(DO26=1,DW26=0),1,0) | EJ26: =IF(AND(DP26=1,DX26=0),1,0) | EK26: =AX26+BR26+CL26+DF26+DZ26 | EL26: =U26+EP26 | EM26: =V26+EQ26 | EN26: =W26+ER26 | EO26: =X26+ES26 | EP26: =AY26+BS26+CM26+DG26+EA26 | EQ26: =AZ26+BT26+CN26+DH26+EB26 | ER26: =BA26+BU26+CO26+DI26+EC26 | ES26: =BB26+BV26+CP26+DJ26+ED26 | ET26: =IF(AND(OR($B$9=0,INDEX($EL$14:$EL$29,14)<=EL26+0.000001),OR($C$9=0,INDEX($EM$14:$EM$29,15)<=EM26+0.000001),OR($D$9=0,INDEX($EN$14:$EN$29,9)<=EN26+0.000001),OR($E$9=0,INDEX($EO$14:$EO$29,5)<=EO26+0.000001)),1,0) | EU26: =IF(AND(OR($B$9=1,MOD(INT(A26/1),2)=0),OR($C$9=1,MOD(INT(A26/2),2)=0),OR($D$9=1,MOD(INT(A26/4),2)=0),OR($E$9=1,MOD(INT(A26/8),2)=0)),1,0) | EV26: =IF(AND(ET26=1,EU26=1),(MOD(INT(A26/1),2)+MOD(INT(A26/2),2)+MOD(INT(A26/4),2)+MOD(INT(A26/8),2))*100+A26,"")
A27: 13 | B27: =IF(AND($B$9=1,MOD(INT(A27/1),2)=1),1,0) | C27: =IF(AND($C$9=1,MOD(INT(A27/2),2)=1),1,0) | D27: =IF(AND($D$9=1,MOD(INT(A27/4),2)=1),1,0) | E27: =IF(AND($E$9=1,MOD(INT(A27/8),2)=1),1,0) | F27: =$H$4 | G27: =F27-M27 | H27: =G27-L27 | I27: =H27-K27 | J27: =IF(B27=1,0,MIN($B$6,I27)) | K27: =IF(C27=1,0,MIN($C$6,H27)) | L27: =IF(D27=1,0,MIN($D$6,G27)) | M27: =IF(E27=1,0,MIN($E$6,F27)) | N27: =I27-J27 | O27: =(1-B27)*$B$6+(1-C27)*$C$6+(1-D27)*$D$6+(1-E27)*$E$6 | P27: =IF(B27=1,0,IF(O27<=0,0,IF($H$4>=O27,$B$6,$H$4*$B$6/O27))) | Q27: =IF(C27=1,0,IF(O27<=0,0,IF($H$4>=O27,$C$6,$H$4*$C$6/O27))) | R27: =IF(D27=1,0,IF(O27<=0,0,IF($H$4>=O27,$D$6,$H$4*$D$6/O27))) | S27: =IF(E27=1,0,IF(O27<=0,0,IF($H$4>=O27,$E$6,$H$4*$E$6/O27))) | T27: =IF(O27<=0,$H$4,MAX(0,$H$4-O27)) | U27: =IF($H$5=1,P27,J27) | V27: =IF($H$5=1,Q27,K27) | W27: =IF($H$5=1,R27,L27) | X27: =IF($H$5=1,S27,M27) | Y27: =IF($H$5=1,T27,N27) | Z27: =$H$3 | AA27: =IF(OR(B27=1,$B$8=2,$B$8=3),$B$4,0) | AB27: =IF(OR(C27=1,$C$8=2,$C$8=3),$C$4,0) | AC27: =IF(OR(D27=1,$D$8=2,$D$8=3),$D$4,0) | AD27: =IF(OR(E27=1,$E$8=2,$E$8=3),$E$4,0) | AE27: =1E+300 | AF27: =IF(OR(B27=1,$B$8=2),1E+300,MAX(0,$B$7-U27)) | AG27: =IF(OR(C27=1,$C$8=2),1E+300,MAX(0,$C$7-V27)) | AH27: =IF(OR(D27=1,$D$8=2),1E+300,MAX(0,$D$7-W27)) | AI27: =IF(OR(E27=1,$E$8=2),1E+300,MAX(0,$E$7-X27)) | AJ27: =IF(Z27>0,1,0) | AK27: =IF(AA27>0,1,0) | AL27: =IF(AB27>0,1,0) | AM27: =IF(AC27>0,1,0) | AN27: =IF(AD27>0,1,0) | AO27: =IF(OR(FALSE,Y27<=0.000001,AP27<=0),1,0) | AP27: =Z27*AJ27+AA27*AK27+AB27*AL27+AC27*AM27+AD27*AN27 | AQ27: =IF(AO27=1,0,Y27/AP27) | AR27: =IF(AND(AO27=0,AJ27=1,Z27*AQ27>AE27+0.000001),1,0) | AS27: =IF(AND(AO27=0,AK27=1,AA27*AQ27>AF27+0.000001),1,0) | AT27: =IF(AND(AO27=0,AL27=1,AB27*AQ27>AG27+0.000001),1,0) | AU27: =IF(AND(AO27=0,AM27=1,AC27*AQ27>AH27+0.000001),1,0) | AV27: =IF(AND(AO27=0,AN27=1,AD27*AQ27>AI27+0.000001),1,0) | AW27: =IF(AR27+AS27+AT27+AU27+AV27>0,1,0) | AX27: =IF(AO27=1,0,IF(AW27=1,AR27*AE27,AJ27*Z27*AQ27)) | AY27: =IF(AO27=1,0,IF(AW27=1,AS27*AF27,AK27*AA27*AQ27)) | AZ27: =IF(AO27=1,0,IF(AW27=1,AT27*AG27,AL27*AB27*AQ27)) | BA27: =IF(AO27=1,0,IF(AW27=1,AU27*AH27,AM27*AC27*AQ27)) | BB27: =IF(AO27=1,0,IF(AW27=1,AV27*AI27,AN27*AD27*AQ27)) | BC27: =IF(AO27=1,Y27,IF(AW27=1,Y27-(AR27*AE27+AS27*AF27+AT27*AG27+AU27*AH27+AV27*AI27),0)) | BD27: =IF(AND(AJ27=1,AR27=0),1,0) | BE27: =IF(AND(AK27=1,AS27=0),1,0) | BF27: =IF(AND(AL27=1,AT27=0),1,0) | BG27: =IF(AND(AM27=1,AU27=0),1,0) | BH27: =IF(AND(AN27=1,AV27=0),1,0) | BI27: =IF(OR(OR(AO27=1,AW27=0),BC27<=0.000001,BJ27<=0),1,0) | BJ27: =Z27*BD27+AA27*BE27+AB27*BF27+AC27*BG27+AD27*BH27 | BK27: =IF(BI27=1,0,BC27/BJ27) | BL27: =IF(AND(BI27=0,BD27=1,Z27*BK27>AE27+0.000001),1,0) | BM27: =IF(AND(BI27=0,BE27=1,AA27*BK27>AF27+0.000001),1,0) | BN27: =IF(AND(BI27=0,BF27=1,AB27*BK27>AG27+0.000001),1,0) | BO27: =IF(AND(BI27=0,BG27=1,AC27*BK27>AH27+0.000001),1,0) | BP27: =IF(AND(BI27=0,BH27=1,AD27*BK27>AI27+0.000001),1,0) | BQ27: =IF(BL27+BM27+BN27+BO27+BP27>0,1,0) | BR27: =IF(BI27=1,0,IF(BQ27=1,BL27*AE27,BD27*Z27*BK27)) | BS27: =IF(BI27=1,0,IF(BQ27=1,BM27*AF27,BE27*AA27*BK27)) | BT27: =IF(BI27=1,0,IF(BQ27=1,BN27*AG27,BF27*AB27*BK27)) | BU27: =IF(BI27=1,0,IF(BQ27=1,BO27*AH27,BG27*AC27*BK27)) | BV27: =IF(BI27=1,0,IF(BQ27=1,BP27*AI27,BH27*AD27*BK27)) | BW27: =IF(BI27=1,BC27,IF(BQ27=1,BC27-(BL27*AE27+BM27*AF27+BN27*AG27+BO27*AH27+BP27*AI27),0)) | BX27: =IF(AND(BD27=1,BL27=0),1,0) | BY27: =IF(AND(BE27=1,BM27=0),1,0) | BZ27: =IF(AND(BF27=1,BN27=0),1,0) | CA27: =IF(AND(BG27=1,BO27=0),1,0) | CB27: =IF(AND(BH27=1,BP27=0),1,0) | CC27: =IF(OR(OR(BI27=1,BQ27=0),BW27<=0.000001,CD27<=0),1,0) | CD27: =Z27*BX27+AA27*BY27+AB27*BZ27+AC27*CA27+AD27*CB27 | CE27: =IF(CC27=1,0,BW27/CD27) | CF27: =IF(AND(CC27=0,BX27=1,Z27*CE27>AE27+0.000001),1,0) | CG27: =IF(AND(CC27=0,BY27=1,AA27*CE27>AF27+0.000001),1,0) | CH27: =IF(AND(CC27=0,BZ27=1,AB27*CE27>AG27+0.000001),1,0) | CI27: =IF(AND(CC27=0,CA27=1,AC27*CE27>AH27+0.000001),1,0) | CJ27: =IF(AND(CC27=0,CB27=1,AD27*CE27>AI27+0.000001),1,0) | CK27: =IF(CF27+CG27+CH27+CI27+CJ27>0,1,0) | CL27: =IF(CC27=1,0,IF(CK27=1,CF27*AE27,BX27*Z27*CE27)) | CM27: =IF(CC27=1,0,IF(CK27=1,CG27*AF27,BY27*AA27*CE27)) | CN27: =IF(CC27=1,0,IF(CK27=1,CH27*AG27,BZ27*AB27*CE27)) | CO27: =IF(CC27=1,0,IF(CK27=1,CI27*AH27,CA27*AC27*CE27)) | CP27: =IF(CC27=1,0,IF(CK27=1,CJ27*AI27,CB27*AD27*CE27)) | CQ27: =IF(CC27=1,BW27,IF(CK27=1,BW27-(CF27*AE27+CG27*AF27+CH27*AG27+CI27*AH27+CJ27*AI27),0)) | CR27: =IF(AND(BX27=1,CF27=0),1,0) | CS27: =IF(AND(BY27=1,CG27=0),1,0) | CT27: =IF(AND(BZ27=1,CH27=0),1,0) | CU27: =IF(AND(CA27=1,CI27=0),1,0) | CV27: =IF(AND(CB27=1,CJ27=0),1,0) | CW27: =IF(OR(OR(CC27=1,CK27=0),CQ27<=0.000001,CX27<=0),1,0) | CX27: =Z27*CR27+AA27*CS27+AB27*CT27+AC27*CU27+AD27*CV27 | CY27: =IF(CW27=1,0,CQ27/CX27) | CZ27: =IF(AND(CW27=0,CR27=1,Z27*CY27>AE27+0.000001),1,0) | DA27: =IF(AND(CW27=0,CS27=1,AA27*CY27>AF27+0.000001),1,0) | DB27: =IF(AND(CW27=0,CT27=1,AB27*CY27>AG27+0.000001),1,0) | DC27: =IF(AND(CW27=0,CU27=1,AC27*CY27>AH27+0.000001),1,0) | DD27: =IF(AND(CW27=0,CV27=1,AD27*CY27>AI27+0.000001),1,0) | DE27: =IF(CZ27+DA27+DB27+DC27+DD27>0,1,0) | DF27: =IF(CW27=1,0,IF(DE27=1,CZ27*AE27,CR27*Z27*CY27)) | DG27: =IF(CW27=1,0,IF(DE27=1,DA27*AF27,CS27*AA27*CY27)) | DH27: =IF(CW27=1,0,IF(DE27=1,DB27*AG27,CT27*AB27*CY27)) | DI27: =IF(CW27=1,0,IF(DE27=1,DC27*AH27,CU27*AC27*CY27)) | DJ27: =IF(CW27=1,0,IF(DE27=1,DD27*AI27,CV27*AD27*CY27)) | DK27: =IF(CW27=1,CQ27,IF(DE27=1,CQ27-(CZ27*AE27+DA27*AF27+DB27*AG27+DC27*AH27+DD27*AI27),0)) | DL27: =IF(AND(CR27=1,CZ27=0),1,0) | DM27: =IF(AND(CS27=1,DA27=0),1,0) | DN27: =IF(AND(CT27=1,DB27=0),1,0) | DO27: =IF(AND(CU27=1,DC27=0),1,0) | DP27: =IF(AND(CV27=1,DD27=0),1,0) | DQ27: =IF(OR(OR(CW27=1,DE27=0),DK27<=0.000001,DR27<=0),1,0) | DR27: =Z27*DL27+AA27*DM27+AB27*DN27+AC27*DO27+AD27*DP27 | DS27: =IF(DQ27=1,0,DK27/DR27) | DT27: =IF(AND(DQ27=0,DL27=1,Z27*DS27>AE27+0.000001),1,0) | DU27: =IF(AND(DQ27=0,DM27=1,AA27*DS27>AF27+0.000001),1,0) | DV27: =IF(AND(DQ27=0,DN27=1,AB27*DS27>AG27+0.000001),1,0) | DW27: =IF(AND(DQ27=0,DO27=1,AC27*DS27>AH27+0.000001),1,0) | DX27: =IF(AND(DQ27=0,DP27=1,AD27*DS27>AI27+0.000001),1,0) | DY27: =IF(DT27+DU27+DV27+DW27+DX27>0,1,0) | DZ27: =IF(DQ27=1,0,IF(DY27=1,DT27*AE27,DL27*Z27*DS27)) | EA27: =IF(DQ27=1,0,IF(DY27=1,DU27*AF27,DM27*AA27*DS27)) | EB27: =IF(DQ27=1,0,IF(DY27=1,DV27*AG27,DN27*AB27*DS27)) | EC27: =IF(DQ27=1,0,IF(DY27=1,DW27*AH27,DO27*AC27*DS27)) | ED27: =IF(DQ27=1,0,IF(DY27=1,DX27*AI27,DP27*AD27*DS27)) | EE27: =IF(DQ27=1,DK27,IF(DY27=1,DK27-(DT27*AE27+DU27*AF27+DV27*AG27+DW27*AH27+DX27*AI27),0)) | EF27: =IF(AND(DL27=1,DT27=0),1,0) | EG27: =IF(AND(DM27=1,DU27=0),1,0) | EH27: =IF(AND(DN27=1,DV27=0),1,0) | EI27: =IF(AND(DO27=1,DW27=0),1,0) | EJ27: =IF(AND(DP27=1,DX27=0),1,0) | EK27: =AX27+BR27+CL27+DF27+DZ27 | EL27: =U27+EP27 | EM27: =V27+EQ27 | EN27: =W27+ER27 | EO27: =X27+ES27 | EP27: =AY27+BS27+CM27+DG27+EA27 | EQ27: =AZ27+BT27+CN27+DH27+EB27 | ER27: =BA27+BU27+CO27+DI27+EC27 | ES27: =BB27+BV27+CP27+DJ27+ED27 | ET27: =IF(AND(OR($B$9=0,INDEX($EL$14:$EL$29,13)<=EL27+0.000001),OR($C$9=0,INDEX($EM$14:$EM$29,16)<=EM27+0.000001),OR($D$9=0,INDEX($EN$14:$EN$29,10)<=EN27+0.000001),OR($E$9=0,INDEX($EO$14:$EO$29,6)<=EO27+0.000001)),1,0) | EU27: =IF(AND(OR($B$9=1,MOD(INT(A27/1),2)=0),OR($C$9=1,MOD(INT(A27/2),2)=0),OR($D$9=1,MOD(INT(A27/4),2)=0),OR($E$9=1,MOD(INT(A27/8),2)=0)),1,0) | EV27: =IF(AND(ET27=1,EU27=1),(MOD(INT(A27/1),2)+MOD(INT(A27/2),2)+MOD(INT(A27/4),2)+MOD(INT(A27/8),2))*100+A27,"")
A28: 14 | B28: =IF(AND($B$9=1,MOD(INT(A28/1),2)=1),1,0) | C28: =IF(AND($C$9=1,MOD(INT(A28/2),2)=1),1,0) | D28: =IF(AND($D$9=1,MOD(INT(A28/4),2)=1),1,0) | E28: =IF(AND($E$9=1,MOD(INT(A28/8),2)=1),1,0) | F28: =$H$4 | G28: =F28-M28 | H28: =G28-L28 | I28: =H28-K28 | J28: =IF(B28=1,0,MIN($B$6,I28)) | K28: =IF(C28=1,0,MIN($C$6,H28)) | L28: =IF(D28=1,0,MIN($D$6,G28)) | M28: =IF(E28=1,0,MIN($E$6,F28)) | N28: =I28-J28 | O28: =(1-B28)*$B$6+(1-C28)*$C$6+(1-D28)*$D$6+(1-E28)*$E$6 | P28: =IF(B28=1,0,IF(O28<=0,0,IF($H$4>=O28,$B$6,$H$4*$B$6/O28))) | Q28: =IF(C28=1,0,IF(O28<=0,0,IF($H$4>=O28,$C$6,$H$4*$C$6/O28))) | R28: =IF(D28=1,0,IF(O28<=0,0,IF($H$4>=O28,$D$6,$H$4*$D$6/O28))) | S28: =IF(E28=1,0,IF(O28<=0,0,IF($H$4>=O28,$E$6,$H$4*$E$6/O28))) | T28: =IF(O28<=0,$H$4,MAX(0,$H$4-O28)) | U28: =IF($H$5=1,P28,J28) | V28: =IF($H$5=1,Q28,K28) | W28: =IF($H$5=1,R28,L28) | X28: =IF($H$5=1,S28,M28) | Y28: =IF($H$5=1,T28,N28) | Z28: =$H$3 | AA28: =IF(OR(B28=1,$B$8=2,$B$8=3),$B$4,0) | AB28: =IF(OR(C28=1,$C$8=2,$C$8=3),$C$4,0) | AC28: =IF(OR(D28=1,$D$8=2,$D$8=3),$D$4,0) | AD28: =IF(OR(E28=1,$E$8=2,$E$8=3),$E$4,0) | AE28: =1E+300 | AF28: =IF(OR(B28=1,$B$8=2),1E+300,MAX(0,$B$7-U28)) | AG28: =IF(OR(C28=1,$C$8=2),1E+300,MAX(0,$C$7-V28)) | AH28: =IF(OR(D28=1,$D$8=2),1E+300,MAX(0,$D$7-W28)) | AI28: =IF(OR(E28=1,$E$8=2),1E+300,MAX(0,$E$7-X28)) | AJ28: =IF(Z28>0,1,0) | AK28: =IF(AA28>0,1,0) | AL28: =IF(AB28>0,1,0) | AM28: =IF(AC28>0,1,0) | AN28: =IF(AD28>0,1,0) | AO28: =IF(OR(FALSE,Y28<=0.000001,AP28<=0),1,0) | AP28: =Z28*AJ28+AA28*AK28+AB28*AL28+AC28*AM28+AD28*AN28 | AQ28: =IF(AO28=1,0,Y28/AP28) | AR28: =IF(AND(AO28=0,AJ28=1,Z28*AQ28>AE28+0.000001),1,0) | AS28: =IF(AND(AO28=0,AK28=1,AA28*AQ28>AF28+0.000001),1,0) | AT28: =IF(AND(AO28=0,AL28=1,AB28*AQ28>AG28+0.000001),1,0) | AU28: =IF(AND(AO28=0,AM28=1,AC28*AQ28>AH28+0.000001),1,0) | AV28: =IF(AND(AO28=0,AN28=1,AD28*AQ28>AI28+0.000001),1,0) | AW28: =IF(AR28+AS28+AT28+AU28+AV28>0,1,0) | AX28: =IF(AO28=1,0,IF(AW28=1,AR28*AE28,AJ28*Z28*AQ28)) | AY28: =IF(AO28=1,0,IF(AW28=1,AS28*AF28,AK28*AA28*AQ28)) | AZ28: =IF(AO28=1,0,IF(AW28=1,AT28*AG28,AL28*AB28*AQ28)) | BA28: =IF(AO28=1,0,IF(AW28=1,AU28*AH28,AM28*AC28*AQ28)) | BB28: =IF(AO28=1,0,IF(AW28=1,AV28*AI28,AN28*AD28*AQ28)) | BC28: =IF(AO28=1,Y28,IF(AW28=1,Y28-(AR28*AE28+AS28*AF28+AT28*AG28+AU28*AH28+AV28*AI28),0)) | BD28: =IF(AND(AJ28=1,AR28=0),1,0) | BE28: =IF(AND(AK28=1,AS28=0),1,0) | BF28: =IF(AND(AL28=1,AT28=0),1,0) | BG28: =IF(AND(AM28=1,AU28=0),1,0) | BH28: =IF(AND(AN28=1,AV28=0),1,0) | BI28: =IF(OR(OR(AO28=1,AW28=0),BC28<=0.000001,BJ28<=0),1,0) | BJ28: =Z28*BD28+AA28*BE28+AB28*BF28+AC28*BG28+AD28*BH28 | BK28: =IF(BI28=1,0,BC28/BJ28) | BL28: =IF(AND(BI28=0,BD28=1,Z28*BK28>AE28+0.000001),1,0) | BM28: =IF(AND(BI28=0,BE28=1,AA28*BK28>AF28+0.000001),1,0) | BN28: =IF(AND(BI28=0,BF28=1,AB28*BK28>AG28+0.000001),1,0) | BO28: =IF(AND(BI28=0,BG28=1,AC28*BK28>AH28+0.000001),1,0) | BP28: =IF(AND(BI28=0,BH28=1,AD28*BK28>AI28+0.000001),1,0) | BQ28: =IF(BL28+BM28+BN28+BO28+BP28>0,1,0) | BR28: =IF(BI28=1,0,IF(BQ28=1,BL28*AE28,BD28*Z28*BK28)) | BS28: =IF(BI28=1,0,IF(BQ28=1,BM28*AF28,BE28*AA28*BK28)) | BT28: =IF(BI28=1,0,IF(BQ28=1,BN28*AG28,BF28*AB28*BK28)) | BU28: =IF(BI28=1,0,IF(BQ28=1,BO28*AH28,BG28*AC28*BK28)) | BV28: =IF(BI28=1,0,IF(BQ28=1,BP28*AI28,BH28*AD28*BK28)) | BW28: =IF(BI28=1,BC28,IF(BQ28=1,BC28-(BL28*AE28+BM28*AF28+BN28*AG28+BO28*AH28+BP28*AI28),0)) | BX28: =IF(AND(BD28=1,BL28=0),1,0) | BY28: =IF(AND(BE28=1,BM28=0),1,0) | BZ28: =IF(AND(BF28=1,BN28=0),1,0) | CA28: =IF(AND(BG28=1,BO28=0),1,0) | CB28: =IF(AND(BH28=1,BP28=0),1,0) | CC28: =IF(OR(OR(BI28=1,BQ28=0),BW28<=0.000001,CD28<=0),1,0) | CD28: =Z28*BX28+AA28*BY28+AB28*BZ28+AC28*CA28+AD28*CB28 | CE28: =IF(CC28=1,0,BW28/CD28) | CF28: =IF(AND(CC28=0,BX28=1,Z28*CE28>AE28+0.000001),1,0) | CG28: =IF(AND(CC28=0,BY28=1,AA28*CE28>AF28+0.000001),1,0) | CH28: =IF(AND(CC28=0,BZ28=1,AB28*CE28>AG28+0.000001),1,0) | CI28: =IF(AND(CC28=0,CA28=1,AC28*CE28>AH28+0.000001),1,0) | CJ28: =IF(AND(CC28=0,CB28=1,AD28*CE28>AI28+0.000001),1,0) | CK28: =IF(CF28+CG28+CH28+CI28+CJ28>0,1,0) | CL28: =IF(CC28=1,0,IF(CK28=1,CF28*AE28,BX28*Z28*CE28)) | CM28: =IF(CC28=1,0,IF(CK28=1,CG28*AF28,BY28*AA28*CE28)) | CN28: =IF(CC28=1,0,IF(CK28=1,CH28*AG28,BZ28*AB28*CE28)) | CO28: =IF(CC28=1,0,IF(CK28=1,CI28*AH28,CA28*AC28*CE28)) | CP28: =IF(CC28=1,0,IF(CK28=1,CJ28*AI28,CB28*AD28*CE28)) | CQ28: =IF(CC28=1,BW28,IF(CK28=1,BW28-(CF28*AE28+CG28*AF28+CH28*AG28+CI28*AH28+CJ28*AI28),0)) | CR28: =IF(AND(BX28=1,CF28=0),1,0) | CS28: =IF(AND(BY28=1,CG28=0),1,0) | CT28: =IF(AND(BZ28=1,CH28=0),1,0) | CU28: =IF(AND(CA28=1,CI28=0),1,0) | CV28: =IF(AND(CB28=1,CJ28=0),1,0) | CW28: =IF(OR(OR(CC28=1,CK28=0),CQ28<=0.000001,CX28<=0),1,0) | CX28: =Z28*CR28+AA28*CS28+AB28*CT28+AC28*CU28+AD28*CV28 | CY28: =IF(CW28=1,0,CQ28/CX28) | CZ28: =IF(AND(CW28=0,CR28=1,Z28*CY28>AE28+0.000001),1,0) | DA28: =IF(AND(CW28=0,CS28=1,AA28*CY28>AF28+0.000001),1,0) | DB28: =IF(AND(CW28=0,CT28=1,AB28*CY28>AG28+0.000001),1,0) | DC28: =IF(AND(CW28=0,CU28=1,AC28*CY28>AH28+0.000001),1,0) | DD28: =IF(AND(CW28=0,CV28=1,AD28*CY28>AI28+0.000001),1,0) | DE28: =IF(CZ28+DA28+DB28+DC28+DD28>0,1,0) | DF28: =IF(CW28=1,0,IF(DE28=1,CZ28*AE28,CR28*Z28*CY28)) | DG28: =IF(CW28=1,0,IF(DE28=1,DA28*AF28,CS28*AA28*CY28)) | DH28: =IF(CW28=1,0,IF(DE28=1,DB28*AG28,CT28*AB28*CY28)) | DI28: =IF(CW28=1,0,IF(DE28=1,DC28*AH28,CU28*AC28*CY28)) | DJ28: =IF(CW28=1,0,IF(DE28=1,DD28*AI28,CV28*AD28*CY28)) | DK28: =IF(CW28=1,CQ28,IF(DE28=1,CQ28-(CZ28*AE28+DA28*AF28+DB28*AG28+DC28*AH28+DD28*AI28),0)) | DL28: =IF(AND(CR28=1,CZ28=0),1,0) | DM28: =IF(AND(CS28=1,DA28=0),1,0) | DN28: =IF(AND(CT28=1,DB28=0),1,0) | DO28: =IF(AND(CU28=1,DC28=0),1,0) | DP28: =IF(AND(CV28=1,DD28=0),1,0) | DQ28: =IF(OR(OR(CW28=1,DE28=0),DK28<=0.000001,DR28<=0),1,0) | DR28: =Z28*DL28+AA28*DM28+AB28*DN28+AC28*DO28+AD28*DP28 | DS28: =IF(DQ28=1,0,DK28/DR28) | DT28: =IF(AND(DQ28=0,DL28=1,Z28*DS28>AE28+0.000001),1,0) | DU28: =IF(AND(DQ28=0,DM28=1,AA28*DS28>AF28+0.000001),1,0) | DV28: =IF(AND(DQ28=0,DN28=1,AB28*DS28>AG28+0.000001),1,0) | DW28: =IF(AND(DQ28=0,DO28=1,AC28*DS28>AH28+0.000001),1,0) | DX28: =IF(AND(DQ28=0,DP28=1,AD28*DS28>AI28+0.000001),1,0) | DY28: =IF(DT28+DU28+DV28+DW28+DX28>0,1,0) | DZ28: =IF(DQ28=1,0,IF(DY28=1,DT28*AE28,DL28*Z28*DS28)) | EA28: =IF(DQ28=1,0,IF(DY28=1,DU28*AF28,DM28*AA28*DS28)) | EB28: =IF(DQ28=1,0,IF(DY28=1,DV28*AG28,DN28*AB28*DS28)) | EC28: =IF(DQ28=1,0,IF(DY28=1,DW28*AH28,DO28*AC28*DS28)) | ED28: =IF(DQ28=1,0,IF(DY28=1,DX28*AI28,DP28*AD28*DS28)) | EE28: =IF(DQ28=1,DK28,IF(DY28=1,DK28-(DT28*AE28+DU28*AF28+DV28*AG28+DW28*AH28+DX28*AI28),0)) | EF28: =IF(AND(DL28=1,DT28=0),1,0) | EG28: =IF(AND(DM28=1,DU28=0),1,0) | EH28: =IF(AND(DN28=1,DV28=0),1,0) | EI28: =IF(AND(DO28=1,DW28=0),1,0) | EJ28: =IF(AND(DP28=1,DX28=0),1,0) | EK28: =AX28+BR28+CL28+DF28+DZ28 | EL28: =U28+EP28 | EM28: =V28+EQ28 | EN28: =W28+ER28 | EO28: =X28+ES28 | EP28: =AY28+BS28+CM28+DG28+EA28 | EQ28: =AZ28+BT28+CN28+DH28+EB28 | ER28: =BA28+BU28+CO28+DI28+EC28 | ES28: =BB28+BV28+CP28+DJ28+ED28 | ET28: =IF(AND(OR($B$9=0,INDEX($EL$14:$EL$29,16)<=EL28+0.000001),OR($C$9=0,INDEX($EM$14:$EM$29,13)<=EM28+0.000001),OR($D$9=0,INDEX($EN$14:$EN$29,11)<=EN28+0.000001),OR($E$9=0,INDEX($EO$14:$EO$29,7)<=EO28+0.000001)),1,0) | EU28: =IF(AND(OR($B$9=1,MOD(INT(A28/1),2)=0),OR($C$9=1,MOD(INT(A28/2),2)=0),OR($D$9=1,MOD(INT(A28/4),2)=0),OR($E$9=1,MOD(INT(A28/8),2)=0)),1,0) | EV28: =IF(AND(ET28=1,EU28=1),(MOD(INT(A28/1),2)+MOD(INT(A28/2),2)+MOD(INT(A28/4),2)+MOD(INT(A28/8),2))*100+A28,"")
A29: 15 | B29: =IF(AND($B$9=1,MOD(INT(A29/1),2)=1),1,0) | C29: =IF(AND($C$9=1,MOD(INT(A29/2),2)=1),1,0) | D29: =IF(AND($D$9=1,MOD(INT(A29/4),2)=1),1,0) | E29: =IF(AND($E$9=1,MOD(INT(A29/8),2)=1),1,0) | F29: =$H$4 | G29: =F29-M29 | H29: =G29-L29 | I29: =H29-K29 | J29: =IF(B29=1,0,MIN($B$6,I29)) | K29: =IF(C29=1,0,MIN($C$6,H29)) | L29: =IF(D29=1,0,MIN($D$6,G29)) | M29: =IF(E29=1,0,MIN($E$6,F29)) | N29: =I29-J29 | O29: =(1-B29)*$B$6+(1-C29)*$C$6+(1-D29)*$D$6+(1-E29)*$E$6 | P29: =IF(B29=1,0,IF(O29<=0,0,IF($H$4>=O29,$B$6,$H$4*$B$6/O29))) | Q29: =IF(C29=1,0,IF(O29<=0,0,IF($H$4>=O29,$C$6,$H$4*$C$6/O29))) | R29: =IF(D29=1,0,IF(O29<=0,0,IF($H$4>=O29,$D$6,$H$4*$D$6/O29))) | S29: =IF(E29=1,0,IF(O29<=0,0,IF($H$4>=O29,$E$6,$H$4*$E$6/O29))) | T29: =IF(O29<=0,$H$4,MAX(0,$H$4-O29)) | U29: =IF($H$5=1,P29,J29) | V29: =IF($H$5=1,Q29,K29) | W29: =IF($H$5=1,R29,L29) | X29: =IF($H$5=1,S29,M29) | Y29: =IF($H$5=1,T29,N29) | Z29: =$H$3 | AA29: =IF(OR(B29=1,$B$8=2,$B$8=3),$B$4,0) | AB29: =IF(OR(C29=1,$C$8=2,$C$8=3),$C$4,0) | AC29: =IF(OR(D29=1,$D$8=2,$D$8=3),$D$4,0) | AD29: =IF(OR(E29=1,$E$8=2,$E$8=3),$E$4,0) | AE29: =1E+300 | AF29: =IF(OR(B29=1,$B$8=2),1E+300,MAX(0,$B$7-U29)) | AG29: =IF(OR(C29=1,$C$8=2),1E+300,MAX(0,$C$7-V29)) | AH29: =IF(OR(D29=1,$D$8=2),1E+300,MAX(0,$D$7-W29)) | AI29: =IF(OR(E29=1,$E$8=2),1E+300,MAX(0,$E$7-X29)) | AJ29: =IF(Z29>0,1,0) | AK29: =IF(AA29>0,1,0) | AL29: =IF(AB29>0,1,0) | AM29: =IF(AC29>0,1,0) | AN29: =IF(AD29>0,1,0) | AO29: =IF(OR(FALSE,Y29<=0.000001,AP29<=0),1,0) | AP29: =Z29*AJ29+AA29*AK29+AB29*AL29+AC29*AM29+AD29*AN29 | AQ29: =IF(AO29=1,0,Y29/AP29) | AR29: =IF(AND(AO29=0,AJ29=1,Z29*AQ29>AE29+0.000001),1,0) | AS29: =IF(AND(AO29=0,AK29=1,AA29*AQ29>AF29+0.000001),1,0) | AT29: =IF(AND(AO29=0,AL29=1,AB29*AQ29>AG29+0.000001),1,0) | AU29: =IF(AND(AO29=0,AM29=1,AC29*AQ29>AH29+0.000001),1,0) | AV29: =IF(AND(AO29=0,AN29=1,AD29*AQ29>AI29+0.000001),1,0) | AW29: =IF(AR29+AS29+AT29+AU29+AV29>0,1,0) | AX29: =IF(AO29=1,0,IF(AW29=1,AR29*AE29,AJ29*Z29*AQ29)) | AY29: =IF(AO29=1,0,IF(AW29=1,AS29*AF29,AK29*AA29*AQ29)) | AZ29: =IF(AO29=1,0,IF(AW29=1,AT29*AG29,AL29*AB29*AQ29)) | BA29: =IF(AO29=1,0,IF(AW29=1,AU29*AH29,AM29*AC29*AQ29)) | BB29: =IF(AO29=1,0,IF(AW29=1,AV29*AI29,AN29*AD29*AQ29)) | BC29: =IF(AO29=1,Y29,IF(AW29=1,Y29-(AR29*AE29+AS29*AF29+AT29*AG29+AU29*AH29+AV29*AI29),0)) | BD29: =IF(AND(AJ29=1,AR29=0),1,0) | BE29: =IF(AND(AK29=1,AS29=0),1,0) | BF29: =IF(AND(AL29=1,AT29=0),1,0) | BG29: =IF(AND(AM29=1,AU29=0),1,0) | BH29: =IF(AND(AN29=1,AV29=0),1,0) | BI29: =IF(OR(OR(AO29=1,AW29=0),BC29<=0.000001,BJ29<=0),1,0) | BJ29: =Z29*BD29+AA29*BE29+AB29*BF29+AC29*BG29+AD29*BH29 | BK29: =IF(BI29=1,0,BC29/BJ29) | BL29: =IF(AND(BI29=0,BD29=1,Z29*BK29>AE29+0.000001),1,0) | BM29: =IF(AND(BI29=0,BE29=1,AA29*BK29>AF29+0.000001),1,0) | BN29: =IF(AND(BI29=0,BF29=1,AB29*BK29>AG29+0.000001),1,0) | BO29: =IF(AND(BI29=0,BG29=1,AC29*BK29>AH29+0.000001),1,0) | BP29: =IF(AND(BI29=0,BH29=1,AD29*BK29>AI29+0.000001),1,0) | BQ29: =IF(BL29+BM29+BN29+BO29+BP29>0,1,0) | BR29: =IF(BI29=1,0,IF(BQ29=1,BL29*AE29,BD29*Z29*BK29)) | BS29: =IF(BI29=1,0,IF(BQ29=1,BM29*AF29,BE29*AA29*BK29)) | BT29: =IF(BI29=1,0,IF(BQ29=1,BN29*AG29,BF29*AB29*BK29)) | BU29: =IF(BI29=1,0,IF(BQ29=1,BO29*AH29,BG29*AC29*BK29)) | BV29: =IF(BI29=1,0,IF(BQ29=1,BP29*AI29,BH29*AD29*BK29)) | BW29: =IF(BI29=1,BC29,IF(BQ29=1,BC29-(BL29*AE29+BM29*AF29+BN29*AG29+BO29*AH29+BP29*AI29),0)) | BX29: =IF(AND(BD29=1,BL29=0),1,0) | BY29: =IF(AND(BE29=1,BM29=0),1,0) | BZ29: =IF(AND(BF29=1,BN29=0),1,0) | CA29: =IF(AND(BG29=1,BO29=0),1,0) | CB29: =IF(AND(BH29=1,BP29=0),1,0) | CC29: =IF(OR(OR(BI29=1,BQ29=0),BW29<=0.000001,CD29<=0),1,0) | CD29: =Z29*BX29+AA29*BY29+AB29*BZ29+AC29*CA29+AD29*CB29 | CE29: =IF(CC29=1,0,BW29/CD29) | CF29: =IF(AND(CC29=0,BX29=1,Z29*CE29>AE29+0.000001),1,0) | CG29: =IF(AND(CC29=0,BY29=1,AA29*CE29>AF29+0.000001),1,0) | CH29: =IF(AND(CC29=0,BZ29=1,AB29*CE29>AG29+0.000001),1,0) | CI29: =IF(AND(CC29=0,CA29=1,AC29*CE29>AH29+0.000001),1,0) | CJ29: =IF(AND(CC29=0,CB29=1,AD29*CE29>AI29+0.000001),1,0) | CK29: =IF(CF29+CG29+CH29+CI29+CJ29>0,1,0) | CL29: =IF(CC29=1,0,IF(CK29=1,CF29*AE29,BX29*Z29*CE29)) | CM29: =IF(CC29=1,0,IF(CK29=1,CG29*AF29,BY29*AA29*CE29)) | CN29: =IF(CC29=1,0,IF(CK29=1,CH29*AG29,BZ29*AB29*CE29)) | CO29: =IF(CC29=1,0,IF(CK29=1,CI29*AH29,CA29*AC29*CE29)) | CP29: =IF(CC29=1,0,IF(CK29=1,CJ29*AI29,CB29*AD29*CE29)) | CQ29: =IF(CC29=1,BW29,IF(CK29=1,BW29-(CF29*AE29+CG29*AF29+CH29*AG29+CI29*AH29+CJ29*AI29),0)) | CR29: =IF(AND(BX29=1,CF29=0),1,0) | CS29: =IF(AND(BY29=1,CG29=0),1,0) | CT29: =IF(AND(BZ29=1,CH29=0),1,0) | CU29: =IF(AND(CA29=1,CI29=0),1,0) | CV29: =IF(AND(CB29=1,CJ29=0),1,0) | CW29: =IF(OR(OR(CC29=1,CK29=0),CQ29<=0.000001,CX29<=0),1,0) | CX29: =Z29*CR29+AA29*CS29+AB29*CT29+AC29*CU29+AD29*CV29 | CY29: =IF(CW29=1,0,CQ29/CX29) | CZ29: =IF(AND(CW29=0,CR29=1,Z29*CY29>AE29+0.000001),1,0) | DA29: =IF(AND(CW29=0,CS29=1,AA29*CY29>AF29+0.000001),1,0) | DB29: =IF(AND(CW29=0,CT29=1,AB29*CY29>AG29+0.000001),1,0) | DC29: =IF(AND(CW29=0,CU29=1,AC29*CY29>AH29+0.000001),1,0) | DD29: =IF(AND(CW29=0,CV29=1,AD29*CY29>AI29+0.000001),1,0) | DE29: =IF(CZ29+DA29+DB29+DC29+DD29>0,1,0) | DF29: =IF(CW29=1,0,IF(DE29=1,CZ29*AE29,CR29*Z29*CY29)) | DG29: =IF(CW29=1,0,IF(DE29=1,DA29*AF29,CS29*AA29*CY29)) | DH29: =IF(CW29=1,0,IF(DE29=1,DB29*AG29,CT29*AB29*CY29)) | DI29: =IF(CW29=1,0,IF(DE29=1,DC29*AH29,CU29*AC29*CY29)) | DJ29: =IF(CW29=1,0,IF(DE29=1,DD29*AI29,CV29*AD29*CY29)) | DK29: =IF(CW29=1,CQ29,IF(DE29=1,CQ29-(CZ29*AE29+DA29*AF29+DB29*AG29+DC29*AH29+DD29*AI29),0)) | DL29: =IF(AND(CR29=1,CZ29=0),1,0) | DM29: =IF(AND(CS29=1,DA29=0),1,0) | DN29: =IF(AND(CT29=1,DB29=0),1,0) | DO29: =IF(AND(CU29=1,DC29=0),1,0) | DP29: =IF(AND(CV29=1,DD29=0),1,0) | DQ29: =IF(OR(OR(CW29=1,DE29=0),DK29<=0.000001,DR29<=0),1,0) | DR29: =Z29*DL29+AA29*DM29+AB29*DN29+AC29*DO29+AD29*DP29 | DS29: =IF(DQ29=1,0,DK29/DR29) | DT29: =IF(AND(DQ29=0,DL29=1,Z29*DS29>AE29+0.000001),1,0) | DU29: =IF(AND(DQ29=0,DM29=1,AA29*DS29>AF29+0.000001),1,0) | DV29: =IF(AND(DQ29=0,DN29=1,AB29*DS29>AG29+0.000001),1,0) | DW29: =IF(AND(DQ29=0,DO29=1,AC29*DS29>AH29+0.000001),1,0) | DX29: =IF(AND(DQ29=0,DP29=1,AD29*DS29>AI29+0.000001),1,0) | DY29: =IF(DT29+DU29+DV29+DW29+DX29>0,1,0) | DZ29: =IF(DQ29=1,0,IF(DY29=1,DT29*AE29,DL29*Z29*DS29)) | EA29: =IF(DQ29=1,0,IF(DY29=1,DU29*AF29,DM29*AA29*DS29)) | EB29: =IF(DQ29=1,0,IF(DY29=1,DV29*AG29,DN29*AB29*DS29)) | EC29: =IF(DQ29=1,0,IF(DY29=1,DW29*AH29,DO29*AC29*DS29)) | ED29: =IF(DQ29=1,0,IF(DY29=1,DX29*AI29,DP29*AD29*DS29)) | EE29: =IF(DQ29=1,DK29,IF(DY29=1,DK29-(DT29*AE29+DU29*AF29+DV29*AG29+DW29*AH29+DX29*AI29),0)) | EF29: =IF(AND(DL29=1,DT29=0),1,0) | EG29: =IF(AND(DM29=1,DU29=0),1,0) | EH29: =IF(AND(DN29=1,DV29=0),1,0) | EI29: =IF(AND(DO29=1,DW29=0),1,0) | EJ29: =IF(AND(DP29=1,DX29=0),1,0) | EK29: =AX29+BR29+CL29+DF29+DZ29 | EL29: =U29+EP29 | EM29: =V29+EQ29 | EN29: =W29+ER29 | EO29: =X29+ES29 | EP29: =AY29+BS29+CM29+DG29+EA29 | EQ29: =AZ29+BT29+CN29+DH29+EB29 | ER29: =BA29+BU29+CO29+DI29+EC29 | ES29: =BB29+BV29+CP29+DJ29+ED29 | ET29: =IF(AND(OR($B$9=0,INDEX($EL$14:$EL$29,15)<=EL29+0.000001),OR($C$9=0,INDEX($EM$14:$EM$29,14)<=EM29+0.000001),OR($D$9=0,INDEX($EN$14:$EN$29,12)<=EN29+0.000001),OR($E$9=0,INDEX($EO$14:$EO$29,8)<=EO29+0.000001)),1,0) | EU29: =IF(AND(OR($B$9=1,MOD(INT(A29/1),2)=0),OR($C$9=1,MOD(INT(A29/2),2)=0),OR($D$9=1,MOD(INT(A29/4),2)=0),OR($E$9=1,MOD(INT(A29/8),2)=0)),1,0) | EV29: =IF(AND(ET29=1,EU29=1),(MOD(INT(A29/1),2)+MOD(INT(A29/2),2)+MOD(INT(A29/4),2)+MOD(INT(A29/8),2))*100+A29,"")
A31: Best-response iteration: state after each step (round, series)
A32: Round | B32: Series 1 | C32: Series 2 | D32: Series 3 | E32: Series 4 | F32: Changed?
A33: 1 | B33: =IF(AND($B$9=1,INDEX($EL$14:$EL$29,(0+IF(MOD(INT(0/1),2)=1,-1,1))+1)>INDEX($EL$14:$EL$29,0+1)+0.000001),(0+IF(MOD(INT(0/1),2)=1,-1,1)),0) | C33: =IF(AND($C$9=1,INDEX($EM$14:$EM$29,($B$33+IF(MOD(INT($B$33/2),2)=1,-2,2))+1)>INDEX($EM$14:$EM$29,$B$33+1)+0.000001),($B$33+IF(MOD(INT($B$33/2),2)=1,-2,2)),$B$33) | D33: =IF(AND($D$9=1,INDEX($EN$14:$EN$29,($C$33+IF(MOD(INT($C$33/4),2)=1,-4,4))+1)>INDEX($EN$14:$EN$29,$C$33+1)+0.000001),($C$33+IF(MOD(INT($C$33/4),2)=1,-4,4)),$C$33) | E33: =IF(AND($E$9=1,INDEX($EO$14:$EO$29,($D$33+IF(MOD(INT($D$33/8),2)=1,-8,8))+1)>INDEX($EO$14:$EO$29,$D$33+1)+0.000001),($D$33+IF(MOD(INT($D$33/8),2)=1,-8,8)),$D$33) | F33: =IF($E$33<>0,1,0)
A34: 2 | B34: =IF(AND($B$9=1,INDEX($EL$14:$EL$29,($E$33+IF(MOD(INT($E$33/1),2)=1,-1,1))+1)>INDEX($EL$14:$EL$29,$E$33+1)+0.000001),($E$33+IF(MOD(INT($E$33/1),2)=1,-1,1)),$E$33) | C34: =IF(AND($C$9=1,INDEX($EM$14:$EM$29,($B$34+IF(MOD(INT($B$34/2),2)=1,-2,2))+1)>INDEX($EM$14:$EM$29,$B$34+1)+0.000001),($B$34+IF(MOD(INT($B$34/2),2)=1,-2,2)),$B$34) | D34: =IF(AND($D$9=1,INDEX($EN$14:$EN$29,($C$34+IF(MOD(INT($C$34/4),2)=1,-4,4))+1)>INDEX($EN$14:$EN$29,$C$34+1)+0.000001),($C$34+IF(MOD(INT($C$34/4),2)=1,-4,4)),$C$34) | E34: =IF(AND($E$9=1,INDEX($EO$14:$EO$29,($D$34+IF(MOD(INT($D$34/8),2)=1,-8,8))+1)>INDEX($EO$14:$EO$29,$D$34+1)+0.000001),($D$34+IF(MOD(INT($D$34/8),2)=1,-8,8)),$D$34) | F34: =IF($E$34<>$E$33,1,0)
A35: 3 | B35: =IF(AND($B$9=1,INDEX($EL$14:$EL$29,($E$34+IF(MOD(INT($E$34/1),2)=1,-1,1))+1)>INDEX($EL$14:$EL$29,$E$34+1)+0.000001),($E$34+IF(MOD(INT($E$34/1),2)=1,-1,1)),$E$34) | C35: =IF(AND($C$9=1,INDEX($EM$14:$EM$29,($B$35+IF(MOD(INT($B$35/2),2)=1,-2,2))+1)>INDEX($EM$14:$EM$29,$B$35+1)+0.000001),($B$35+IF(MOD(INT($B$35/2),2)=1,-2,2)),$B$35) | D35: =IF(AND($D$9=1,INDEX($EN$14:$EN$29,($C$35+IF(MOD(INT($C$35/4),2)=1,-4,4))+1)>INDEX($EN$14:$EN$29,$C$35+1)+0.000001),($C$35+IF(MOD(INT($C$35/4),2)=1,-4,4)),$C$35) | E35: =IF(AND($E$9=1,INDEX($EO$14:$EO$29,($D$35+IF(MOD(INT($D$35/8),2)=1,-8,8))+1)>INDEX($EO$14:$EO$29,$D$35+1)+0.000001),($D$35+IF(MOD(INT($D$35/8),2)=1,-8,8)),$D$35) | F35: =IF($E$35<>$E$34,1,0)
A36: 4 | B36: =IF(AND($B$9=1,INDEX($EL$14:$EL$29,($E$35+IF(MOD(INT($E$35/1),2)=1,-1,1))+1)>INDEX($EL$14:$EL$29,$E$35+1)+0.000001),($E$35+IF(MOD(INT($E$35/1),2)=1,-1,1)),$E$35) | C36: =IF(AND($C$9=1,INDEX($EM$14:$EM$29,($B$36+IF(MOD(INT($B$36/2),2)=1,-2,2))+1)>INDEX($EM$14:$EM$29,$B$36+1)+0.000001),($B$36+IF(MOD(INT($B$36/2),2)=1,-2,2)),$B$36) | D36: =IF(AND($D$9=1,INDEX($EN$14:$EN$29,($C$36+IF(MOD(INT($C$36/4),2)=1,-4,4))+1)>INDEX($EN$14:$EN$29,$C$36+1)+0.000001),($C$36+IF(MOD(INT($C$36/4),2)=1,-4,4)),$C$36) | E36: =IF(AND($E$9=1,INDEX($EO$14:$EO$29,($D$36+IF(MOD(INT($D$36/8),2)=1,-8,8))+1)>INDEX($EO$14:$EO$29,$D$36+1)+0.000001),($D$36+IF(MOD(INT($D$36/8),2)=1,-8,8)),$D$36) | F36: =IF($E$36<>$E$35,1,0)
A37: 5 | B37: =IF(AND($B$9=1,INDEX($EL$14:$EL$29,($E$36+IF(MOD(INT($E$36/1),2)=1,-1,1))+1)>INDEX($EL$14:$EL$29,$E$36+1)+0.000001),($E$36+IF(MOD(INT($E$36/1),2)=1,-1,1)),$E$36) | C37: =IF(AND($C$9=1,INDEX($EM$14:$EM$29,($B$37+IF(MOD(INT($B$37/2),2)=1,-2,2))+1)>INDEX($EM$14:$EM$29,$B$37+1)+0.000001),($B$37+IF(MOD(INT($B$37/2),2)=1,-2,2)),$B$37) | D37: =IF(AND($D$9=1,INDEX($EN$14:$EN$29,($C$37+IF(MOD(INT($C$37/4),2)=1,-4,4))+1)>INDEX($EN$14:$EN$29,$C$37+1)+0.000001),($C$37+IF(MOD(INT($C$37/4),2)=1,-4,4)),$C$37) | E37: =IF(AND($E$9=1,INDEX($EO$14:$EO$29,($D$37+IF(MOD(INT($D$37/8),2)=1,-8,8))+1)>INDEX($EO$14:$EO$29,$D$37+1)+0.000001),($D$37+IF(MOD(INT($D$37/8),2)=1,-8,8)),$D$37) | F37: =IF($E$37<>$E$36,1,0)
A38: 6 | B38: =IF(AND($B$9=1,INDEX($EL$14:$EL$29,($E$37+IF(MOD(INT($E$37/1),2)=1,-1,1))+1)>INDEX($EL$14:$EL$29,$E$37+1)+0.000001),($E$37+IF(MOD(INT($E$37/1),2)=1,-1,1)),$E$37) | C38: =IF(AND($C$9=1,INDEX($EM$14:$EM$29,($B$38+IF(MOD(INT($B$38/2),2)=1,-2,2))+1)>INDEX($EM$14:$EM$29,$B$38+1)+0.000001),($B$38+IF(MOD(INT($B$38/2),2)=1,-2,2)),$B$38) | D38: =IF(AND($D$9=1,INDEX($EN$14:$EN$29,($C$38+IF(MOD(INT($C$38/4),2)=1,-4,4))+1)>INDEX($EN$14:$EN$29,$C$38+1)+0.000001),($C$38+IF(MOD(INT($C$38/4),2)=1,-4,4)),$C$38) | E38: =IF(AND($E$9=1,INDEX($EO$14:$EO$29,($D$38+IF(MOD(INT($D$38/8),2)=1,-8,8))+1)>INDEX($EO$14:$EO$29,$D$38+1)+0.000001),($D$38+IF(MOD(INT($D$38/8),2)=1,-8,8)),$D$38) | F38: =IF($E$38<>$E$37,1,0)
A39: 7 | B39: =IF(AND($B$9=1,INDEX($EL$14:$EL$29,($E$38+IF(MOD(INT($E$38/1),2)=1,-1,1))+1)>INDEX($EL$14:$EL$29,$E$38+1)+0.000001),($E$38+IF(MOD(INT($E$38/1),2)=1,-1,1)),$E$38) | C39: =IF(AND($C$9=1,INDEX($EM$14:$EM$29,($B$39+IF(MOD(INT($B$39/2),2)=1,-2,2))+1)>INDEX($EM$14:$EM$29,$B$39+1)+0.000001),($B$39+IF(MOD(INT($B$39/2),2)=1,-2,2)),$B$39) | D39: =IF(AND($D$9=1,INDEX($EN$14:$EN$29,($C$39+IF(MOD(INT($C$39/4),2)=1,-4,4))+1)>INDEX($EN$14:$EN$29,$C$39+1)+0.000001),($C$39+IF(MOD(INT($C$39/4),2)=1,-4,4)),$C$39) | E39: =IF(AND($E$9=1,INDEX($EO$14:$EO$29,($D$39+IF(MOD(INT($D$39/8),2)=1,-8,8))+1)>INDEX($EO$14:$EO$29,$D$39+1)+0.000001),($D$39+IF(MOD(INT($D$39/8),2)=1,-8,8)),$D$39) | F39: =IF($E$39<>$E$38,1,0)
A40: 8 | B40: =IF(AND($B$9=1,INDEX($EL$14:$EL$29,($E$39+IF(MOD(INT($E$39/1),2)=1,-1,1))+1)>INDEX($EL$14:$EL$29,$E$39+1)+0.000001),($E$39+IF(MOD(INT($E$39/1),2)=1,-1,1)),$E$39) | C40: =IF(AND($C$9=1,INDEX($EM$14:$EM$29,($B$40+IF(MOD(INT($B$40/2),2)=1,-2,2))+1)>INDEX($EM$14:$EM$29,$B$40+1)+0.000001),($B$40+IF(MOD(INT($B$40/2),2)=1,-2,2)),$B$40) | D40: =IF(AND($D$9=1,INDEX($EN$14:$EN$29,($C$40+IF(MOD(INT($C$40/4),2)=1,-4,4))+1)>INDEX($EN$14:$EN$29,$C$40+1)+0.000001),($C$40+IF(MOD(INT($C$40/4),2)=1,-4,4)),$C$40) | E40: =IF(AND($E$9=1,INDEX($EO$14:$EO$29,($D$40+IF(MOD(INT($D$40/8),2)=1,-8,8))+1)>INDEX($EO$14:$EO$29,$D$40+1)+0.000001),($D$40+IF(MOD(INT($D$40/8),2)=1,-8,8)),$D$40) | F40: =IF($E$40<>$E$39,1,0)
A41: 9 | B41: =IF(AND($B$9=1,INDEX($EL$14:$EL$29,($E$40+IF(MOD(INT($E$40/1),2)=1,-1,1))+1)>INDEX($EL$14:$EL$29,$E$40+1)+0.000001),($E$40+IF(MOD(INT($E$40/1),2)=1,-1,1)),$E$40) | C41: =IF(AND($C$9=1,INDEX($EM$14:$EM$29,($B$41+IF(MOD(INT($B$41/2),2)=1,-2,2))+1)>INDEX($EM$14:$EM$29,$B$41+1)+0.000001),($B$41+IF(MOD(INT($B$41/2),2)=1,-2,2)),$B$41) | D41: =IF(AND($D$9=1,INDEX($EN$14:$EN$29,($C$41+IF(MOD(INT($C$41/4),2)=1,-4,4))+1)>INDEX($EN$14:$EN$29,$C$41+1)+0.000001),($C$41+IF(MOD(INT($C$41/4),2)=1,-4,4)),$C$41) | E41: =IF(AND($E$9=1,INDEX($EO$14:$EO$29,($D$41+IF(MOD(INT($D$41/8),2)=1,-8,8))+1)>INDEX($EO$14:$EO$29,$D$41+1)+0.000001),($D$41+IF(MOD(INT($D$41/8),2)=1,-8,8)),$D$41) | F41: =IF($E$41<>$E$40,1,0)
A42: 10 | B42: =IF(AND($B$9=1,INDEX($EL$14:$EL$29,($E$41+IF(MOD(INT($E$41/1),2)=1,-1,1))+1)>INDEX($EL$14:$EL$29,$E$41+1)+0.000001),($E$41+IF(MOD(INT($E$41/1),2)=1,-1,1)),$E$41) | C42: =IF(AND($C$9=1,INDEX($EM$14:$EM$29,($B$42+IF(MOD(INT($B$42/2),2)=1,-2,2))+1)>INDEX($EM$14:$EM$29,$B$42+1)+0.000001),($B$42+IF(MOD(INT($B$42/2),2)=1,-2,2)),$B$42) | D42: =IF(AND($D$9=1,INDEX($EN$14:$EN$29,($C$42+IF(MOD(INT($C$42/4),2)=1,-4,4))+1)>INDEX($EN$14:$EN$29,$C$42+1)+0.000001),($C$42+IF(MOD(INT($C$42/4),2)=1,-4,4)),$C$42) | E42: =IF(AND($E$9=1,INDEX($EO$14:$EO$29,($D$42+IF(MOD(INT($D$42/8),2)=1,-8,8))+1)>INDEX($EO$14:$EO$29,$D$42+1)+0.000001),($D$42+IF(MOD(INT($D$42/8),2)=1,-8,8)),$D$42) | F42: =IF($E$42<>$E$41,1,0)
A43: 11 | B43: =IF(AND($B$9=1,INDEX($EL$14:$EL$29,($E$42+IF(MOD(INT($E$42/1),2)=1,-1,1))+1)>INDEX($EL$14:$EL$29,$E$42+1)+0.000001),($E$42+IF(MOD(INT($E$42/1),2)=1,-1,1)),$E$42) | C43: =IF(AND($C$9=1,INDEX($EM$14:$EM$29,($B$43+IF(MOD(INT($B$43/2),2)=1,-2,2))+1)>INDEX($EM$14:$EM$29,$B$43+1)+0.000001),($B$43+IF(MOD(INT($B$43/2),2)=1,-2,2)),$B$43) | D43: =IF(AND($D$9=1,INDEX($EN$14:$EN$29,($C$43+IF(MOD(INT($C$43/4),2)=1,-4,4))+1)>INDEX($EN$14:$EN$29,$C$43+1)+0.000001),($C$43+IF(MOD(INT($C$43/4),2)=1,-4,4)),$C$43) | E43: =IF(AND($E$9=1,INDEX($EO$14:$EO$29,($D$43+IF(MOD(INT($D$43/8),2)=1,-8,8))+1)>INDEX($EO$14:$EO$29,$D$43+1)+0.000001),($D$43+IF(MOD(INT($D$43/8),2)=1,-8,8)),$D$43) | F43: =IF($E$43<>$E$42,1,0)
A44: 12 | B44: =IF(AND($B$9=1,INDEX($EL$14:$EL$29,($E$43+IF(MOD(INT($E$43/1),2)=1,-1,1))+1)>INDEX($EL$14:$EL$29,$E$43+1)+0.000001),($E$43+IF(MOD(INT($E$43/1),2)=1,-1,1)),$E$43) | C44: =IF(AND($C$9=1,INDEX($EM$14:$EM$29,($B$44+IF(MOD(INT($B$44/2),2)=1,-2,2))+1)>INDEX($EM$14:$EM$29,$B$44+1)+0.000001),($B$44+IF(MOD(INT($B$44/2),2)=1,-2,2)),$B$44) | D44: =IF(AND($D$9=1,INDEX($EN$14:$EN$29,($C$44+IF(MOD(INT($C$44/4),2)=1,-4,4))+1)>INDEX($EN$14:$EN$29,$C$44+1)+0.000001),($C$44+IF(MOD(INT($C$44/4),2)=1,-4,4)),$C$44) | E44: =IF(AND($E$9=1,INDEX($EO$14:$EO$29,($D$44+IF(MOD(INT($D$44/8),2)=1,-8,8))+1)>INDEX($EO$14:$EO$29,$D$44+1)+0.000001),($D$44+IF(MOD(INT($D$44/8),2)=1,-8,8)),$D$44) | F44: =IF($E$44<>$E$43,1,0)
A45: 13 | B45: =IF(AND($B$9=1,INDEX($EL$14:$EL$29,($E$44+IF(MOD(INT($E$44/1),2)=1,-1,1))+1)>INDEX($EL$14:$EL$29,$E$44+1)+0.000001),($E$44+IF(MOD(INT($E$44/1),2)=1,-1,1)),$E$44) | C45: =IF(AND($C$9=1,INDEX($EM$14:$EM$29,($B$45+IF(MOD(INT($B$45/2),2)=1,-2,2))+1)>INDEX($EM$14:$EM$29,$B$45+1)+0.000001),($B$45+IF(MOD(INT($B$45/2),2)=1,-2,2)),$B$45) | D45: =IF(AND($D$9=1,INDEX($EN$14:$EN$29,($C$45+IF(MOD(INT($C$45/4),2)=1,-4,4))+1)>INDEX($EN$14:$EN$29,$C$45+1)+0.000001),($C$45+IF(MOD(INT($C$45/4),2)=1,-4,4)),$C$45) | E45: =IF(AND($E$9=1,INDEX($EO$14:$EO$29,($D$45+IF(MOD(INT($D$45/8),2)=1,-8,8))+1)>INDEX($EO$14:$EO$29,$D$45+1)+0.000001),($D$45+IF(MOD(INT($D$45/8),2)=1,-8,8)),$D$45) | F45: =IF($E$45<>$E$44,1,0)
A46: 14 | B46: =IF(AND($B$9=1,INDEX($EL$14:$EL$29,($E$45+IF(MOD(INT($E$45/1),2)=1,-1,1))+1)>INDEX($EL$14:$EL$29,$E$45+1)+0.000001),($E$45+IF(MOD(INT($E$45/1),2)=1,-1,1)),$E$45) | C46: =IF(AND($C$9=1,INDEX($EM$14:$EM$29,($B$46+IF(MOD(INT($B$46/2),2)=1,-2,2))+1)>INDEX($EM$14:$EM$29,$B$46+1)+0.000001),($B$46+IF(MOD(INT($B$46/2),2)=1,-2,2)),$B$46) | D46: =IF(AND($D$9=1,INDEX($EN$14:$EN$29,($C$46+IF(MOD(INT($C$46/4),2)=1,-4,4))+1)>INDEX($EN$14:$EN$29,$C$46+1)+0.000001),($C$46+IF(MOD(INT($C$46/4),2)=1,-4,4)),$C$46) | E46: =IF(AND($E$9=1,INDEX($EO$14:$EO$29,($D$46+IF(MOD(INT($D$46/8),2)=1,-8,8))+1)>INDEX($EO$14:$EO$29,$D$46+1)+0.000001),($D$46+IF(MOD(INT($D$46/8),2)=1,-8,8)),$D$46) | F46: =IF($E$46<>$E$45,1,0)
A47: 15 | B47: =IF(AND($B$9=1,INDEX($EL$14:$EL$29,($E$46+IF(MOD(INT($E$46/1),2)=1,-1,1))+1)>INDEX($EL$14:$EL$29,$E$46+1)+0.000001),($E$46+IF(MOD(INT($E$46/1),2)=1,-1,1)),$E$46) | C47: =IF(AND($C$9=1,INDEX($EM$14:$EM$29,($B$47+IF(MOD(INT($B$47/2),2)=1,-2,2))+1)>INDEX($EM$14:$EM$29,$B$47+1)+0.000001),($B$47+IF(MOD(INT($B$47/2),2)=1,-2,2)),$B$47) | D47: =IF(AND($D$9=1,INDEX($EN$14:$EN$29,($C$47+IF(MOD(INT($C$47/4),2)=1,-4,4))+1)>INDEX($EN$14:$EN$29,$C$47+1)+0.000001),($C$47+IF(MOD(INT($C$47/4),2)=1,-4,4)),$C$47) | E47: =IF(AND($E$9=1,INDEX($EO$14:$EO$29,($D$47+IF(MOD(INT($D$47/8),2)=1,-8,8))+1)>INDEX($EO$14:$EO$29,$D$47+1)+0.000001),($D$47+IF(MOD(INT($D$47/8),2)=1,-8,8)),$D$47) | F47: =IF($E$47<>$E$46,1,0)
A48: 16 | B48: =IF(AND($B$9=1,INDEX($EL$14:$EL$29,($E$47+IF(MOD(INT($E$47/1),2)=1,-1,1))+1)>INDEX($EL$14:$EL$29,$E$47+1)+0.000001),($E$47+IF(MOD(INT($E$47/1),2)=1,-1,1)),$E$47) | C48: =IF(AND($C$9=1,INDEX($EM$14:$EM$29,($B$48+IF(MOD(INT($B$48/2),2)=1,-2,2))+1)>INDEX($EM$14:$EM$29,$B$48+1)+0.000001),($B$48+IF(MOD(INT($B$48/2),2)=1,-2,2)),$B$48) | D48: =IF(AND($D$9=1,INDEX($EN$14:$EN$29,($C$48+IF(MOD(INT($C$48/4),2)=1,-4,4))+1)>INDEX($EN$14:$EN$29,$C$48+1)+0.000001),($C$48+IF(MOD(INT($C$48/4),2)=1,-4,4)),$C$48) | E48: =IF(AND($E$9=1,INDEX($EO$14:$EO$29,($D$48+IF(MOD(INT($D$48/8),2)=1,-8,8))+1)>INDEX($EO$14:$EO$29,$D$48+1)+0.000001),($D$48+IF(MOD(INT($D$48/8),2)=1,-8,8)),$D$48) | F48: =IF($E$48<>$E$47,1,0)
A50: Converged? | B50: =IF(COUNTIF($F$33:$F$48,0)>0,1,0)
A51: Fallback (first stable, fewest conversions) | B51: =IF(COUNT($EV$14:$EV$29)>0,MOD(MIN($EV$14:$EV$29),100),-1)
A52: Chosen combination | B52: =IF(B50=1,$E$48,IF(B51>=0,B51,$E$48))

Sheet About
A1: Free template by Adlega
A2: Live calculator: https://adlega.com/blog/tools/liquidation-preference/
A3: Version: October 2026
A5: This template is a planning aid, not tax, legal or investment advice. Check the numbers with your own advisers before you act on them.
A6: Blue cells on a light yellow background are inputs. Every other number is a live Excel formula that mirrors the web calculator.
A8: Mechanics follow the NVCA model documents (Model Certificate of Incorporation, Oct 2025, s.2.1-2.2): non-participating preferred takes the greater of its preference or what it would get as converted; participating takes its preference and then shares the rest with common; capped participating stops at the cap or converts if that pays more.
A9: Standard seniority pays the newest round first; pari passu shares a shortfall in proportion to the full preference amounts.
A10: The Engine sheet works out every conversion combination and picks the stable one by the same best-response search the web calculator uses (start from nobody converting).
A11: Not included: the breakpoint search and exit-value sweep chart from the web page.
A13: Adlega is a financial forecasting and planning app for SaaS founders: https://adlega.com
